Workbook

Sheet DADOS DA OBRA
B10: DADOS DO EMPREENDIMENTO
B12: OBJETO
B13: DEMOLIÇÃO DO RESERVATÓRIO EXISTENTE, EXECUÇÃO DE RESERVATÓRIO METÁLICO ELEVADO E REESTRUTURAÇÃO (COM AMPLIAÇÃO) DA REDE DE DISTRIBUIÇÃO DE ÁGUA TRATADA EXISTENTE NO MUNICÍPIO DE MATRINCHÃ
B15: ENDEREÇO
B16: RUAS DIVERSAS
B18: Bairro | J18: Cidade | P18: UF
B19: DIVERSOS | J19: MATRINCHÃ | P19: GO
B21: Área Total de Construção | F21: BDI | J21: ENCARGOS SOCIAIS HORISTAS | N21: Data do Orçamento
F22: ='BDI NORMAL (SD) '!F21/100 -> 0.2464 | J22: ='ENCARGOS SOCIAIS'!D43 -> 0.8163 | N22: 04/11/2024
B24: Prazo | F24: BDI REDUZIDO | J24: ENCARGOS SOCIAIS MENSALISTAS | N24: Revisão
B25: 04 MESES | F25: ='BDI DIFERENCIADO (SD) '!F21/100 -> 0.1419 | J25: ='ENCARGOS SOCIAIS'!E43 -> 0.4528 | N25: 00
B27: BASE
B28: GOINFRA CIVIL-06/2024, GOINFRA RODOVIÁRIA-06/2024, SINAPI-08/2024, ORSE-06/2024, SENFRA-CE-028, SCO-08/2024, CPOS-06/2024, EMBASA-05/2024, SIURB-01/2024

Sheet CAPA - ORÇAMENTO
C9: ORÇAMENTO
C15: OBJETO: | D15: =+'DADOS DA OBRA'!B13 -> DEMOLIÇÃO DO RESERVATÓRIO EXISTENTE, EXECUÇÃO DE RESERVATÓRIO METÁLICO ELEVADO E REESTRUTURAÇÃO (COM AMPLIAÇÃO) DA REDE DE DISTRIBUIÇÃO DE ÁGUA TRATADA EXISTENTE NO MUNICÍPIO DE MATRINCHÃ
C16: LOCAL: | D16: ='ORÇAMENTO RESUMO (SD)'!C4 -> RUAS DIVERSAS, MATRINCHÃ, GO
C17: DATA: | D17: ='ORÇAMENTO RESUMO (SD)'!G3 -> 04/11/2024
C18: RESPONSÁVEL: | D18: ENGENHEIRO CIVIL THIAGO ALVES SILVA
C19: CREA: | D19: 1004804750D-GO
C20: ART: | D20: 1020240293330

Sheet CAPA - VANTAJOSIDADE
C9: VANTAJOSIDADE

Sheet VANTAJOSIDADE
B1: CÁLCULO DE VANTAJOSIDADE
B4: OBJETO: | C4: ='DADOS DA OBRA'!$B$13 -> DEMOLIÇÃO DO RESERVATÓRIO EXISTENTE, EXECUÇÃO DE RESERVATÓRIO METÁLICO ELEVADO E REESTRUTURAÇÃO (COM AMPLIAÇÃO) DA REDE DE DISTRIBUIÇÃO DE ÁGUA TRATADA EXISTENTE NO MUNICÍPIO DE MATRINCHÃ | M4: DATA: | N4: ='DADOS DA OBRA'!$N$22 -> 04/11/2024
B5: LOCAL: | C5: =+""&'DADOS DA OBRA'!$B$16&", "&'DADOS DA OBRA'!$J$19&", "&'DADOS DA OBRA'!$P$19 -> RUAS DIVERSAS, MATRINCHÃ, GO | M5: REVISÃO: | N5: ='DADOS DA OBRA'!$N$25 -> 00
B7: O cálculo de vantajosidade se baseia na comparação direta entre os valores totais do orçamento e a escolha pelo que representa o menor valor, para tanto temos:
F10: a. Orçamento com desoneração: | J10: =+'ORÇAMENTO SINTÉTICO (CD)'!L285 -> 2173707.2
F11: b. Orçamento sem desoneração: | J11: ='ORÇAMENTO SINTÉTICO (SD)'!L285 -> 2129342.8
F13: % de Diferença (a / b) | K13: =(J10/J11)-1 -> 0.020834809
F15: ORÇAMENTO COM MELHOR VANTAJOSIDADE: | J15: =+IF(J11<J10,"SEM DESONERAÇÃO","COM DESONERAÇÃO") -> SEM DESONERAÇÃO

Sheet CAPA - ORÇAMENTO (SD)
C9: ORÇAMENTO SEM DESONERAÇÃO

Sheet ORÇAMENTO RESUMO (SD)
B1: ORÇAMENTO RESUMO SEM DESONERAÇÃO
B3: OBJETO: | C3: ='DADOS DA OBRA'!$B$13 -> DEMOLIÇÃO DO RESERVATÓRIO EXISTENTE, EXECUÇÃO DE RESERVATÓRIO METÁLICO ELEVADO E REESTRUTURAÇÃO (COM AMPLIAÇÃO) DA REDE DE DISTRIBUIÇÃO DE ÁGUA TRATADA EXISTENTE NO MUNICÍPIO DE MATRINCHÃ | F3: DATA: | G3: ='DADOS DA OBRA'!$N$22 -> 04/11/2024 | J3: ENCARGOS SOCIAIS HORISTAS: | K3: =+'ENCARGOS SOCIAIS'!F43 -> 1.0884
B4: LOCAL: | C4: =+""&'DADOS DA OBRA'!$B$16&", "&'DADOS DA OBRA'!$J$19&", "&'DADOS DA OBRA'!$P$19 -> RUAS DIVERSAS, MATRINCHÃ, GO | F4: REVISÃO: | G4: ='DADOS DA OBRA'!$N$25 -> 00 | J4: ENCARGOS SOCIAIS MENSALISTAS: | K4: =+'ENCARGOS SOCIAIS'!G43 -> 0.6724
B5: BASE: | C5: ='DADOS DA OBRA'!$B$28 -> GOINFRA CIVIL-06/2024, GOINFRA RODOVIÁRIA-06/2024, SINAPI-08/2024, ORSE-06/2024, SENFRA-CE-028, SCO-08/2024, CPOS-06/2024, EMBASA-05/2024, SIURB-01/2024 | F5: PRAZO: | G5: ='DADOS DA OBRA'!$B$25 -> 04 MESES | J5: BDI OBRA: | K5: ='ORÇAMENTO SINTÉTICO (SD)'!L5 -> 0.2464
J6: BDI DIFERENCIADO: | K6: =+'ORÇAMENTO SINTÉTICO (SD)'!L6 -> 0.1419
B8: Item | E8: Descrição | K8: Total
B9: 1 | E9: ADMINISTRAÇÃO LOCAL | K9: ='ORÇAMENTO SINTÉTICO (SD)'!L9 -> 125271.4
B10: 2 | E10: CANTEIRO DE OBRAS | K10: ='ORÇAMENTO SINTÉTICO (SD)'!L14 -> 198649.82
B11: 3 | E11: SERVIÇOS PRELIMINARES | K11: ='ORÇAMENTO SINTÉTICO (SD)'!L24 -> 36340
B12: 4 | E12: DEMOLIÇÕES | K12: ='ORÇAMENTO SINTÉTICO (SD)'!L32 -> 48722.83
B13: 5 | E13: MOVIMENTO DE TERRA | K13: ='ORÇAMENTO SINTÉTICO (SD)'!L38 -> 168993.37
B14: 6 | E14: FUNDAÇÕES | K14: ='ORÇAMENTO SINTÉTICO (SD)'!L51 -> 118158.17
B15: 7 | E15: ESTRUTURA DE CONCRETO | K15: ='ORÇAMENTO SINTÉTICO (SD)'!L78 -> 192932.75
B16: 8 | E16: ALVENARIAS E PAINÉIS | K16: ='ORÇAMENTO SINTÉTICO (SD)'!L93 -> 39639.52
B17: 9 | E17: ESQUADRIAS | K17: ='ORÇAMENTO SINTÉTICO (SD)'!L97 -> 15231.45
B18: 10 | E18: IMPERMEABILIZAÇÕES | K18: ='ORÇAMENTO SINTÉTICO (SD)'!L105 -> 300.17
B19: 11 | E19: REVESTIMENTO DE PAREDES | K19: ='ORÇAMENTO SINTÉTICO (SD)'!L111 -> 3100.34
B20: 12 | E20: PAVIMENTAÇÃO | K20: ='ORÇAMENTO SINTÉTICO (SD)'!L118 -> 86073.98
B21: 13 | E21: PINTURAS | K21: ='ORÇAMENTO SINTÉTICO (SD)'!L126 -> 2262.78
B22: 14 | E22: INSTALAÇÕES ELÉTRICAS | K22: ='ORÇAMENTO SINTÉTICO (SD)'!L132 -> 27051.01
B23: 15 | E23: INSTALAÇÕES DE SPDA | K23: ='ORÇAMENTO SINTÉTICO (SD)'!L171 -> 7684.85
B24: 16 | E24: INSTALAÇÕES HIDRÁULICAS - REDE DE ABASTECIMENTO | K24: ='ORÇAMENTO SINTÉTICO (SD)'!L190 -> 1042457.7
B25: 17 | E25: SERVIÇOS COMPLEMENTARES | K25: ='ORÇAMENTO SINTÉTICO (SD)'!L279 -> 16472.64
I27: Total sem BDI | K27: ='ORÇAMENTO SINTÉTICO (SD)'!L283 -> 1749888.1
I28: Total do BDI | K28: ='ORÇAMENTO SINTÉTICO (SD)'!L284 -> 379454.71
I29: Total Geral | K29: =SUM(K9:K25) -> 2129342.8

Sheet ORÇAMENTO SINTÉTICO (SD)
B1: ORÇAMENTO SINTÉTICO SEM DESONERAÇÃO
B3: OBJETO: | C3: ='DADOS DA OBRA'!$B$13 -> DEMOLIÇÃO DO RESERVATÓRIO EXISTENTE, EXECUÇÃO DE RESERVATÓRIO METÁLICO ELEVADO E REESTRUTURAÇÃO (COM AMPLIAÇÃO) DA REDE DE DISTRIBUIÇÃO DE ÁGUA TRATADA EXISTENTE NO MUNICÍPIO DE MATRINCHÃ | F3: DATA: | G3: ='DADOS DA OBRA'!$N$22 -> 04/11/2024 | K3: ENCARGOS SOCIAIS HORISTAS: | L3: ='ENCARGOS SOCIAIS'!F43 -> 1.0884
B4: LOCAL: | C4: =+""&'DADOS DA OBRA'!$B$16&", "&'DADOS DA OBRA'!$J$19&", "&'DADOS DA OBRA'!$P$19 -> RUAS DIVERSAS, MATRINCHÃ, GO | F4: REVISÃO: | G4: ='DADOS DA OBRA'!$N$25 -> 00 | K4: ENCARGOS SOCIAIS MENSALISTAS: | L4: ='ENCARGOS SOCIAIS'!G43 -> 0.6724
B5: BASE: | C5: ='DADOS DA OBRA'!$B$28 -> GOINFRA CIVIL-06/2024, GOINFRA RODOVIÁRIA-06/2024, SINAPI-08/2024, ORSE-06/2024, SENFRA-CE-028, SCO-08/2024, CPOS-06/2024, EMBASA-05/2024, SIURB-01/2024 | F5: PRAZO: | G5: ='DADOS DA OBRA'!$B$25 -> 04 MESES | K5: BDI OBRA: | L5: ='DADOS DA OBRA'!$F$22 -> 0.2464
K6: BDI DIFERENCIADO: | L6: ='DADOS DA OBRA'!$F$25 -> 0.1419
B8: Item | C8: Código | D8: Banco | E8: Descrição | F8: Und | G8: Qtd | H8: Valor Unit | I8: Valor Total sem BDI | J8: BDI | K8: Valor Unit com BDI | L8: Valor Total com BDI
B9: 1 | E9: ADMINISTRAÇÃO LOCAL | I9: =SUBTOTAL(9,I10:I13) -> 100528.2 | L9: =SUBTOTAL(9,L10:L13) -> 125271.4
B10: 1.1 | C10: 250101 | D10: GOINFRA CIVIL | E10: ENGENHEIRO - (OBRAS CIVIS) | F10: H | G10: 300 | H10: 96.79 | I10: =TRUNC(G10 * H10, 2) -> 29037 | J10: =+$L$5 -> 0.2464 | K10: =TRUNC(H10 * (1 + J10), 2) -> 120.63 | L10: =TRUNC(G10 * K10, 2) -> 36189
B11: 1.2 | C11: 250103 | D11: GOINFRA CIVIL | E11: ENCARREGADO - (OBRAS CIVIS) | F11: H | G11: 880 | H11: 26.12 | I11: =TRUNC(G11 * H11, 2) -> 22985.6 | J11: =+$L$5 -> 0.2464 | K11: =TRUNC(H11 * (1 + J11), 2) -> 32.55 | L11: =TRUNC(G11 * K11, 2) -> 28644
B12: 1.3 | C12: 250105 | D12: GOINFRA CIVIL | E12: ALMOXARIFE - (OBRAS CIVIS) | F12: H | G12: 880 | H12: 18.76 | I12: =TRUNC(G12 * H12, 2) -> 16508.8 | J12: =+$L$5 -> 0.2464 | K12: =TRUNC(H12 * (1 + J12), 2) -> 23.38 | L12: =TRUNC(G12 * K12, 2) -> 20574.4
B13: 1.4 | C13: 250110 | D13: GOINFRA CIVIL | E13: VIGIA DE OBRAS - (NOTURNO E NO SÁBADO/DOMINGO DIURNO) - O.C. | F13: H | G13: 1760 | H13: 18.18 | I13: =TRUNC(G13 * H13, 2) -> 31996.8 | J13: =+$L$5 -> 0.2464 | K13: =TRUNC(H13 * (1 + J13), 2) -> 22.65 | L13: =TRUNC(G13 * K13, 2) -> 39864
B14: 2 | E14: CANTEIRO DE OBRAS | G14: 1 | I14: =SUBTOTAL(9,I15:I23) -> 159399.3 | K14: =TRUNC(H14 * (1 + J14), 2) -> 0 | L14: =SUBTOTAL(9,L15:L23) -> 198649.82
B15: 2.1 | C15: 020212 | D15: GOINFRA CIVIL | E15: BARRACÃO DE OBRAS PADRÃO GOINFRA ( BLOCOS,COBERTURAS,PASSARELAS E MÓVEIS), SEM ALOJAMENTO E LAVANDERIA , COM PINTURA, EM CONSONÂNCIA COM AS NR | F15: m² | G15: 235.42 | H15: 304.16 | I15: =TRUNC(G15 * H15, 2) -> 71605.34 | J15: =+$L$5 -> 0.2464 | K15: =TRUNC(H15 * (1 + J15), 2) -> 379.1 | L15: =TRUNC(G15 * K15, 2) -> 89247.72
B16: 2.2 | C16: 020303 | D16: GOINFRA CIVIL | E16: DEPÓSITO PARA CIMENTO TIPO II COM PINTURA PADRÃO GOINFRA (3,30 X 3,30 M) A=10,89 M2 (C/ REAPROV. 1 VEZ ) - INCLUSO PALETES | F16: un | G16: 1 | H16: 3684.39 | I16: =TRUNC(G16 * H16, 2) -> 3684.39 | J16: =+$L$5 -> 0.2464 | K16: =TRUNC(H16 * (1 + J16), 2) -> 4592.22 | L16: =TRUNC(G16 * K16, 2) -> 4592.22
B17: 2.3 | C17: 020400 | D17: GOINFRA CIVIL | E17: LIGAÇÃO PROVISÓRIA DE ÁGUA (INCLUSO RETIRADA DO ESGOTO SANITÁRIO) - PD. GOINFRA | F17: Un | G17: 1 | H17: 3342.16 | I17: =TRUNC(G17 * H17, 2) -> 3342.16 | J17: =+$L$5 -> 0.2464 | K17: =TRUNC(H17 * (1 + J17), 2) -> 4165.66 | L17: =TRUNC(G17 * K17, 2) -> 4165.66
B18: 2.4 | C18: 020501 | D18: GOINFRA CIVIL | E18: LIGAÇÃO PROVISÓRIA LUZ E FORÇA - PD. GOINFRA | F18: Un | G18: 1 | H18: 4829.81 | I18: =TRUNC(G18 * H18, 2) -> 4829.81 | J18: =+$L$5 -> 0.2464 | K18: =TRUNC(H18 * (1 + J18), 2) -> 6019.87 | L18: =TRUNC(G18 * K18, 2) -> 6019.87
B19: 2.5 | C19: 021602 | D19: GOINFRA CIVIL | E19: EPI/PGR/PCMSO/EXAMES/TREINAMENTOS/VISITAS - ÁREAS EDIFICADAS/COBERTAS/FECHADAS | F19: m² | G19: 451.2 | H19: 47.75 | I19: =TRUNC(G19 * H19, 2) -> 21544.8 | J19: =+$L$5 -> 0.2464 | K19: =TRUNC(H19 * (1 + J19), 2) -> 59.51 | L19: =TRUNC(G19 * K19, 2) -> 26850.91
B20: 2.6 | C20: 020200 | D20: GOINFRA CIVIL | E20: FERRAMENTAS (MANUAIS/ELÉTRICAS) E MATERIAL DE LIMPEZA PERMANENTE DA OBRA - ÁREAS EDIFICADAS/COBERTAS/FECHADAS | F20: m² | G20: 902.4 | H20: 7.39 | I20: =TRUNC(G20 * H20, 2) -> 6668.73 | J20: =+$L$5 -> 0.2464 | K20: =TRUNC(H20 * (1 + J20), 2) -> 9.21 | L20: =TRUNC(G20 * K20, 2) -> 8311.1
B21: 2.7 | C21: 021301 | D21: GOINFRA CIVIL | E21: PLACA DE OBRA PLOTADA EM CHAPA METÁLICA 26 , AFIXADA EM CAVALETES DE MADEIRA DE LEI (VIGOTAS 6X12CM) - PADRÃO GOINFRA | F21: m² | G21: 7.5 | H21: 386.74 | I21: =TRUNC(G21 * H21, 2) -> 2900.55 | J21: =+$L$5 -> 0.2464 | K21: =TRUNC(H21 * (1 + J21), 2) -> 482.03 | L21: =TRUNC(G21 * K21, 2) -> 3615.22
B22: 2.8 | C22: 271502 | D22: GOINFRA CIVIL | E22: CANTINA - (OBRAS CIVIS) | F22: RE | G22: 1736 | H22: 22.5 | I22: =TRUNC(G22 * H22, 2) -> 39060 | J22: =+$L$5 -> 0.2464 | K22: =TRUNC(H22 * (1 + J22), 2) -> 28.04 | L22: =TRUNC(G22 * K22, 2) -> 48677.44
B23: 2.9 | C23: 271500 | D23: GOINFRA CIVIL | E23: CAFE DA MANHA | F23: RE | G23: 1736 | H23: 3.32 | I23: =TRUNC(G23 * H23, 2) -> 5763.52 | J23: =+$L$5 -> 0.2464 | K23: =TRUNC(H23 * (1 + J23), 2) -> 4.13 | L23: =TRUNC(G23 * K23, 2) -> 7169.68
B24: 3 | E24: SERVIÇOS PRELIMINARES | I24: =SUBTOTAL(9,I25:I31) -> 29159.8 | K24: =TRUNC(H24 * (1 + J24), 2) -> 0 | L24: =SUBTOTAL(9,L25:L31) -> 36340
B25: 3.1 | C25: 020190 | D25: GOINFRA CIVIL | E25: LIMPEZA MECÂNICA DE TERRENO | F25: m² | G25: 592.63 | H25: 0.23 | I25: =TRUNC(G25 * H25, 2) -> 136.3 | J25: =+$L$5 -> 0.2464 | K25: =TRUNC(H25 * (1 + J25), 2) -> 0.28 | L25: =TRUNC(G25 * K25, 2) -> 165.93
B26: 3.2 | C26: 020702 | D26: GOINFRA CIVIL | E26: LOCAÇÃO DE OBRAS DE PEQUENO PORTE COM CAVALETE, INCLUSO PINTURA (FACE INTERNA DO SARRAFO 10CM) E PIQUETE COM TESTEMUNHA | F26: m² | G26: 58.89 | H26: 5.51 | I26: =TRUNC(G26 * H26, 2) -> 324.48 | J26: =+$L$5 -> 0.2464 | K26: =TRUNC(H26 * (1 + J26), 2) -> 6.86 | L26: =TRUNC(G26 * K26, 2) -> 403.98
B27: 3.3 | C27: 050250 | D27: GOINFRA CIVIL | E27: TRAÇO DE CONCRETO | F27: Un | G27: 1 | H27: 1486.62 | I27: =TRUNC(G27 * H27, 2) -> 1486.62 | J27: =+$L$5 -> 0.2464 | K27: =TRUNC(H27 * (1 + J27), 2) -> 1852.92 | L27: =TRUNC(G27 * K27, 2) -> 1852.92
B28: 3.4 | C28: 050251 | D28: GOINFRA CIVIL | E28: CORPO DE PROVA | F28: Un | G28: 42 | H28: 15 | I28: =TRUNC(G28 * H28, 2) -> 630 | J28: =+$L$5 -> 0.2464 | K28: =TRUNC(H28 * (1 + J28), 2) -> 18.69 | L28: =TRUNC(G28 * K28, 2) -> 784.98
B29: 3.5 | C29: SEINFRA-0131 | D29: Próprio | E29: PLACA DE SINALIZACAO PARA OBRA NA VIA PUBLICA, TIPO CAVALETE ARTICULADO, CONFECCIONADO EM CHAPA PET 2,4MM, FUNDO, TEXTOS E SIMBOLOS EM VINIL AUTO ADESIVO, ESTRUTURA EM ACO TRATADO A BASE DE WASH PRIMER, PINTADO PELO PROCESSO ELETROSTATICO, NAS DIMENSOES DE 0,60M X 1,00M. FORNECIMENTO. (ADAPTADO DE SCO AD 20.25.0210) | F29: un | G29: 10 | H29: 576 | I29: =TRUNC(G29 * H29, 2) -> 5760 | J29: =+$L$5 -> 0.2464 | K29: =TRUNC(H29 * (1 + J29), 2) -> 717.92 | L29: =TRUNC(G29 * K29, 2) -> 7179.2
B30: 3.6 | C30: SEINFRA-0132 | D30: Próprio | E30: CONE PLASTICO PARA SINALIZAÇÃO | F30: UN | G30: 20 | H30: 36.9 | I30: =TRUNC(G30 * H30, 2) -> 738 | J30: =+$L$5 -> 0.2464 | K30: =TRUNC(H30 * (1 + J30), 2) -> 45.99 | L30: =TRUNC(G30 * K30, 2) -> 919.8
B31: 3.7 | C31: 42301 | D31: GOINFRA RODOVIARIA | E31: MOBILIZAÇÃO / DESMOBILIZAÇÃO - CONFORME DEMONSTRATIVO | F31: un | G31: 1 | H31: 20084.4 | I31: =TRUNC(G31 * H31, 2) -> 20084.4 | J31: =+$L$5 -> 0.2464 | K31: =TRUNC(H31 * (1 + J31), 2) -> 25033.19 | L31: =TRUNC(G31 * K31, 2) -> 25033.19
B32: 4 | E32: DEMOLIÇÕES | I32: =SUBTOTAL(9,I33:I37) -> 39096.13 | K32: =TRUNC(H32 * (1 + J32), 2) -> 0 | L32: =SUBTOTAL(9,L33:L37) -> 48722.83
B33: 4.1 | C33: SEINFRA-0111 | D33: Próprio | E33: DEMOLIÇÃO DE LAJES, EM CONCRETO ARMADO, DE FORMA MECANIZADA COM MARTELETE, SEM REAPROVEITAMENTO. (ADAPTADO DE SINAPI 97629) | F33: m³ | G33: 39.14 | H33: 80.02 | I33: =TRUNC(G33 * H33, 2) -> 3131.98 | J33: =+$L$5 -> 0.2464 | K33: =TRUNC(H33 * (1 + J33), 2) -> 99.73 | L33: =TRUNC(G33 * K33, 2) -> 3903.43
B34: 4.2 | C34: SEINFRA-0112 | D34: Próprio | E34: DEMOLIÇÃO DE PILARES E VIGAS EM CONCRETO ARMADO, DE FORMA MECANIZADA COM MARTELETE, SEM REAPROVEITAMENTO. (ADAPTADO DE SINAPI 97627) | F34: m³ | G34: 12 | H34: 171.85 | I34: =TRUNC(G34 * H34, 2) -> 2062.2 | J34: =+$L$5 -> 0.2464 | K34: =TRUNC(H34 * (1 + J34), 2) -> 214.19 | L34: =TRUNC(G34 * K34, 2) -> 2570.28
B35: 4.3 | C35: 020130 | D35: GOINFRA CIVIL | E35: DEMOLIÇÃO MANUAL DE ALAMBRADO - POSTE DE CONCRETO/TELA/VIGA COM TRANSPORTE ATE CAÇAMBA E CARGA | F35: m | G35: 57.7 | H35: 20.34 | I35: =TRUNC(G35 * H35, 2) -> 1173.61 | J35: =+$L$5 -> 0.2464 | K35: =TRUNC(H35 * (1 + J35), 2) -> 25.35 | L35: =TRUNC(G35 * K35, 2) -> 1462.69
B36: 4.4 | C36: SEINFRA-0117 | D36: Próprio | E36: DEMOLIÇÃO PARCIAL DE PAVIMENTO ASFÁLTICO, DE FORMA MECANIZADA, SEM REAPROVEITAMENTO. (ADAPTADO DE SINAPI 97636) | F36: m² | G36: 241.75 | H36: 21.11 | I36: =TRUNC(G36 * H36, 2) -> 5103.34 | J36: =+$L$5 -> 0.2464 | K36: =TRUNC(H36 * (1 + J36), 2) -> 26.31 | L36: =TRUNC(G36 * K36, 2) -> 6360.44
B37: 4.5 | C37: 030101 | D37: GOINFRA CIVIL | E37: TRANSPORTE DE ENTULHO EM CAMINHÃO INCLUSO A CARGA MANUAL | F37: m³ | G37: 584.78 | H37: 47.24 | I37: =TRUNC(G37 * H37, 2) -> 27625 | J37: =+$L$5 -> 0.2464 | K37: =TRUNC(H37 * (1 + J37), 2) -> 58.87 | L37: =TRUNC(G37 * K37, 2) -> 34425.99
B38: 5 | E38: MOVIMENTO DE TERRA | I38: =SUBTOTAL(9,I39:I50) -> 135659.17 | K38: =TRUNC(H38 * (1 + J38), 2) -> 0 | L38: =SUBTOTAL(9,L39:L50) -> 168993.37
B39: 5.1 | C39: 040101 | D39: GOINFRA CIVIL | E39: ESCAVACAO MANUAL DE VALAS < 1 MTS. (OBRAS CIVIS) | F39: m³ | G39: 33.02 | H39: 37.51 | I39: =TRUNC(G39 * H39, 2) -> 1238.58 | J39: =+$L$5 -> 0.2464 | K39: =TRUNC(H39 * (1 + J39), 2) -> 46.75 | L39: =TRUNC(G39 * K39, 2) -> 1543.68
B40: 5.2 | C40: 040103 | D40: GOINFRA CIVIL | E40: ESCAVAÇAO MANUAL DE VALAS PROF. 1 A 2 M | F40: m³ | G40: 51.93 | H40: 47.5 | I40: =TRUNC(G40 * H40, 2) -> 2466.67 | J40: =+$L$5 -> 0.2464 | K40: =TRUNC(H40 * (1 + J40), 2) -> 59.2 | L40: =TRUNC(G40 * K40, 2) -> 3074.25
B41: 5.3 | C41: 041004 | D41: GOINFRA CIVIL | E41: ESCAVACAO MECANICA | F41: m³ | G41: 4125.12 | H41: 2.22 | I41: =TRUNC(G41 * H41, 2) -> 9157.76 | J41: =+$L$5 -> 0.2464 | K41: =TRUNC(H41 * (1 + J41), 2) -> 2.76 | L41: =TRUNC(G41 * K41, 2) -> 11385.33
B42: 5.4 | C42: 050901 | D42: GOINFRA CIVIL | E42: ESCAVACAO MANUAL DE VALAS (SAPATAS/BLOCOS) | F42: m³ | G42: 33.9 | H42: 47.5 | I42: =TRUNC(G42 * H42, 2) -> 1610.25 | J42: =+$L$5 -> 0.2464 | K42: =TRUNC(H42 * (1 + J42), 2) -> 59.2 | L42: =TRUNC(G42 * K42, 2) -> 2006.88
B43: 5.5 | C43: 041002 | D43: GOINFRA CIVIL | E43: APILOAMENTO | F43: m² | G43: 3366.29 | H43: 5.84 | I43: =TRUNC(G43 * H43, 2) -> 19659.13 | J43: =+$L$5 -> 0.2464 | K43: =TRUNC(H43 * (1 + J43), 2) -> 7.27 | L43: =TRUNC(G43 * K43, 2) -> 24472.92
B44: 5.6 | C44: 041146 | D44: GOINFRA CIVIL | E44: FORNECIMENTO DE SOLO PARA ATERRO - EXCLUSO TRANSPORTE PARA OBRA | F44: m³ | G44: 5.17 | H44: 18.96 | I44: =TRUNC(G44 * H44, 2) -> 98.02 | J44: =+$L$5 -> 0.2464 | K44: =TRUNC(H44 * (1 + J44), 2) -> 23.63 | L44: =TRUNC(G44 * K44, 2) -> 122.16
B45: 5.7 | C45: 041006 | D45: GOINFRA CIVIL | E45: TRANSPORTE DE MATERIAL ESCAVADO M3.KM | F45: m3km | G45: 33.62 | H45: 2.64 | I45: =TRUNC(G45 * H45, 2) -> 88.75 | J45: =+$L$5 -> 0.2464 | K45: =TRUNC(H45 * (1 + J45), 2) -> 3.29 | L45: =TRUNC(G45 * K45, 2) -> 110.6
B46: 5.8 | C46: 051027 | D46: GOINFRA CIVIL | E46: LASTRO DE BRITA (OBRAS CIVIS) | F46: m³ | G46: 168.34 | H46: 215.03 | I46: =TRUNC(G46 * H46, 2) -> 36198.15 | J46: =+$L$5 -> 0.2464 | K46: =TRUNC(H46 * (1 + J46), 2) -> 268.01 | L46: =TRUNC(G46 * K46, 2) -> 45116.8
B47: 5.9 | C47: 041013 | D47: GOINFRA CIVIL | E47: COMPACTAÇÃO MECÂNICA DE SOLO COM COMPACTADOR DE PERCUSSÃO (SAPO MECÂNICO) | F47: m³ | G47: 3204.1 | H47: 6.93 | I47: =TRUNC(G47 * H47, 2) -> 22204.41 | J47: =+$L$5 -> 0.2464 | K47: =TRUNC(H47 * (1 + J47), 2) -> 8.63 | L47: =TRUNC(G47 * K47, 2) -> 27651.38
B48: 5.10 | C48: 050905 | D48: GOINFRA CIVIL | E48: REATERRO COM APILOAMENTO MECÂNICO (BLOCOS/SAPATAS) | F48: m³ | G48: 93.53 | H48: 4.07 | I48: =TRUNC(G48 * H48, 2) -> 380.66 | J48: =+$L$5 -> 0.2464 | K48: =TRUNC(H48 * (1 + J48), 2) -> 5.07 | L48: =TRUNC(G48 * K48, 2) -> 474.19
B49: 5.11 | C49: 050903 | D49: GOINFRA CIVIL | E49: REATERRO COM APILOAMENTO MANUAL (BLOCOS/SAPATAS) | F49: m³ | G49: 881.37 | H49: 24.85 | I49: =TRUNC(G49 * H49, 2) -> 21902.04 | J49: =+$L$5 -> 0.2464 | K49: =TRUNC(H49 * (1 + J49), 2) -> 30.97 | L49: =TRUNC(G49 * K49, 2) -> 27296.02
B50: 5.12 | C50: SEINFRA-0105 | D50: Próprio | E50: ESCORAMENTO DE VALA, TIPO PONTALETEAMENTO, COM PROFUNDIDADE DE 0 A 1,5 M, LARGURA MENOR QUE 1,5 M. (ADAPTADO DE SINAPI 101570) | F50: m² | G50: 1057.05 | H50: 19.54 | I50: =TRUNC(G50 * H50, 2) -> 20654.75 | J50: =+$L$5 -> 0.2464 | K50: =TRUNC(H50 * (1 + J50), 2) -> 24.35 | L50: =TRUNC(G50 * K50, 2) -> 25739.16
B51: 6 | E51: FUNDAÇÕES | I51: =SUBTOTAL(9,I52:I77) -> 94814.01 | K51: =TRUNC(H51 * (1 + J51), 2) -> 0 | L51: =SUBTOTAL(9,L52:L77) -> 118158.17
B52: 6.1 | E52: CONTENÇÕES | I52: =SUBTOTAL(9,I53:I61) -> 9400.35 | K52: =TRUNC(H52 * (1 + J52), 2) -> 0 | L52: =SUBTOTAL(9,L53:L61) -> 11716.07
B53: 6.1.1 | C53: 051024 | D53: GOINFRA CIVIL | E53: PREPARO COM BETONEIRA E TRANSPORTE MANUAL DE CONCRETO PARA LASTRO - (O.C.) | F53: m³ | G53: 0.57 | H53: 477.34 | I53: =TRUNC(G53 * H53, 2) -> 272.08 | J53: =+$L$5 -> 0.2464 | K53: =TRUNC(H53 * (1 + J53), 2) -> 594.95 | L53: =TRUNC(G53 * K53, 2) -> 339.12
B54: 6.1.2 | C54: 051009 | D54: GOINFRA CIVIL | E54: FORMA TABUA PINHO PARA FUNDACOES U=3V - (OBRAS CIVIS) | F54: m² | G54: 13.56 | H54: 79.49 | I54: =TRUNC(G54 * H54, 2) -> 1077.88 | J54: =+$L$5 -> 0.2464 | K54: =TRUNC(H54 * (1 + J54), 2) -> 99.07 | L54: =TRUNC(G54 * K54, 2) -> 1343.38
B55: 6.1.3 | C55: 052003 | D55: GOINFRA CIVIL | E55: ACO CA-50A - 6,3 MM (1/4") - (OBRAS CIVIS) | F55: Kg | G55: 104.44 | H55: 11.04 | I55: =TRUNC(G55 * H55, 2) -> 1153.01 | J55: =+$L$5 -> 0.2464 | K55: =TRUNC(H55 * (1 + J55), 2) -> 13.76 | L55: =TRUNC(G55 * K55, 2) -> 1437.09
B56: 6.1.4 | C56: 052004 | D56: GOINFRA CIVIL | E56: ACO CA 50-A - 8,0 MM (5/16") - (OBRAS CIVIS) | F56: Kg | G56: 90.31 | H56: 10.97 | I56: =TRUNC(G56 * H56, 2) -> 990.7 | J56: =+$L$5 -> 0.2464 | K56: =TRUNC(H56 * (1 + J56), 2) -> 13.67 | L56: =TRUNC(G56 * K56, 2) -> 1234.53
B57: 6.1.5 | C57: 052005 | D57: GOINFRA CIVIL | E57: ACO CA-50A - 10,0 MM (3/8") - (OBRAS CIVIS) | F57: Kg | G57: 35.44 | H57: 10.76 | I57: =TRUNC(G57 * H57, 2) -> 381.33 | J57: =+$L$5 -> 0.2464 | K57: =TRUNC(H57 * (1 + J57), 2) -> 13.41 | L57: =TRUNC(G57 * K57, 2) -> 475.25
B58: 6.1.6 | C58: 052014 | D58: GOINFRA CIVIL | E58: ACO CA-60 - 5,0 MM - (OBRAS CIVIS) | F58: Kg | G58: 6.95 | H58: 12.72 | I58: =TRUNC(G58 * H58, 2) -> 88.4 | J58: =+$L$5 -> 0.2464 | K58: =TRUNC(H58 * (1 + J58), 2) -> 15.85 | L58: =TRUNC(G58 * K58, 2) -> 110.15
B59: 6.1.7 | C59: 051030 | D59: GOINFRA CIVIL | E59: PREPARO COM BETONEIRA E TRANSPORTE MANUAL DE CONCRETO FCK=25 MPA | F59: m³ | G59: 3.98 | H59: 524.19 | I59: =TRUNC(G59 * H59, 2) -> 2086.27 | J59: =+$L$5 -> 0.2464 | K59: =TRUNC(H59 * (1 + J59), 2) -> 653.35 | L59: =TRUNC(G59 * K59, 2) -> 2600.33
B60: 6.1.8 | C60: 051055 | D60: GOINFRA CIVIL | E60: LANÇAMENTO/APLICAÇÃO/ADENSAMENTO MANUAL DE CONCRETO - (O.C.) | F60: m³ | G60: 3.98 | H60: 52.04 | I60: =TRUNC(G60 * H60, 2) -> 207.11 | J60: =+$L$5 -> 0.2464 | K60: =TRUNC(H60 * (1 + J60), 2) -> 64.86 | L60: =TRUNC(G60 * K60, 2) -> 258.14
B61: 6.1.9 | C61: SEINFRA-0022 | D61: Próprio | E61: CORTINA CANALETA CONCRETO 14X19X39 PARA SER CHEIA CONCRETO ARMADO (0,0568M3/M2) - EXCLUSO O CONCRETO. (ADAPTADO DE GOINFRA CIVIL 110106) | F61: m² | G61: 30.16 | H61: 104.23 | I61: =TRUNC(G61 * H61, 2) -> 3143.57 | J61: =+$L$5 -> 0.2464 | K61: =TRUNC(H61 * (1 + J61), 2) -> 129.91 | L61: =TRUNC(G61 * K61, 2) -> 3918.08
B62: 6.2 | E62: ESTACAS | I62: =SUBTOTAL(9,I63:I68) -> 46233.7 | K62: =TRUNC(H62 * (1 + J62), 2) -> 0 | L62: =SUBTOTAL(9,L63:L68) -> 57614
B63: 6.2.1 | C63: SEINFRA-0023 | D63: Próprio | E63: ESTACA ESCAVADA MECANICAMENTE - Ø 400MM. (ADAPTADO DE ORSE 9950) | F63: m | G63: 300 | H63: 30.74 | I63: =TRUNC(G63 * H63, 2) -> 9222 | J63: =+$L$5 -> 0.2464 | K63: =TRUNC(H63 * (1 + J63), 2) -> 38.31 | L63: =TRUNC(G63 * K63, 2) -> 11493
B64: 6.2.2 | C64: 052003 | D64: GOINFRA CIVIL | E64: ACO CA-50A - 6,3 MM (1/4") - (OBRAS CIVIS) | F64: Kg | G64: 185.22 | H64: 11.04 | I64: =TRUNC(G64 * H64, 2) -> 2044.82 | J64: =+$L$5 -> 0.2464 | K64: =TRUNC(H64 * (1 + J64), 2) -> 13.76 | L64: =TRUNC(G64 * K64, 2) -> 2548.62
B65: 6.2.3 | C65: 052007 | D65: GOINFRA CIVIL | E65: ACO CA - 50 - 16,0 MM (5/8") - (OBRAS CIVIS) | F65: Kg | G65: 1136.16 | H65: 11.4 | I65: =TRUNC(G65 * H65, 2) -> 12952.22 | J65: =+$L$5 -> 0.2464 | K65: =TRUNC(H65 * (1 + J65), 2) -> 14.2 | L65: =TRUNC(G65 * K65, 2) -> 16133.47
B66: 6.2.4 | C66: 051030 | D66: GOINFRA CIVIL | E66: PREPARO COM BETONEIRA E TRANSPORTE MANUAL DE CONCRETO FCK=25 MPA | F66: m³ | G66: 37.7 | H66: 524.19 | I66: =TRUNC(G66 * H66, 2) -> 19761.96 | J66: =+$L$5 -> 0.2464 | K66: =TRUNC(H66 * (1 + J66), 2) -> 653.35 | L66: =TRUNC(G66 * K66, 2) -> 24631.29
B67: 6.2.5 | C67: 051055 | D67: GOINFRA CIVIL | E67: LANÇAMENTO/APLICAÇÃO/ADENSAMENTO MANUAL DE CONCRETO - (O.C.) | F67: m³ | G67: 37.7 | H67: 52.04 | I67: =TRUNC(G67 * H67, 2) -> 1961.9 | J67: =+$L$5 -> 0.2464 | K67: =TRUNC(H67 * (1 + J67), 2) -> 64.86 | L67: =TRUNC(G67 * K67, 2) -> 2445.22
B68: 6.2.6 | C68: SEINFRA-0024 | D68: Próprio | E68: ARRASAMENTO MECANICO DE ESTACA DE CONCRETO ARMADO, DIAMETROS DE ATÉ 40 CM. (ADAPTADO DE SINAPI 95601) | F68: UN | G68: 20 | H68: 14.54 | I68: =TRUNC(G68 * H68, 2) -> 290.8 | J68: =+$L$5 -> 0.2464 | K68: =TRUNC(H68 * (1 + J68), 2) -> 18.12 | L68: =TRUNC(G68 * K68, 2) -> 362.4
B69: 6.3 | E69: BLOCOS | I69: =SUBTOTAL(9,I70:I77) -> 39179.96 | K69: =TRUNC(H69 * (1 + J69), 2) -> 0 | L69: =SUBTOTAL(9,L70:L77) -> 48828.1
B70: 6.3.1 | C70: 051024 | D70: GOINFRA CIVIL | E70: PREPARO COM BETONEIRA E TRANSPORTE MANUAL DE CONCRETO PARA LASTRO - (O.C.) | F70: m³ | G70: 1.84 | H70: 477.34 | I70: =TRUNC(G70 * H70, 2) -> 878.3 | J70: =+$L$5 -> 0.2464 | K70: =TRUNC(H70 * (1 + J70), 2) -> 594.95 | L70: =TRUNC(G70 * K70, 2) -> 1094.7
B71: 6.3.2 | C71: 051009 | D71: GOINFRA CIVIL | E71: FORMA TABUA PINHO PARA FUNDACOES U=3V - (OBRAS CIVIS) | F71: m² | G71: 114.02 | H71: 79.49 | I71: =TRUNC(G71 * H71, 2) -> 9063.44 | J71: =+$L$5 -> 0.2464 | K71: =TRUNC(H71 * (1 + J71), 2) -> 99.07 | L71: =TRUNC(G71 * K71, 2) -> 11295.96
B72: 6.3.3 | C72: 052003 | D72: GOINFRA CIVIL | E72: ACO CA-50A - 6,3 MM (1/4") - (OBRAS CIVIS) | F72: Kg | G72: 157 | H72: 11.04 | I72: =TRUNC(G72 * H72, 2) -> 1733.28 | J72: =+$L$5 -> 0.2464 | K72: =TRUNC(H72 * (1 + J72), 2) -> 13.76 | L72: =TRUNC(G72 * K72, 2) -> 2160.32
B73: 6.3.4 | C73: 052004 | D73: GOINFRA CIVIL | E73: ACO CA 50-A - 8,0 MM (5/16") - (OBRAS CIVIS) | F73: Kg | G73: 42.83 | H73: 10.97 | I73: =TRUNC(G73 * H73, 2) -> 469.84 | J73: =+$L$5 -> 0.2464 | K73: =TRUNC(H73 * (1 + J73), 2) -> 13.67 | L73: =TRUNC(G73 * K73, 2) -> 585.48
B74: 6.3.5 | C74: 052007 | D74: GOINFRA CIVIL | E74: ACO CA - 50 - 16,0 MM (5/8") - (OBRAS CIVIS) | F74: Kg | G74: 534.63 | H74: 11.4 | I74: =TRUNC(G74 * H74, 2) -> 6094.78 | J74: =+$L$5 -> 0.2464 | K74: =TRUNC(H74 * (1 + J74), 2) -> 14.2 | L74: =TRUNC(G74 * K74, 2) -> 7591.74
B75: 6.3.6 | C75: 051030 | D75: GOINFRA CIVIL | E75: PREPARO COM BETONEIRA E TRANSPORTE MANUAL DE CONCRETO FCK=25 MPA | F75: m³ | G75: 33.75 | H75: 524.19 | I75: =TRUNC(G75 * H75, 2) -> 17691.41 | J75: =+$L$5 -> 0.2464 | K75: =TRUNC(H75 * (1 + J75), 2) -> 653.35 | L75: =TRUNC(G75 * K75, 2) -> 22050.56
B76: 6.3.7 | C76: 051055 | D76: GOINFRA CIVIL | E76: LANÇAMENTO/APLICAÇÃO/ADENSAMENTO MANUAL DE CONCRETO - (O.C.) | F76: m³ | G76: 33.75 | H76: 52.04 | I76: =TRUNC(G76 * H76, 2) -> 1756.35 | J76: =+$L$5 -> 0.2464 | K76: =TRUNC(H76 * (1 + J76), 2) -> 64.86 | L76: =TRUNC(G76 * K76, 2) -> 2189.02
B77: 6.3.8 | C77: SEINFRA-0119 | D77: Próprio | E77: CONCRETO CICLÓPICO FCK = 15MPA, 30% PEDRA DE MÃO EM VOLUME REAL, INCLUSIVE LANÇAMENTO. (ADAPTADO DE SINAPI 102487) | F77: m³ | G77: 2.38 | H77: 627.13 | I77: =TRUNC(G77 * H77, 2) -> 1492.56 | J77: =+$L$5 -> 0.2464 | K77: =TRUNC(H77 * (1 + J77), 2) -> 781.65 | L77: =TRUNC(G77 * K77, 2) -> 1860.32
B78: 7 | E78: ESTRUTURA DE CONCRETO | I78: =SUBTOTAL(9,I79:I92) -> 154815.16 | K78: =TRUNC(H78 * (1 + J78), 2) -> 0 | L78: =SUBTOTAL(9,L79:L92) -> 192932.75
B79: 7.1 | E79: FORMAS E ESCORAMENTOS | I79: =SUBTOTAL(9,I80:I80) -> 19442.52 | K79: =TRUNC(H79 * (1 + J79), 2) -> 0 | L79: =SUBTOTAL(9,L80:L80) -> 24232.86
B80: 7.1.1 | C80: 060214 | D80: GOINFRA CIVIL | E80: FORMA CHAPA DE COMPENSADO PLASTIFICADO 12 MM-VIGA/PILAR U=1V- (OBRAS CIVIS) | F80: m² | G80: 92.8 | H80: 209.51 | I80: =TRUNC(G80 * H80, 2) -> 19442.52 | J80: =+$L$5 -> 0.2464 | K80: =TRUNC(H80 * (1 + J80), 2) -> 261.13 | L80: =TRUNC(G80 * K80, 2) -> 24232.86
B81: 7.2 | E81: ARMAÇÃO | I81: =SUBTOTAL(9,I82:I87) -> 87707.92 | K81: =TRUNC(H81 * (1 + J81), 2) -> 0 | L81: =SUBTOTAL(9,L82:L87) -> 109291.04
B82: 7.2.1 | C82: 060303 | D82: GOINFRA CIVIL | E82: ACO CA-50-A - 6,3 MM (1/4") - (OBRAS CIVIS) | F82: Kg | G82: 23.99 | H82: 11.04 | I82: =TRUNC(G82 * H82, 2) -> 264.84 | J82: =+$L$5 -> 0.2464 | K82: =TRUNC(H82 * (1 + J82), 2) -> 13.76 | L82: =TRUNC(G82 * K82, 2) -> 330.1
B83: 7.2.2 | C83: 060304 | D83: GOINFRA CIVIL | E83: ACO CA-50 A - 8,0 MM (5/16") - (OBRAS CIVIS) | F83: Kg | G83: 694.95 | H83: 10.97 | I83: =TRUNC(G83 * H83, 2) -> 7623.6 | J83: =+$L$5 -> 0.2464 | K83: =TRUNC(H83 * (1 + J83), 2) -> 13.67 | L83: =TRUNC(G83 * K83, 2) -> 9499.96
B84: 7.2.3 | C84: 060305 | D84: GOINFRA CIVIL | E84: ACO CA-50A - 10,0 MM (3/8") - (OBRAS CIVIS) | F84: Kg | G84: 96.62 | H84: 10.76 | I84: =TRUNC(G84 * H84, 2) -> 1039.63 | J84: =+$L$5 -> 0.2464 | K84: =TRUNC(H84 * (1 + J84), 2) -> 13.41 | L84: =TRUNC(G84 * K84, 2) -> 1295.67
B85: 7.2.4 | C85: 060308 | D85: GOINFRA CIVIL | E85: ACO CA 50-A - 20,0 MM (3/4") - (OBRAS CIVIS) | F85: Kg | G85: 6101.94 | H85: 11.38 | I85: =TRUNC(G85 * H85, 2) -> 69440.07 | J85: =+$L$5 -> 0.2464 | K85: =TRUNC(H85 * (1 + J85), 2) -> 14.18 | L85: =TRUNC(G85 * K85, 2) -> 86525.5
B86: 7.2.5 | C86: 060310 | D86: GOINFRA CIVIL | E86: ACO CA 50-A - 25,0 MM (1") - (OBRAS CIVIS) | F86: Kg | G86: 819.92 | H86: 11.37 | I86: =TRUNC(G86 * H86, 2) -> 9322.49 | J86: =+$L$5 -> 0.2464 | K86: =TRUNC(H86 * (1 + J86), 2) -> 14.17 | L86: =TRUNC(G86 * K86, 2) -> 11618.26
B87: 7.2.6 | C87: 060314 | D87: GOINFRA CIVIL | E87: ACO CA - 60 - 5,0 MM - (OBRAS CIVIS) | F87: Kg | G87: 1.36 | H87: 12.72 | I87: =TRUNC(G87 * H87, 2) -> 17.29 | J87: =+$L$5 -> 0.2464 | K87: =TRUNC(H87 * (1 + J87), 2) -> 15.85 | L87: =TRUNC(G87 * K87, 2) -> 21.55
B88: 7.3 | E88: CONCRETO | I88: =SUBTOTAL(9,I89:I90) -> 47431.67 | K88: =TRUNC(H88 * (1 + J88), 2) -> 0 | L88: =SUBTOTAL(9,L89:L90) -> 59118.38
B89: 7.3.1 | C89: 060517 | D89: GOINFRA CIVIL | E89: PREPARO COM BETONEIRA E TRANSPORTE MANUAL DE CONCRETO FCK=25 MPA | F89: m³ | G89: 81.92 | H89: 524.19 | I89: =TRUNC(G89 * H89, 2) -> 42941.64 | J89: =+$L$5 -> 0.2464 | K89: =TRUNC(H89 * (1 + J89), 2) -> 653.35 | L89: =TRUNC(G89 * K89, 2) -> 53522.43
B90: 7.3.2 | C90: 060802 | D90: GOINFRA CIVIL | E90: LANÇAMENTO/APLICAÇÃO/ADENSAMENTO DE CONCRETO EM ESTRUTURA - (O.C.) | F90: m³ | G90: 81.92 | H90: 54.81 | I90: =TRUNC(G90 * H90, 2) -> 4490.03 | J90: =+$L$5 -> 0.2464 | K90: =TRUNC(H90 * (1 + J90), 2) -> 68.31 | L90: =TRUNC(G90 * K90, 2) -> 5595.95
B91: 7.4 | E91: DIVERSOS | I91: =SUBTOTAL(9,I92:I92) -> 233.05 | K91: =TRUNC(H91 * (1 + J91), 2) -> 0 | L91: =SUBTOTAL(9,L92:L92) -> 290.47
B92: 7.4.1 | C92: 061101 | D92: GOINFRA CIVIL | E92: FORRO EM LAJE PRE-MOLDADA INCLUSO CAPEAMENTO/ARMADURA DE DISTRIBUIÇÃO/ESCORAMENTO E FORMA/DESFORMA | F92: m² | G92: 1.89 | H92: 123.31 | I92: =TRUNC(G92 * H92, 2) -> 233.05 | J92: =+$L$5 -> 0.2464 | K92: =TRUNC(H92 * (1 + J92), 2) -> 153.69 | L92: =TRUNC(G92 * K92, 2) -> 290.47
B93: 8 | E93: ALVENARIAS E PAINÉIS | I93: =SUBTOTAL(9,I94:I96) -> 31804.09 | K93: =TRUNC(H93 * (1 + J93), 2) -> 0 | L93: =SUBTOTAL(9,L94:L96) -> 39639.52
B94: 8.1 | C94: 100102 | D94: GOINFRA CIVIL | E94: ALVENARIA DE TIJOLO COMUM 1/2 VEZ - ARGAMASSA (1CI | F94: m² | G94: 21.86 | H94: 98.81 | I94: =TRUNC(G94 * H94, 2) -> 2159.98 | J94: =+$L$5 -> 0.2464 | K94: =TRUNC(H94 * (1 + J94), 2) -> 123.15 | L94: =TRUNC(G94 * K94, 2) -> 2692.05
B95: 8.2 | C95: SEINFRA-0107 | D95: Próprio | E95: MURO DIVISÓRIO EM BLOCO DE CONCRETO COM ACABAMENTO APARENTE, ESP. 15 CM, ALTURA DE 220 CM, COM ESTACA BROCA, PROF.: 250 CM, FORMA EM CONTRA BARRANCO, INCLUSIVE ESCAVAÇÃO COM TRANSPORTE E RETIRADA DO MATERIAL ESCAVADO (EM CAÇAMBA) | F95: m² | G95: 126.94 | H95: 229.98 | I95: =TRUNC(G95 * H95, 2) -> 29193.66 | J95: =+$L$5 -> 0.2464 | K95: =TRUNC(H95 * (1 + J95), 2) -> 286.64 | L95: =TRUNC(G95 * K95, 2) -> 36386.08
B96: 8.3 | C96: 100155 | D96: GOINFRA CIVIL | E96: ALVENARIA DE TIJOLO FURADO 1/2 VEZ 11,5 X 19 X 19 - ARG. ( 1 CALH | F96: m² | G96: 6.3 | H96: 71.5 | I96: =TRUNC(G96 * H96, 2) -> 450.45 | J96: =+$L$5 -> 0.2464 | K96: =TRUNC(H96 * (1 + J96), 2) -> 89.11 | L96: =TRUNC(G96 * K96, 2) -> 561.39
B97: 9 | E97: ESQUADRIAS | I97: =SUBTOTAL(9,I98:I104) -> 12220.44 | K97: =TRUNC(H97 * (1 + J97), 2) -> 0 | L97: =SUBTOTAL(9,L98:L104) -> 15231.45
B98: 9.1 | E98: ESQUADRIAS DE FERRO | I98: =SUBTOTAL(9,I99:I104) -> 12220.44 | K98: =TRUNC(H98 * (1 + J98), 2) -> 0 | L98: =SUBTOTAL(9,L99:L104) -> 15231.45
B99: 9.1.1 | C99: SEINFRA-0027 | D99: Próprio | E99: TAMPA DE INSPEÇÃO EM CHAPA METÁLICA DE 3/8". (ADAPTADO DE ORSE 4117) | F99: m² | G99: 9.12 | H99: 673.85 | I99: =TRUNC(G99 * H99, 2) -> 6145.51 | J99: =+$L$5 -> 0.2464 | K99: =TRUNC(H99 * (1 + J99), 2) -> 839.88 | L99: =TRUNC(G99 * K99, 2) -> 7659.7
B100: 9.1.2 | C100: 080840 | D100: GOINFRA CIVIL | E100: TAMPA T-5 ARTICULADA 20X20 | F100: Un | G100: 1 | H100: 38.97 | I100: =TRUNC(G100 * H100, 2) -> 38.97 | J100: =+$L$5 -> 0.2464 | K100: =TRUNC(H100 * (1 + J100), 2) -> 48.57 | L100: =TRUNC(G100 * K100, 2) -> 48.57
B101: 9.1.3 | C101: 180703 | D101: GOINFRA CIVIL | E101: ESCADA TIPO MARINHEIRO SEM GUARDA CORPO PADRÃO GOINFRA ( H <= 3M) | F101: m | G101: 3.2 | H101: 387.15 | I101: =TRUNC(G101 * H101, 2) -> 1238.88 | J101: =+$L$5 -> 0.2464 | K101: =TRUNC(H101 * (1 + J101), 2) -> 482.54 | L101: =TRUNC(G101 * K101, 2) -> 1544.12
B102: 9.1.4 | C102: 180280 | D102: GOINFRA CIVIL | E102: PORTÃO DE ABRIR 02 FOLHAS DE TELA/TUBO FoGo 1.1/2" PT1/PT2 C/FERRAGENS | F102: m² | G102: 7.4 | H102: 392.13 | I102: =TRUNC(G102 * H102, 2) -> 2901.76 | J102: =+$L$5 -> 0.2464 | K102: =TRUNC(H102 * (1 + J102), 2) -> 488.75 | L102: =TRUNC(G102 * K102, 2) -> 3616.75
...

Sheet COMPOSIÇÕES (SD)
A1: COMPOSIÇÃO DE PREÇOS UNITÁRIOS SEM DESONERAÇÃO
A3: OBJETO: | B3: ='DADOS DA OBRA'!$B$13 -> DEMOLIÇÃO DO RESERVATÓRIO EXISTENTE, EXECUÇÃO DE RESERVATÓRIO METÁLICO ELEVADO E REESTRUTURAÇÃO (COM AMPLIAÇÃO) DA REDE DE DISTRIBUIÇÃO DE ÁGUA TRATADA EXISTENTE NO MUNICÍPIO DE MATRINCHÃ | F3: DATA: | G3: ='DADOS DA OBRA'!$N$22 -> 04/11/2024 | J3: ENCARGOS SOCIAIS HORISTAS: | K3: =+'ORÇAMENTO SINTÉTICO (SD)'!L3 -> 1.0884
A4: LOCAL: | B4: =+""&'DADOS DA OBRA'!$B$16&", "&'DADOS DA OBRA'!$J$19&", "&'DADOS DA OBRA'!$P$19 -> RUAS DIVERSAS, MATRINCHÃ, GO | F4: REVISÃO: | G4: ='DADOS DA OBRA'!$N$25 -> 00 | J4: ENCARGOS SOCIAIS MENSALISTAS: | K4: =+'ORÇAMENTO SINTÉTICO (SD)'!L4 -> 0.6724
A5: BASE: | B5: ='DADOS DA OBRA'!$B$28 -> GOINFRA CIVIL-06/2024, GOINFRA RODOVIÁRIA-06/2024, SINAPI-08/2024, ORSE-06/2024, SENFRA-CE-028, SCO-08/2024, CPOS-06/2024, EMBASA-05/2024, SIURB-01/2024 | F5: PRAZO : | G5: ='DADOS DA OBRA'!$B$25 -> 04 MESES | J5: BDI OBRA: | K5: =+'ORÇAMENTO SINTÉTICO (SD)'!L5 -> 0.2464
J6: BDI DIFERENCIADO: | K6: =+'ORÇAMENTO SINTÉTICO (SD)'!L6 -> 0.1419
A8: Composições Principais
A9: 1.1 | B9: Código | C9: Banco | D9: Descrição | E9: Tipo | G9: Und | H9: Quant. | I9: Porcent. | J9: Valor Unit | K9: Total
A10: Composição | B10: 250101 | C10: AGETOP CIVIL | D10: ENGENHEIRO - (OBRAS CIVIS) | E10: 2501 | G10: H | H10: 1 | J10: 96.79 | K10: 96.79
A11: Insumo | B11: 0001 | C11: AGETOP CIVIL | D11: ENGENHEIRO | E11: Mão de Obra | G11: MES | H11: 1 | J11: 96.79 | K11: 96.79
E12: MO sem LS => | F12: 96.79 | G12: LS => | H12: 0 | I12: MO com LS => | J12: 96.79
E13: Valor do BDI => | F13: 23.849056 | H13: Valor com BDI => | J13: 120.63
A15: 1.2 | B15: Código | C15: Banco | D15: Descrição | E15: Tipo | G15: Und | H15: Quant. | I15: Porcent. | J15: Valor Unit | K15: Total
A16: Composição | B16: 250103 | C16: AGETOP CIVIL | D16: ENCARREGADO - (OBRAS CIVIS) | E16: 2501 | G16: H | H16: 1 | J16: 26.12 | K16: 26.12
A17: Insumo | B17: 0002 | C17: AGETOP CIVIL | D17: ENCARREGADO | E17: Mão de Obra | G17: MES | H17: 1 | J17: 26.12 | K17: 26.12
E18: MO sem LS => | F18: 26.12 | G18: LS => | H18: 0 | I18: MO com LS => | J18: 26.12
E19: Valor do BDI => | F19: 6.435968 | H19: Valor com BDI => | J19: 32.55
A21: 1.3 | B21: Código | C21: Banco | D21: Descrição | E21: Tipo | G21: Und | H21: Quant. | I21: Porcent. | J21: Valor Unit | K21: Total
A22: Composição | B22: 250105 | C22: AGETOP CIVIL | D22: ALMOXARIFE - (OBRAS CIVIS) | E22: 2501 | G22: H | H22: 1 | J22: 18.76 | K22: 18.76
A23: Insumo | B23: 0017 | C23: AGETOP CIVIL | D23: ALMOXARIFE/APONTADOR | E23: Mão de Obra | G23: MES | H23: 1 | J23: 18.76 | K23: 18.76
E24: MO sem LS => | F24: 18.76 | G24: LS => | H24: 0 | I24: MO com LS => | J24: 18.76
E25: Valor do BDI => | F25: 4.622464 | H25: Valor com BDI => | J25: 23.38
A27: 1.4 | B27: Código | C27: Banco | D27: Descrição | E27: Tipo | G27: Und | H27: Quant. | I27: Porcent. | J27: Valor Unit | K27: Total
A28: Composição | B28: 250110 | C28: AGETOP CIVIL | D28: VIGIA DE OBRAS - (NOTURNO E NO SÁBADO/DOMINGO DIURNO) - O.C. | E28: 2501 | G28: H | H28: 1 | J28: 18.18 | K28: 18.18
A29: Insumo | B29: 0037 | C29: AGETOP CIVIL | D29: VIGIA DE OBRA NOTURNO-SÁBADO/DOMINGO DIURNO (SALÁRIO X 1,5864) | E29: Mão de Obra | G29: MES | H29: 1 | J29: 18.18 | K29: 18.18
E30: MO sem LS => | F30: 18.18 | G30: LS => | H30: 0 | I30: MO com LS => | J30: 18.18
E31: Valor do BDI => | F31: 4.479552 | H31: Valor com BDI => | J31: 22.65
A33: 2.1 | B33: Código | C33: Banco | D33: Descrição | E33: Tipo | G33: Und | H33: Quant. | I33: Porcent. | J33: Valor Unit | K33: Total
A34: Composição | B34: 020212 | C34: AGETOP CIVIL | D34: BARRACÃO DE OBRAS PADRÃO GOINFRA ( BLOCOS,COBERTURAS,PASSARELAS E MÓVEIS), SEM ALOJAMENTO E LAVANDERIA , COM PINTURA, EM CONSONÂNCIA COM AS NR | E34: 202 | G34: m² | H34: 1 | J34: 304.16 | K34: 304.16
A35: Insumo | B35: 0005 | C35: AGETOP CIVIL | D35: SERVENTE | E35: Mão de Obra | G35: H | H35: 0.1114 | J35: 14.62 | K35: 1.62
A36: Insumo | B36: 0004 | C36: AGETOP CIVIL | D36: PEDREIRO | E36: Mão de Obra | G36: H | H36: 0.0768 | J36: 23.41 | K36: 1.79
A37: Insumo | B37: 0018 | C37: AGETOP CIVIL | D37: PINTOR | E37: Mão de Obra | G37: H | H37: 0.5639 | J37: 23.41 | K37: 13.2
A38: Insumo | B38: 0032 | C38: AGETOP CIVIL | D38: OPERADOR DE BETONEIRA | E38: Mão de Obra | G38: H | H38: 0.0323 | J38: 17.56 | K38: 0.56
A39: Insumo | B39: 0025 | C39: AGETOP CIVIL | D39: OFICIAL "B" | E39: Mão de Obra | G39: H | H39: 0.2863 | J39: 23.41 | K39: 6.7
A40: Insumo | B40: 0012 | C40: AGETOP CIVIL | D40: ELETRICISTA | E40: Mão de Obra | G40: H | H40: 0.0882 | J40: 23.41 | K40: 2.06
A41: Insumo | B41: 0011 | C41: AGETOP CIVIL | D41: ENCANADOR | E41: Mão de Obra | G41: H | H41: 0.1697 | J41: 23.41 | K41: 3.97
A42: Insumo | B42: 0008 | C42: AGETOP CIVIL | D42: AJUDANTE | E42: Mão de Obra | G42: H | H42: 1.3633 | J42: 16.04 | K42: 21.86
A43: Insumo | B43: 0020 | C43: AGETOP CIVIL | D43: CALHEIRO | E43: Mão de Obra | G43: H | H43: 0.0002 | J43: 21.01 | K43: 0
A44: Insumo | B44: 0010 | C44: AGETOP CIVIL | D44: CARPINTEIRO | E44: Mão de Obra | G44: H | H44: 0.7784 | J44: 23.41 | K44: 18.22
A45: Insumo | B45: 0023 | C45: AGETOP CIVIL | D45: APLICADOR DE EPOXI | E45: Mão de Obra | G45: H | H45: 0.0016 | J45: 23.41 | K45: 0.03
A46: Insumo | B46: H264 | C46: AGETOP CIVIL | D46: VASO SANITARIO CONVENCIONAL | E46: Material | G46: un | H46: 0.0048 | J46: 265.44 | K46: 1.27
... A160: Insumo | B160: 4056 | C160: AGETOP CIVIL | D160: CALHA DE SOBREPOR PARA 2 LAMPADAS TUBULARES 60 CM 8/10 W | E160: Material | G160: un | H160: 0.0135 | J160: 28.39 | K160: 0.38
E161: MO sem LS => | F161: 70.01 | G161: LS => | H161: 0 | I161: MO com LS => | J161: 70.01
E162: Valor do BDI => | F162: 74.945024 | H162: Valor com BDI => | J162: 379.1
A164: 2.2 | B164: Código | C164: Banco | D164: Descrição | E164: Tipo | G164: Und | H164: Quant. | I164: Porcent. | J164: Valor Unit | K164: Total
A165: Composição | B165: 020303 | C165: AGETOP CIVIL | D165: DEPÓSITO PARA CIMENTO TIPO II COM PINTURA PADRÃO GOINFRA (3,30 X 3,30 M) A=10,89 M2 (C/ REAPROV. 1 VEZ ) - INCLUSO PALETES | E165: 203 | G165: un | H165: 1 | J165: 3684.39 | K165: 3684.39
A166: Insumo | B166: 0012 | C166: AGETOP CIVIL | D166: ELETRICISTA | E166: Mão de Obra | G166: H | H166: 2 | J166: 23.41 | K166: 46.82
A167: Insumo | B167: 0032 | C167: AGETOP CIVIL | D167: OPERADOR DE BETONEIRA | E167: Mão de Obra | G167: H | H167: 1.7781 | J167: 17.56 | K167: 31.22
A168: Insumo | B168: 0018 | C168: AGETOP CIVIL | D168: PINTOR | E168: Mão de Obra | G168: H | H168: 6 | J168: 23.41 | K168: 140.46
A169: Insumo | B169: 0005 | C169: AGETOP CIVIL | D169: SERVENTE | E169: Mão de Obra | G169: H | H169: 28.9704 | J169: 14.62 | K169: 423.54
A170: Insumo | B170: 0004 | C170: AGETOP CIVIL | D170: PEDREIRO | E170: Mão de Obra | G170: H | H170: 2.0145 | J170: 23.41 | K170: 47.15
A171: Insumo | B171: 0008 | C171: AGETOP CIVIL | D171: AJUDANTE | E171: Mão de Obra | G171: H | H171: 14.9584 | J171: 16.04 | K171: 239.93
A172: Insumo | B172: 0010 | C172: AGETOP CIVIL | D172: CARPINTEIRO | E172: Mão de Obra | G172: H | H172: 14.9584 | J172: 23.41 | K172: 350.17
A173: Insumo | B173: 2842 | C173: AGETOP CIVIL | D173: TINTA LATEX ACRÍLICA 2ª LINHA/ECONÔMICA | E173: Material | G173: l | H173: 3.9204 | J173: 11.02 | K173: 43.2
A174: Insumo | B174: 1863 | C174: AGETOP CIVIL | D174: PREGO 18x30 | E174: Material | G174: Kg | H174: 0.1646 | J174: 23.06 | K174: 3.79
A175: Insumo | B175: 1862 | C175: AGETOP CIVIL | D175: PREGO 19x27 | E175: Material | G175: Kg | H175: 0.3304 | J175: 26.83 | K175: 8.86
A176: Insumo | B176: 1892 | C176: AGETOP CIVIL | D176: PREGO GALVANIZADO 18 X 27 (TELHEIRO) | E176: Material | G176: Kg | H176: 0.4 | J176: 33.23 | K176: 13.29
A177: Insumo | B177: 1964 | C177: AGETOP CIVIL | D177: RIPA DE MADEIRA 5x1 | E177: Material | G177: m | H177: 21.114 | J177: 3.35 | K177: 70.73
... A203: Insumo | B203: 4053 | C203: AGETOP CIVIL | D203: LÂMPADA TUBULAR LED, BASE G13, BIVOLT 8/10 W, 900 A 1000 LUMENS, LUZ BRANCA | E203: Material | G203: un | H203: 1 | J203: 18.45 | K203: 18.45
E204: MO sem LS => | F204: 1279.29 | G204: LS => | H204: 0 | I204: MO com LS => | J204: 1279.29
E205: Valor do BDI => | F205: 907.8337 | H205: Valor com BDI => | J205: 4592.22
A207: 2.3 | B207: Código | C207: Banco | D207: Descrição | E207: Tipo | G207: Und | H207: Quant. | I207: Porcent. | J207: Valor Unit | K207: Total
A208: Composição | B208: 020400 | C208: AGETOP CIVIL | D208: LIGAÇÃO PROVISÓRIA DE ÁGUA (INCLUSO RETIRADA DO ESGOTO SANITÁRIO) - PD. GOINFRA | E208: 204 | G208: Un | H208: 1 | J208: 3342.16 | K208: 3342.16
A209: Insumo | B209: 0008 | C209: AGETOP CIVIL | D209: AJUDANTE | E209: Mão de Obra | G209: H | H209: 17.7066 | J209: 16.04 | K209: 284.01
A210: Insumo | B210: 0006 | C210: AGETOP CIVIL | D210: ARMADOR | E210: Mão de Obra | G210: H | H210: 0.46 | J210: 23.41 | K210: 10.76
A211: Insumo | B211: 0011 | C211: AGETOP CIVIL | D211: ENCANADOR | E211: Mão de Obra | G211: H | H211: 17.6366 | J211: 23.41 | K211: 412.87
A212: Insumo | B212: 0004 | C212: AGETOP CIVIL | D212: PEDREIRO | E212: Mão de Obra | G212: H | H212: 12.008 | J212: 23.41 | K212: 281.1
A213: Insumo | B213: 0018 | C213: AGETOP CIVIL | D213: PINTOR | E213: Mão de Obra | G213: H | H213: 0.7 | J213: 23.41 | K213: 16.38
A214: Insumo | B214: 0005 | C214: AGETOP CIVIL | D214: SERVENTE | E214: Mão de Obra | G214: H | H214: 67.5306 | J214: 14.62 | K214: 987.29
A215: Insumo | B215: 2788 | C215: AGETOP CIVIL | D215: COMPRESSOR DE 1,5HP-70L-140LB COM PISTOLA DE RESERVATÓRIO SUPERIOR E MANGUEIRA (MANUTENÇÃO E DEPRECIAÇÃO DO EQUIPAMENTO) - PREÇO DO EQUIPAMENTO NOVO DIVIDIDO POR 1.000 | E215: Material | G215: un | H215: 0.0032 | J215: 2.5 | K215: 0
A216: Insumo | B216: H229 | C216: AGETOP CIVIL | D216: TE DE REDUCAO 90 GRAUS SOLDAVEL 32 X 25 MM | E216: Material | G216: un | H216: 0.3333 | J216: 8.08 | K216: 2.69
A217: Insumo | B217: H319 | C217: AGETOP CIVIL | D217: LUVA SOLDAVEL 25 MM | E217: Material | G217: un | H217: 10 | J217: 1.01 | K217: 10.1
A218: Insumo | B218: H320 | C218: AGETOP CIVIL | D218: LUVA SOLDAVEL 32 MM | E218: Material | G218: un | H218: 18 | J218: 2.55 | K218: 45.9
A219: Insumo | B219: 2033 | C219: AGETOP CIVIL | D219: TIJOLO COMUM MACIÇO (4,5x9x19cm) | E219: Material | G219: un | H219: 282.24 | J219: 0.51 | K219: 143.94
A220: Insumo | B220: 2034 | C220: AGETOP CIVIL | D220: TIJOLO FURADO 9x19x19 CM | E220: Material | G220: un | H220: 15.9 | J220: 0.77 | K220: 12.24
... A251: Insumo | B251: 0104 | C251: AGETOP CIVIL | D251: AREIA MÉDIA | E251: Material | G251: m³ | H251: 0.372 | J251: 172.18 | K251: 64.05
E252: MO sem LS => | F252: 1992.41 | G252: LS => | H252: 0 | I252: MO com LS => | J252: 1992.41
E253: Valor do BDI => | F253: 823.50822 | H253: Valor com BDI => | J253: 4165.66
A255: 2.4 | B255: Código | C255: Banco | D255: Descrição | E255: Tipo | G255: Und | H255: Quant. | I255: Porcent. | J255: Valor Unit | K255: Total
A256: Composição | B256: 020501 | C256: AGETOP CIVIL | D256: LIGAÇÃO PROVISÓRIA LUZ E FORÇA - PD. GOINFRA | E256: 205 | G256: Un | H256: 1 | J256: 4829.81 | K256: 4829.81
A257: Insumo | B257: 0032 | C257: AGETOP CIVIL | D257: OPERADOR DE BETONEIRA | E257: Mão de Obra | G257: H | H257: 0.5872 | J257: 17.56 | K257: 10.31
A258: Insumo | B258: 0012 | C258: AGETOP CIVIL | D258: ELETRICISTA | E258: Mão de Obra | G258: H | H258: 16.66 | J258: 23.41 | K258: 390.01
A259: Insumo | B259: 0008 | C259: AGETOP CIVIL | D259: AJUDANTE | E259: Mão de Obra | G259: H | H259: 16.66 | J259: 16.04 | K259: 267.22
A260: Insumo | B260: 0005 | C260: AGETOP CIVIL | D260: SERVENTE | E260: Mão de Obra | G260: H | H260: 5.5907 | J260: 14.62 | K260: 81.73
A261: Insumo | B261: 4050 | C261: AGETOP CIVIL | D261: LÂMPADA BULBO LED, BASE E27, BIVOLT 12/15 W, 1000 A 1400 LUMENS, LUZ BRANCA | E261: Material | G261: un | H261: 6.25 | J261: 13.01 | K261: 81.31
A262: Insumo | B262: 2133 | C262: AGETOP CIVIL | D262: VIGOTA DE MADEIRA 6x12 | E262: Material | G262: m | H262: 26 | J262: 27.59 | K262: 717.34
A263: Insumo | B263: 3604 | C263: AGETOP CIVIL | D263: SOQUETE INDUSTRIAL 1570 PARA USO AO TEMPO | E263: Material | G263: un | H263: 6.25 | J263: 13.37 | K263: 83.56
A264: Insumo | B264: 3459 | C264: AGETOP CIVIL | D264: TAMPA TIPO DZ ATE 63A | E264: Material | G264: un | H264: 1 | J264: 17.77 | K264: 17.77
A265: Insumo | B265: 3477 | C265: AGETOP CIVIL | D265: TOMADA HEXAGONAL 2P + T - 20A - 250V (SUPORTE+MÓDULO+ESPELHO) | E265: Material | G265: un | H265: 0.5 | J265: 13.73 | K265: 6.86
A266: Insumo | B266: 2425 | C266: AGETOP CIVIL | D266: PARAFUSO 12,5 X 130 C/PORCA E ARRUELA | E266: Material | G266: un | H266: 16 | J266: 5.04 | K266: 80.64
A267: Insumo | B267: 3389 | C267: AGETOP CIVIL | D267: PARAFUSO DE AJUSTE TIPO DZ ATE 63A | E267: Material | G267: un | H267: 1 | J267: 16.4 | K267: 16.4
A268: Insumo | B268: 3751 | C268: AGETOP CIVIL | D268: RELE DE FALTA DE FASE 380 V - 60 HZ | E268: Material | G268: un | H268: 1 | J268: 111.31 | K268: 111.31
... A293: Insumo | B293: 3042 | C293: AGETOP CIVIL | D293: BOTOEIRA "LIGA-DESLIGA" PARA INSTALAÇÃO EM PORTA DE QUADRO | E293: Material | G293: un | H293: 1 | J293: 39.18 | K293: 39.18
E294: MO sem LS => | F294: 749.27 | G294: LS => | H294: 0 | I294: MO com LS => | J294: 749.27
E295: Valor do BDI => | F295: 1190.0652 | H295: Valor com BDI => | J295: 6019.87
A297: 2.5 | B297: Código | C297: Banco | D297: Descrição | E297: Tipo | G297: Und | H297: Quant. | I297: Porcent. | J297: Valor Unit | K297: Total
A298: Composição | B298: 021602 | C298: AGETOP CIVIL | D298: EPI/PGR/PCMSO/EXAMES/TREINAMENTOS/VISITAS - ÁREAS EDIFICADAS/COBERTAS/FECHADAS | E298: 216 | G298: m² | H298: 1 | J298: 47.75 | K298: 47.75
A299: Insumo | B299: 2538 | C299: AGETOP CIVIL | D299: EPI/PGR/PCMSO / EXAMES/TREINAMENTOS/VISITAS (COMP. AUXILIAR) | E299: Material | G299: m² | H299: 1 | J299: 47.75 | K299: 47.75
E300: MO sem LS => | F300: 0 | G300: LS => | H300: 0 | I300: MO com LS => | J300: 0
E301: Valor do BDI => | F301: 11.7656 | H301: Valor com BDI => | J301: 59.51
A303: 2.6 | B303: Código | C303: Banco | D303: Descrição | E303: Tipo | G303: Und | H303: Quant. | I303: Porcent. | J303: Valor Unit | K303: Total
...

Sheet CRONOGRAMA (SD)
B1: CRONOGRAMA FISICO-FINANCEIRO SEM DESONERAÇÃO
B8: OBJETO: | C8: ='DADOS DA OBRA'!$B$13 -> DEMOLIÇÃO DO RESERVATÓRIO EXISTENTE, EXECUÇÃO DE RESERVATÓRIO METÁLICO ELEVADO E REESTRUTURAÇÃO (COM AMPLIAÇÃO) DA REDE DE DISTRIBUIÇÃO DE ÁGUA TRATADA EXISTENTE NO MUNICÍPIO DE MATRINCHÃ | Q8: DATA: | R8: =+'DADOS DA OBRA'!$N$22 -> 04/11/2024
B9: LOCAL: | C9: =+""&'DADOS DA OBRA'!$B$16&", "&'DADOS DA OBRA'!$B$19&", "&'DADOS DA OBRA'!$J$19&", "&'DADOS DA OBRA'!$P$19 -> RUAS DIVERSAS, DIVERSOS, MATRINCHÃ, GO | Q9: REVISÃO: | R9: ='DADOS DA OBRA'!$N$25 -> 00
B11: ITEM | C11: SERVIÇO | D11: VALORES | E11: MESES
E12: MÊS 01 | I12: MÊS 02 | M12: MÊS 03 | Q12: MÊS 04
B14: ='ORÇAMENTO RESUMO (SD)'!B9 -> 1 | C14: ='ORÇAMENTO RESUMO (SD)'!E9 -> ADMINISTRAÇÃO LOCAL | D14: ='ORÇAMENTO RESUMO (SD)'!K9 -> 125271.4 | E14: =E16*$D14 -> 34006.162 | I14: =I16*$D14 -> 37956.928 | M14: =M16*$D14 -> 27594.736 | Q14: =Q16*$D14 -> 25713.574
D16: =D14/$D$65 -> 0.058831017 | E16: =+SUM(E20,E23,E26,E29,E32,E35,E38,E41,E44,E47,E50,E53,E56,E59,E62)/($D$65-$D$14-$D$17) -> 0.2714599 | I16: =+SUM(I20,I23,I26,I29,I32,I35,I38,I41,I44,I47,I50,I53,I56,I59,I62)/($D$65-$D$14-$D$17) -> 0.30299756 | M16: =+SUM(M20,M23,M26,M29,M32,M35,M38,M41,M44,M47,M50,M53,M56,M59,M62)/($D$65-$D$14-$D$17) -> 0.22027961 | Q16: =+SUM(Q20,Q23,Q26,Q29,Q32,Q35,Q38,Q41,Q44,Q47,Q50,Q53,Q56,Q59,Q62)/($D$65-$D$14-$D$17) -> 0.20526293
B17: ='ORÇAMENTO RESUMO (SD)'!B10 -> 2 | C17: ='ORÇAMENTO RESUMO (SD)'!E10 -> CANTEIRO DE OBRAS | D17: ='ORÇAMENTO RESUMO (SD)'!K10 -> 198649.82 | E17: =E19*$D17 -> 53925.46 | I17: =I19*$D17 -> 60190.411 | M17: =M19*$D17 -> 43758.506 | Q17: =Q19*$D17 -> 40775.444
D19: =D17/$D$65 -> 0.093291612 | E19: =E16 -> 0.2714599 | I19: =I16 -> 0.30299756 | M19: =M16 -> 0.22027961 | Q19: =Q16 -> 0.20526293
B20: ='ORÇAMENTO RESUMO (SD)'!B11 -> 3 | C20: ='ORÇAMENTO RESUMO (SD)'!E11 -> SERVIÇOS PRELIMINARES | D20: ='ORÇAMENTO RESUMO (SD)'!K11 -> 36340 | E20: =E22*$D20 -> 23621 | I20: =I22*$D20 -> 0 | M20: =M22*$D20 -> 0 | Q20: =Q22*$D20 -> 12719
D22: =D20/$D$65 -> 0.017066299 | E22: 0.65 | Q22: 0.35
B23: ='ORÇAMENTO RESUMO (SD)'!B12 -> 4 | C23: ='ORÇAMENTO RESUMO (SD)'!E12 -> DEMOLIÇÕES | D23: ='ORÇAMENTO RESUMO (SD)'!K12 -> 48722.83 | E23: =E25*$D23 -> 12180.708 | I23: =I25*$D23 -> 12180.708 | M23: =M25*$D23 -> 12180.708 | Q23: =Q25*$D23 -> 12180.708
D25: =D23/$D$65 -> 0.022881628 | E25: 0.25 | I25: 0.25 | M25: 0.25 | Q25: 0.25
B26: ='ORÇAMENTO RESUMO (SD)'!B13 -> 5 | C26: ='ORÇAMENTO RESUMO (SD)'!E13 -> MOVIMENTO DE TERRA | D26: ='ORÇAMENTO RESUMO (SD)'!K13 -> 168993.37 | E26: =E28*$D26 -> 67597.348 | I26: =I28*$D26 -> 33798.674 | M26: =M28*$D26 -> 33798.674 | Q26: =Q28*$D26 -> 33798.674
D28: =D26/$D$65 -> 0.079364099 | E28: 0.4 | I28: 0.2 | M28: 0.2 | Q28: 0.2
B29: ='ORÇAMENTO RESUMO (SD)'!B14 -> 6 | C29: ='ORÇAMENTO RESUMO (SD)'!E14 -> FUNDAÇÕES | D29: ='ORÇAMENTO RESUMO (SD)'!K14 -> 118158.17 | E29: =E31*$D29 -> 118158.17 | I29: =I31*$D29 -> 0 | M29: =M31*$D29 -> 0 | Q29: =Q31*$D29 -> 0
D31: =D29/$D$65 -> 0.055490441 | E31: 1
B32: ='ORÇAMENTO RESUMO (SD)'!B15 -> 7 | C32: ='ORÇAMENTO RESUMO (SD)'!E15 -> ESTRUTURA DE CONCRETO | D32: ='ORÇAMENTO RESUMO (SD)'!K15 -> 192932.75 | E32: =E34*$D32 -> 0 | I32: =I34*$D32 -> 192932.75 | M32: =M34*$D32 -> 0 | Q32: =Q34*$D32 -> 0
D34: =D32/$D$65 -> 0.090606713 | I34: 1
B35: ='ORÇAMENTO RESUMO (SD)'!B16 -> 8 | C35: ='ORÇAMENTO RESUMO (SD)'!E16 -> ALVENARIAS E PAINÉIS | D35: ='ORÇAMENTO RESUMO (SD)'!K16 -> 39639.52 | E35: =E37*$D35 -> 7927.904 | I35: =I37*$D35 -> 31711.616 | M35: =M37*$D35 -> 0 | Q35: =Q37*$D35 -> 0
D37: =D35/$D$65 -> 0.018615847 | E37: 0.2 | I37: 0.8
B38: ='ORÇAMENTO RESUMO (SD)'!B17 -> 9 | C38: ='ORÇAMENTO RESUMO (SD)'!E17 -> ESQUADRIAS | D38: ='ORÇAMENTO RESUMO (SD)'!K17 -> 15231.45 | E38: =E40*$D38 -> 0 | I38: =I40*$D38 -> 0 | M38: =M40*$D38 -> 15231.45 | Q38: =Q40*$D38 -> 0
D40: =D38/$D$65 -> 0.0071531227 | M40: 1
B41: ='ORÇAMENTO RESUMO (SD)'!B18 -> 10 | C41: ='ORÇAMENTO RESUMO (SD)'!E18 -> IMPERMEABILIZAÇÕES | D41: ='ORÇAMENTO RESUMO (SD)'!K18 -> 300.17 | E41: =E43*$D41 -> 0 | I41: =I43*$D41 -> 0 | M41: =M43*$D41 -> 300.17 | Q41: =Q43*$D41 -> 0
D43: =D41/$D$65 -> 0.00014096838 | M43: 1
B44: ='ORÇAMENTO RESUMO (SD)'!B19 -> 11 | C44: ='ORÇAMENTO RESUMO (SD)'!E19 -> REVESTIMENTO DE PAREDES | D44: ='ORÇAMENTO RESUMO (SD)'!K19 -> 3100.34 | E44: =E46*$D44 -> 0 | I44: =I46*$D44 -> 0 | M44: =M46*$D44 -> 3100.34 | Q44: =Q46*$D44 -> 0
D46: =D44/$D$65 -> 0.0014560079 | M46: 1
B47: ='ORÇAMENTO RESUMO (SD)'!B20 -> 12 | C47: ='ORÇAMENTO RESUMO (SD)'!E20 -> PAVIMENTAÇÃO | D47: ='ORÇAMENTO RESUMO (SD)'!K20 -> 86073.98 | E47: =E49*$D47 -> 0 | I47: =I49*$D47 -> 0 | M47: =M49*$D47 -> 43036.99 | Q47: =Q49*$D47 -> 43036.99
D49: =D47/$D$65 -> 0.040422792 | M49: 0.5 | Q49: 0.5
B50: ='ORÇAMENTO RESUMO (SD)'!B21 -> 13 | C50: ='ORÇAMENTO RESUMO (SD)'!E21 -> PINTURAS | D50: ='ORÇAMENTO RESUMO (SD)'!K21 -> 2262.78 | E50: =E52*$D50 -> 0 | I50: =I52*$D50 -> 0 | M50: =M52*$D50 -> 2262.78 | Q50: =Q52*$D50 -> 0
D52: =D50/$D$65 -> 0.0010626659 | M52: 1
B53: ='ORÇAMENTO RESUMO (SD)'!B22 -> 14 | C53: ='ORÇAMENTO RESUMO (SD)'!E22 -> INSTALAÇÕES ELÉTRICAS | D53: ='ORÇAMENTO RESUMO (SD)'!K22 -> 27051.01 | E53: =E55*$D53 -> 0 | I53: =I55*$D53 -> 8115.303 | M53: =M55*$D53 -> 18935.707 | Q53: =Q55*$D53 -> 0
D55: =D53/$D$65 -> 0.012703925 | I55: 0.3 | M55: 0.7
B56: ='ORÇAMENTO RESUMO (SD)'!B23 -> 15 | C56: ='ORÇAMENTO RESUMO (SD)'!E23 -> INSTALAÇÕES DE SPDA | D56: ='ORÇAMENTO RESUMO (SD)'!K23 -> 7684.85 | E56: =E58*$D56 -> 0 | I56: =I58*$D56 -> 7684.85 | M56: =M58*$D56 -> 0 | Q56: =Q58*$D56 -> 0
D58: =D56/$D$65 -> 0.0036090244 | I58: 1
B59: ='ORÇAMENTO RESUMO (SD)'!B24 -> 16 | C59: ='ORÇAMENTO RESUMO (SD)'!E24 -> INSTALAÇÕES HIDRÁULICAS - REDE DE ABASTECIMENTO | D59: ='ORÇAMENTO RESUMO (SD)'!K24 -> 1042457.7 | E59: =E61*$D59 -> 260614.42 | I59: =I61*$D59 -> 260614.42 | M59: =M61*$D59 -> 260614.42 | Q59: =Q61*$D59 -> 260614.42
D61: =D59/$D$65 -> 0.48956782 | E61: 0.25 | I61: 0.25 | M61: 0.25 | Q61: 0.25
B62: ='ORÇAMENTO RESUMO (SD)'!B25 -> 17 | C62: ='ORÇAMENTO RESUMO (SD)'!E25 -> SERVIÇOS COMPLEMENTARES | D62: ='ORÇAMENTO RESUMO (SD)'!K25 -> 16472.64 | E62: =E64*$D62 -> 0 | I62: =I64*$D62 -> 0 | M62: =M64*$D62 -> 8236.32 | Q62: =Q64*$D62 -> 8236.32
D64: =D62/$D$65 -> 0.0077360208 | M64: 0.5 | Q64: 0.5
C65: TOTAL SIMPLES COM BDI | D65: =SUM(D62,D59,D56,D53,D50,D47,D44,D41,D38,D35,D32,D29,D26,D23,D20,D17,D14) -> 2129342.8 | E65: =SUM(E62,E59,E56,E53,E50,E47,E44,E41,E38,E35,E32,E29,E26,E23,E20,E17,E14) -> 578031.17 | F65: =SUM(#REF!,#REF!,#REF!,#REF!,#REF!,#REF!,F62,F59,F56,F53,F50,F47,F44,F41,F38,F35,F32,F29,F26,F23,F20,F17,F14) -> #REF! | G65: =SUM(#REF!,#REF!,#REF!,#REF!,#REF!,#REF!,G62,G59,G56,G53,G50,G47,G44,G41,G38,G35,G32,G29,G26,G23,G20,G17,G14) -> #REF! | H65: =SUM(#REF!,#REF!,#REF!,#REF!,#REF!,#REF!,H62,H59,H56,H53,H50,H47,H44,H41,H38,H35,H32,H29,H26,H23,H20,H17,H14) -> #REF! | I65: =SUM(I62,I59,I56,I53,I50,I47,I44,I41,I38,I35,I32,I29,I26,I23,I20,I17,I14) -> 645185.66 | J65: =SUM(#REF!,#REF!,#REF!,#REF!,#REF!,#REF!,J62,J59,J56,J53,J50,J47,J44,J41,J38,J35,J32,J29,J26,J23,J20,J17,J14) -> #REF! | K65: =SUM(#REF!,#REF!,#REF!,#REF!,#REF!,#REF!,K62,K59,K56,K53,K50,K47,K44,K41,K38,K35,K32,K29,K26,K23,K20,K17,K14) -> #REF! | L65: =SUM(#REF!,#REF!,#REF!,#REF!,#REF!,#REF!,L62,L59,L56,L53,L50,L47,L44,L41,L38,L35,L32,L29,L26,L23,L20,L17,L14) -> #REF! | M65: =SUM(M62,M59,M56,M53,M50,M47,M44,M41,M38,M35,M32,M29,M26,M23,M20,M17,M14) -> 469050.8 | N65: =SUM(#REF!,#REF!,#REF!,#REF!,#REF!,#REF!,N62,N59,N56,N53,N50,N47,N44,N41,N38,N35,N32,N29,N26,N23,N20,N17,N14) -> #REF! | O65: =SUM(#REF!,#REF!,#REF!,#REF!,#REF!,#REF!,O62,O59,O56,O53,O50,O47,O44,O41,O38,O35,O32,O29,O26,O23,O20,O17,O14) -> #REF! | P65: =SUM(#REF!,#REF!,#REF!,#REF!,#REF!,#REF!,P62,P59,P56,P53,P50,P47,P44,P41,P38,P35,P32,P29,P26,P23,P20,P17,P14) -> #REF! | Q65: =SUM(Q62,Q59,Q56,Q53,Q50,Q47,Q44,Q41,Q38,Q35,Q32,Q29,Q26,Q23,Q20,Q17,Q14) -> 437075.13 | R65: =SUM(#REF!,#REF!,#REF!,#REF!,#REF!,#REF!,R62,R59,R56,R53,R50,R47,R44,R41,R38,R35,R32,R29,R26,R23,R20,R17,R14) -> #REF! | S65: =SUM(#REF!,#REF!,#REF!,#REF!,#REF!,#REF!,S62,S59,S56,S53,S50,S47,S44,S41,S38,S35,S32,S29,S26,S23,S20,S17,S14) -> #REF! | T65: =SUM(#REF!,#REF!,#REF!,#REF!,#REF!,#REF!,T62,T59,T56,T53,T50,T47,T44,T41,T38,T35,T32,T29,T26,T23,T20,T17,T14) -> #REF!
C66: PERCENTUAL SIMPLES | D66: =SUM(D64,D61,D58,D55,D52,D49,D46,D43,D40,D37,D34,D31,D28,D25,D22,D19,D16) -> 1 | E66: =E65/$D$65 -> 0.2714599 | I66: =I65/$D$65 -> 0.30299756 | M66: =M65/$D$65 -> 0.22027961 | Q66: =Q65/$D$65 -> 0.20526293
C67: TOTAL ACUMULADO COM BDI | E67: =+E65 -> 578031.17 | I67: =+I65+E67 -> 1223216.8 | M67: =+M65+I67 -> 1692267.6 | Q67: =+Q65+M67 -> 2129342.8
C68: PERCENTUAL ACUMULADO | E68: =E66 -> 0.2714599 | I68: =+I66+E68 -> 0.57445746 | M68: =+M66+I68 -> 0.79473707 | Q68: =+Q66+M68 -> 1

Sheet CURVA ABC DE SERVIÇOS (SD)
B1: CURVA ABC DE SERVIÇOS SEM DESONERAÇÃO
B3: OBJETO: | C3: ='DADOS DA OBRA'!$B$13 -> DEMOLIÇÃO DO RESERVATÓRIO EXISTENTE, EXECUÇÃO DE RESERVATÓRIO METÁLICO ELEVADO E REESTRUTURAÇÃO (COM AMPLIAÇÃO) DA REDE DE DISTRIBUIÇÃO DE ÁGUA TRATADA EXISTENTE NO MUNICÍPIO DE MATRINCHÃ | E3: DATA: | F3: ='DADOS DA OBRA'!$N$22 -> 04/11/2024 | I3: ENCARGOS SOCIAIS HORISTAS: | J3: =+'ORÇAMENTO SINTÉTICO (SD)'!L3 -> 1.0884
B4: LOCAL: | C4: =+""&'DADOS DA OBRA'!$B$16&", "&'DADOS DA OBRA'!$J$19&", "&'DADOS DA OBRA'!$P$19 -> RUAS DIVERSAS, MATRINCHÃ, GO | E4: REVISÃO: | F4: ='DADOS DA OBRA'!$N$25 -> 00 | I4: ENCARGOS SOCIAIS MENSALISTAS: | J4: =+'ORÇAMENTO SINTÉTICO (SD)'!L4 -> 0.6724
B5: BASE: | C5: ='DADOS DA OBRA'!$B$28 -> GOINFRA CIVIL-06/2024, GOINFRA RODOVIÁRIA-06/2024, SINAPI-08/2024, ORSE-06/2024, SENFRA-CE-028, SCO-08/2024, CPOS-06/2024, EMBASA-05/2024, SIURB-01/2024 | E5: PRAZO: | F5: ='DADOS DA OBRA'!$B$25 -> 04 MESES | I5: BDI OBRA: | J5: =+'ORÇAMENTO SINTÉTICO (SD)'!L5 -> 0.2464
I6: BDI DIFERENCIADO: | J6: =+'ORÇAMENTO SINTÉTICO (SD)'!L6 -> 0.1419
B8: Banco | C8: Código | D8: Descrição | E8: Und | F8: Quant. | G8: Valor Unit | H8: Total | I8: Peso (%) | J8: Peso Acumulado (%)
B9: Próprio | C9: SEINFRA-0133 | D9: RESERVATÓRIO METÁLICO, CAPACIDADE 230 M3, INCLUSO TRANSPORTE, IÇAMENTO E MONTAGEM, CONFORME PROJETO | E9: UN | F9: 1 | G9: 561.222,73 | H9: =+TRUNC(F9*G9,2) -> 561222.73 | I9: =+H9/$G$236 -> 0.26356617 | J9: =+I9 -> 0.26356617
B10: Próprio | C10: SEINFRA-0051 | D10: ASSENTAMENTO E FORNECIMENTO DE TUBO DE PVC PBA PARA REDE DE ÁGUA, DN 50, JUNTA ELÁSTICA INTEGRADA, INSTALADO EM LOCAL COM NÍVEL BAIXO DE INTERFERÊNCIAS (INCLUI FORNECIMENTO). (ADAPTADO DE SINAPI 105285) | E10: UN | F10: 4031 | G10: 26.52 | H10: =+TRUNC(F10*G10,2) -> 106902.12 | I10: =+H10/$G$236 -> 0.05020428 | J10: =+J9+I10 -> 0.31377045
B11: AGETOP CIVIL | C11: 020212 | D11: BARRACÃO DE OBRAS PADRÃO GOINFRA ( BLOCOS,COBERTURAS,PASSARELAS E MÓVEIS), SEM ALOJAMENTO E LAVANDERIA , COM PINTURA, EM CONSONÂNCIA COM AS NR | E11: m² | F11: 235.42 | G11: 379.1 | H11: =+TRUNC(F11*G11,2) -> 89247.72 | I11: =+H11/$G$236 -> 0.041913271 | J11: =+J10+I11 -> 0.35568373
B12: AGETOP CIVIL | C12: 060308 | D12: ACO CA 50-A - 20,0 MM (3/4") - (OBRAS CIVIS) | E12: Kg | F12: 6101.94 | G12: 14.18 | H12: =+TRUNC(F12*G12,2) -> 86525.5 | I12: =+H12/$G$236 -> 0.040634839 | J12: =+J11+I12 -> 0.39631856
B13: Próprio | C13: SEINFRA-0078 | D13: TUBO DE PVC RIGIDO - DEFOFO, PARA ADUCAO E DISTRIBUICAO DE AGUAS, COM DIAMETRO NOMINAL DE 150MM, INCLUSIVE ANEL DE BORRACHA. (ADAPTADO DE SCO DR 05.45.0203) | E13: m | F13: 643 | G13: 119.65 | H13: =+TRUNC(F13*G13,2) -> 76934.95 | I13: =+H13/$G$236 -> 0.036130843 | J13: =+J12+I13 -> 0.43244941
B14: AGETOP RODOVIARIA | C14: 44205 | D14: PRÉ-MISTURADO A FRIO - PMF (PAV.URB.) | E14: m³ | F14: 241.75 | G14: 304.25 | H14: =+TRUNC(F14*G14,2) -> 73552.43 | I14: =+H14/$G$236 -> 0.034542316 | J14: =+J13+I14 -> 0.46699172
B15: AGETOP CIVIL | C15: 060517 | D15: PREPARO COM BETONEIRA E TRANSPORTE MANUAL DE CONCRETO FCK=25 MPA | E15: m³ | F15: 81.92 | G15: 653.35 | H15: =+TRUNC(F15*G15,2) -> 53522.43 | I15: =+H15/$G$236 -> 0.025135657 | J15: =+J14+I15 -> 0.49212738
B16: AGETOP CIVIL | C16: 051030 | D16: PREPARO COM BETONEIRA E TRANSPORTE MANUAL DE CONCRETO FCK=25 MPA | E16: m³ | F16: 75.43 | G16: 653.35 | H16: =+TRUNC(F16*G16,2) -> 49282.19 | I16: =+H16/$G$236 -> 0.02314432 | J16: =+J15+I16 -> 0.5152717
B17: AGETOP CIVIL | C17: 271502 | D17: CANTINA - (OBRAS CIVIS) | E17: RE | F17: 1736 | G17: 28.04 | H17: =+TRUNC(F17*G17,2) -> 48677.44 | I17: =+H17/$G$236 -> 0.022860312 | J17: =+J16+I17 -> 0.53813201
B18: AGETOP CIVIL | C18: 051027 | D18: LASTRO DE BRITA (OBRAS CIVIS) | E18: m³ | F18: 168.34 | G18: 268.01 | H18: =+TRUNC(F18*G18,2) -> 45116.8 | I18: =+H18/$G$236 -> 0.021188134 | J18: =+J17+I18 -> 0.55932015
B19: AGETOP CIVIL | C19: 250110 | D19: VIGIA DE OBRAS - (NOTURNO E NO SÁBADO/DOMINGO DIURNO) - O.C. | E19: H | F19: 1760 | G19: 22.65 | H19: =+TRUNC(F19*G19,2) -> 39864 | I19: =+H19/$G$236 -> 0.01872127 | J19: =+J18+I19 -> 0.57804141
B20: Próprio | C20: SEINFRA-0107 | D20: MURO DIVISÓRIO EM BLOCO DE CONCRETO COM ACABAMENTO APARENTE, ESP. 15 CM, ALTURA DE 220 CM, COM ESTACA BROCA, PROF.: 250 CM, FORMA EM CONTRA BARRANCO, INCLUSIVE ESCAVAÇÃO COM TRANSPORTE E RETIRADA DO MATERIAL ESCAVADO (EM CAÇAMBA) | E20: m² | F20: 126.94 | G20: 286.64 | H20: =+TRUNC(F20*G20,2) -> 36386.08 | I20: =+H20/$G$236 -> 0.017087939 | J20: =+J19+I20 -> 0.59512935
B21: AGETOP CIVIL | C21: 250101 | D21: ENGENHEIRO - (OBRAS CIVIS) | E21: H | F21: 300 | G21: 120.63 | H21: =+TRUNC(F21*G21,2) -> 36189 | I21: =+H21/$G$236 -> 0.016995385 | J21: =+J20+I21 -> 0.61212474
... B219: AGETOP CIVIL | C219: 081402 | D219: TE 90 GRAUS SOLDAVEL DIAMETRO 25 MM | E219: Un | F219: 3 | G219: 11.08 | H219: =+TRUNC(F219*G219,2) -> 33.24 | I219: =+H219/$G$236 -> 1.5610451e-05 | J219: =+J218+I219 -> 0.99988697
B220: AGETOP CIVIL | C220: 070637 | D220: CAIXA DE PASSAGEM - LASTRO DE BRITA PARA O FUNDO | E220: m³ | F220: 0.12 | G220: 268.01 | H220: =+TRUNC(F220*G220,2)-0.005 -> 32.155 | I220: =+H220/$G$236 -> 1.5100904e-05 | J220: =+J219+I220 -> 0.99990207
B221: AGETOP CIVIL | C221: 072528 | D221: TERMINAL DE PRESSAO 35 MM2 | E221: Un | F221: 1 | G221: 27.94 | H221: =+TRUNC(F221*G221,2)-0.005 -> 27.935 | I221: =+H221/$G$236 -> 1.3119071e-05 | J221: =+J220+I221 -> 0.99991519
B222: AGETOP CIVIL | C222: 070372 | D222: BRACADEIRA METALICA TIPO "D" DIAM. 1" | E222: Un | F222: 11 | G222: 2.13 | H222: =+TRUNC(F222*G222,2)-0.005 -> 23.425 | I222: =+H222/$G$236 -> 1.1001047e-05 | J222: =+J221+I222 -> 0.99992619
B223: AGETOP CIVIL | C223: 071142 | D223: CURVA DE 90 GRAUS DE PVC RIGIDO DIAM. 1" | E223: Un | F223: 2 | G223: 11.69 | H223: =+TRUNC(F223*G223,2)-0.005 -> 23.375 | I223: =+H223/$G$236 -> 1.0977566e-05 | J223: =+J222+I223 -> 0.99993717
B224: AGETOP CIVIL | C224: 060314 | D224: ACO CA - 60 - 5,0 MM - (OBRAS CIVIS) | E224: Kg | F224: 1.36 | G224: 15.85 | H224: =+TRUNC(F224*G224,2)-0.005 -> 21.545 | I224: =+H224/$G$236 -> 1.0118145e-05 | J224: =+J223+I224 -> 0.99994728
B225: AGETOP CIVIL | C225: 071480 | D225: ISOLADOR ROLDANA PORCELANA 72 X 72 MM | E225: Un | F225: 1 | G225: 19.02 | H225: =+TRUNC(F225*G225,2)-0.005 -> 19.015 | I225: =+H225/$G$236 -> 8.9299855e-06 | J225: =+J224+I225 -> 0.99995621
B226: AGETOP CIVIL | C226: 071701 | D226: LUVA EM AÇO GALVANIZADO DIÂMETRO 3/4" | E226: Un | F226: 3 | G226: 6.28 | H226: =+TRUNC(F226*G226,2)-0.004 -> 18.836 | I226: =+H226/$G$236 -> 8.845922e-06 | J226: =+J225+I226 -> 0.99996506
B227: AGETOP CIVIL | C227: 081066 | D227: ADAPTADOR SOLDÁVEL CURTO C/ BOLSA E ROSCA PARA REGISTRO 25X3/4" | E227: Un | F227: 3 | G227: 5.83 | H227: =+TRUNC(F227*G227,2)-0.004 -> 17.486 | I227: =+H227/$G$236 -> 8.2119235e-06 | J227: =+J226+I227 -> 0.99997327
B228: AGETOP CIVIL | C228: 070204 | D228: ALÇA PRÉ-FORMADA DE DISTRIBUIÇÃO CA/CAA 4 AWG | E228: Un | F228: 1 | G228: 16.56 | H228: =+TRUNC(F228*G228,2)-0.004 -> 16.556 | I228: =+H228/$G$236 -> 7.775169e-06 | J228: =+J227+I228 -> 0.99998105
B229: AGETOP CIVIL | C229: 071151 | D229: CURVA DE 90 GRAUS AÇO GALVANIZADO DIAM.3/4" | E229: Un | F229: 1 | G229: 15.58 | H229: =+TRUNC(F229*G229,2)-0.004 -> 15.576 | I229: =+H229/$G$236 -> 7.3149331e-06 | J229: =+J228+I229 -> 0.99998836
B230: AGETOP CIVIL | C230: 081202 | D230: NIPLE COM ROSCA DIAMETRO 3/4" | E230: Un | F230: 1 | G230: 11.7 | H230: =+TRUNC(F230*G230,2) -> 11.7 | I230: =+H230/$G$236 -> 5.4946532e-06 | J230: =+J229+I230 -> 0.99999386
B231: AGETOP CIVIL | C231: 071141 | D231: CURVA DE 90 GRAUS DE PVC RIGIDO DIAM. 3/4" | E231: Un | F231: 1 | G231: 9.08 | H231: =+TRUNC(F231*G231,2) -> 9.08 | I231: =+H231/$G$236 -> 4.2642266e-06 | J231: =+J230+I231 -> 0.99999812
B232: AGETOP CIVIL | C232: 070422 | D232: BUCHA E ARRUELA METALICA DIAM. 1" | E232: PR | F232: 1 | G232: 4 | H232: =+TRUNC(F232*G232,2) -> 4 | I232: =+H232/$G$236 -> 1.8785139e-06 | J232: =+J231+I232 -> 1
E234: Total sem BDI | G234: =+'ORÇAMENTO RESUMO (SD)'!K27 -> 1749888.1
E235: Total do BDI | G235: =+'ORÇAMENTO RESUMO (SD)'!K28 -> 379454.71
E236: Total Geral | G236: =SUM(H9:H232) -> 2129342.8

Sheet BDI NORMAL (SD) 
B1: BONIFICAÇÃO DE DESPESAS INDIRETAS BDI - NORMAL SEM DESONERAÇÃO
B4: OBJETO: | C4: ='DADOS DA OBRA'!$B$13 -> DEMOLIÇÃO DO RESERVATÓRIO EXISTENTE, EXECUÇÃO DE RESERVATÓRIO METÁLICO ELEVADO E REESTRUTURAÇÃO (COM AMPLIAÇÃO) DA REDE DE DISTRIBUIÇÃO DE ÁGUA TRATADA EXISTENTE NO MUNICÍPIO DE MATRINCHÃ | N4: DATA: | O4: =+'DADOS DA OBRA'!$N$22 -> 04/11/2024
B5: LOCAL: | C5: =+""&'DADOS DA OBRA'!$B$16&", "&'DADOS DA OBRA'!$B$19&", "&'DADOS DA OBRA'!$J$19&", "&'DADOS DA OBRA'!$P$19 -> RUAS DIVERSAS, DIVERSOS, MATRINCHÃ, GO | N5: REVISÃO: | O5: ='DADOS DA OBRA'!$N$25 -> 00
B7: Município da Obra | E7: MATRINCHÃ - GO
B8: Base de cálculo ISS do município | E8: 1 | F8: ISS: | G8: 0.05
C10: Descrição | F10: Valor percentual adotado | I10: Limites das parcelas do BDI para obras do tipo acima selecionado. Acórdão TCU 2622/2013 | M10: Limites do valor do BDI para obras do tipo acima selecionado. Acórdão TCU 2622/2013
I11: Mín | J11: Med. | K11: Máx. | M11: 20.34 | N11: 22.12 | O11: 25
C12: (AC) - Administração Central | F12: 4 | I12: 3 | J12: 4 | K12: 5.5
C13: (S) + (G) - Seguro e Garantia | F13: 0.12 | I13: 0.8 | J13: 0.8 | K13: 1
C14: (R) - Risco | F14: =I14 -> 0.97 | I14: 0.97 | J14: 1.27 | K14: 1.27
C15: (DF) - Despesas Financeiras | F15: 0.88 | I15: 0.59 | J15: 1.23 | K15: 1.39
C16: (L) - Lucro | F16: 7.4 | I16: 6.16 | J16: 7.4 | K16: 8.96
C17: (I1) - PIS | F17: =I17 -> 0.65 | I17: 0.65 | J17: 0.65 | K17: 0.65
C18: (I2) - COFINS | F18: =I18 -> 3 | I18: 3 | J18: 3 | K18: 3
C19: (I3) - ISS | F19: 5 | I19: 2 | J19: 2 | K19: 5
C20: (I4) - Contribuição Previdenciária (CPRB)
C21: BDI Adotado | F21: =TRUNC((((((1+F12/100+F13/100+F14/100)*(1+F15/100)*(1+F16/100))/(1-(F17/100+F18/100+F19/100+F20/100)))-1)*100),2) -> 24.64 | I21: *Fonte da composição, valores de referência e fórmula do BDI: Acórdão 2622/2013-TCU-Plenário
B23: O valores do BDI acima foram calculados com emprego da equação a seguir:
B25: Onde:
B26: AC - taxa de rateio da Administração Central
B27: DF - taxa das despesas financeiras
B28: R, S, G - taxa de risco, seguro e garantia do empreendimento
B29: I - taxa de tributos (onerado: I = COFINS+PIS+ISS / desonerado: I = COFINS+PIS+ISS+CPRB)
B30: L - taxa de lucro

Sheet BDI DIFERENCIADO (SD) 
B1: BONIFICAÇÃO DE DESPESAS INDIRETAS BDI - DIFERENCIADO SEM DESONERAÇÃO
B4: OBJETO: | C4: ='DADOS DA OBRA'!$B$13 -> DEMOLIÇÃO DO RESERVATÓRIO EXISTENTE, EXECUÇÃO DE RESERVATÓRIO METÁLICO ELEVADO E REESTRUTURAÇÃO (COM AMPLIAÇÃO) DA REDE DE DISTRIBUIÇÃO DE ÁGUA TRATADA EXISTENTE NO MUNICÍPIO DE MATRINCHÃ | N4: DATA: | O4: =+'DADOS DA OBRA'!$N$22 -> 04/11/2024
B5: LOCAL: | C5: =+""&'DADOS DA OBRA'!$B$16&", "&'DADOS DA OBRA'!$B$19&", "&'DADOS DA OBRA'!$J$19&", "&'DADOS DA OBRA'!$P$19 -> RUAS DIVERSAS, DIVERSOS, MATRINCHÃ, GO | N5: REVISÃO: | O5: ='DADOS DA OBRA'!$N$25 -> 00
B7: Município da Obra | E7: MATRINCHÃ - GO
B8: Base de cálculo ISS do município | E8: 1 | F8: ISS: | G8: 0.05
C10: Descrição | F10: Valor percentual adotado | I10: Limites das parcelas do BDI para obras do tipo acima selecionado. Acórdão TCU 2622/2013 | M10: Limites do valor do BDI para obras do tipo acima selecionado. Acórdão TCU 2622/2013
I11: Mín | J11: Med. | K11: Máx. | M11: 11.1 | N11: 14.02 | O11: 16.8
C12: (AC) - Administração Central | F12: 3.45 | I12: 1.5 | J12: 3.45 | K12: 4.49
C13: (S) + (G) - Seguro e Garantia | F13: 0.06 | I13: 0.3 | J13: 0.48 | K13: 0.82
C14: (R) - Risco | F14: =I14 -> 0.56 | I14: 0.56 | J14: 0.85 | K14: 0.89
C15: (DF) - Despesas Financeiras | F15: 0.88 | I15: 0.85 | J15: 0.85 | K15: 1.11
C16: (L) - Lucro | F16: 4.8 | I16: 3.5 | J16: 5.11 | K16: 6.22
C17: (I1) - PIS | F17: =I17 -> 0.65 | I17: 0.65 | J17: 0.65 | K17: 0.65
C18: (I2) - COFINS | F18: =I18 -> 3 | I18: 3 | J18: 3 | K18: 3
C19: (I3) - ISS | I19: 2 | J19: 2 | K19: 5
C20: (I4) - Contribuição Previdenciária (CPRB)
C21: BDI Adotado | F21: =TRUNC((((((1+F12/100+F13/100+F14/100)*(1+F15/100)*(1+F16/100))/(1-(F17/100+F18/100+F19/100+F20/100)))-1)*100),2) -> 14.19 | I21: *Fonte da composição, valores de referência e fórmula do BDI: Acórdão 2622/2013-TCU-Plenário
B23: O valores do BDI acima foram calculados com emprego da equação a seguir:
B25: Onde:
B26: AC - taxa de rateio da Administração Central
B27: DF - taxa das despesas financeiras
B28: R, S, G - taxa de risco, seguro e garantia do empreendimento
B29: I - taxa de tributos (onerado: I = COFINS+PIS+ISS / desonerado: I = COFINS+PIS+ISS+CPRB)
B30: L - taxa de lucro

Sheet ENCARGOS SOCIAIS
B1: DEMONSTRATIVO DE ENCARGOS SOCIAIS
B3: OBJETO: | C3: ='DADOS DA OBRA'!$B$13 -> DEMOLIÇÃO DO RESERVATÓRIO EXISTENTE, EXECUÇÃO DE RESERVATÓRIO METÁLICO ELEVADO E REESTRUTURAÇÃO (COM AMPLIAÇÃO) DA REDE DE DISTRIBUIÇÃO DE ÁGUA TRATADA EXISTENTE NO MUNICÍPIO DE MATRINCHÃ | F3: DATA: | G3: ='DADOS DA OBRA'!$N$22 -> 04/11/2024
B4: LOCAL: | C4: =+""&'DADOS DA OBRA'!$B$16&", "&'DADOS DA OBRA'!$J$19&", "&'DADOS DA OBRA'!$P$19 -> RUAS DIVERSAS, MATRINCHÃ, GO | F4: REVISÃO: | G4: ='DADOS DA OBRA'!$N$25 -> 00
B5: BASE: | C5: ='DADOS DA OBRA'!$B$28 -> GOINFRA CIVIL-06/2024, GOINFRA RODOVIÁRIA-06/2024, SINAPI-08/2024, ORSE-06/2024, SENFRA-CE-028, SCO-08/2024, CPOS-06/2024, EMBASA-05/2024, SIURB-01/2024
B7: CÓDIGO | C7: DESCRIÇÃO | D7: COM DESONERAÇÃO | F7: SEM DESONERAÇÃO
D8: HORISTA % | E8: MENSALISTA % | F8: HORISTA % | G8: MENSALISTA %
B9: GRUPO A
B10: A1 | C10: INSS | D10: 0 | E10: 0 | F10: 0.2 | G10: 0.2
B11: A2 | C11: SESI | D11: 0.015 | E11: 0.015 | F11: 0.015 | G11: 0.015
B12: A3 | C12: SENAI | D12: 0.01 | E12: 0.01 | F12: 0.01 | G12: 0.01
B13: A4 | C13: INCRA | D13: 0.002 | E13: 0.002 | F13: 0.002 | G13: 0.002
B14: A5 | C14: SEBRAE | D14: 0.006 | E14: 0.006 | F14: 0.006 | G14: 0.006
B15: A6 | C15: Salário Educação | D15: 0.025 | E15: 0.025 | F15: 0.025 | G15: 0.025
B16: A7 | C16: Seguro Contra Acidentes de Trabalho | D16: 0.03 | E16: 0.03 | F16: 0.03 | G16: 0.03
B17: A8 | C17: FGTS | D17: 0.08 | E17: 0.08 | F17: 0.08 | G17: 0.08
B18: A9 | C18: SECONCI | D18: 0.01 | E18: 0.01 | F18: 0.01 | G18: 0.01
B19: A | C19: Total | D19: =SUM(D10:D18) -> 0.178 | E19: =SUM(E10:E18) -> 0.178 | F19: =SUM(F10:F18) -> 0.378 | G19: =SUM(G10:G18) -> 0.378
B20: GRUPO B
B21: B1 | C21: Repouso Semanal Remunerado | D21: 0.1781 | E21: Não incide | F21: 0.1781 | G21: Não incide
B22: B2 | C22: Feriados | D22: 0.037 | E22: Não incide | F22: 0.037 | G22: Não incide
B23: B3 | C23: Auxílio - Enfermidade | D23: 0.0086 | E23: 0.0064 | F23: 0.0086 | G23: 0.0064
B24: B4 | C24: 13º Salário | D24: 0.1118 | E24: 0.0833 | F24: 0.1118 | G24: 0.0833
B25: B5 | C25: Licença Paternidade | D25: 0.0006 | E25: 0.0004 | F25: 0.0006 | G25: 0.0004
B26: B6 | C26: Faltas Justificadas | D26: 0.0075 | E26: 0.0056 | F26: 0.0075 | G26: 0.0056
B27: B7 | C27: Dias de Chuvas | D27: 0.0136 | E27: Não incide | F27: 0.0136 | G27: Não incide
B28: B8 | C28: Auxílio Acidente de Trabalho | D28: 0.001 | E28: 0.0008 | F28: 0.001 | G28: 0.0008
B29: B9 | C29: Férias Gozadas | D29: 0 | E29: 0 | F29: 0 | G29: 0
B30: B10 | C30: Salário Maternidade | D30: 0.0004 | E30: 0.0003 | F30: 0.0004 | G30: 0.0003
B31: B | C31: Total | D31: =SUM(D21:D30) -> 0.3586 | E31: =SUM(E21:E30) -> 0.0968 | F31: =SUM(F21:F30) -> 0.3586 | G31: =SUM(G21:G30) -> 0.0968
B32: GRUPO C
B33: C1 | C33: Aviso Prévio Indenizado | D33: 0.0591 | E33: 0.044 | F33: 0.0591 | G33: 0.044
B34: C2 | C34: Aviso Prévio Trabalhado | D34: 0.0014 | E34: 0.001 | F34: 0.0014 | G34: 0.001
B35: C3 | C35: Férias Indenizadas | D35: 0.1202 | E35: 0.0896 | F35: 0.1202 | G35: 0.0896
B36: C4 | C36: Depósito Rescisão Sem Justa Causa | D36: 0.0252 | E36: 0.0188 | F36: 0.0252 | G36: 0.0188
B37: C5 | C37: Indenização Adicional | D37: 0.005 | E37: 0.0037 | F37: 0.005 | G37: 0.0037
B38: C | C38: Total | D38: =SUM(D33:D37) -> 0.2109 | E38: =SUM(E33:E37) -> 0.1571 | F38: =SUM(F33:F37) -> 0.2109 | G38: =SUM(G33:G37) -> 0.1571
B39: GRUPO D
B40: D1 | C40: Reincidência de Grupo A sobre Grupo B | D40: 0.0638 | E40: 0.0172 | F40: 0.1356 | G40: 0.0366
B41: D2 | C41: Reincidência de Grupo A sobre Aviso Prévio Trabalhado e Reincidência do FGTS sobre Aviso Prévio Indenizado | D41: 0.005 | E41: 0.0037 | F41: 0.0053 | G41: 0.0039
B42: D | C42: Total | D42: =SUM(D40:D41) -> 0.0688 | E42: =SUM(E40:E41) -> 0.0209 | F42: =SUM(F40:F41) -> 0.1409 | G42: =SUM(G40:G41) -> 0.0405
B43: TOTAL(A+B+C+D) | D43: =SUM(D42,D38,D31,D19) -> 0.8163 | E43: =SUM(E42,E38,E31,E19) -> 0.4528 | F43: =SUM(F42,F38,F31,F19) -> 1.0884 | G43: =SUM(G42,G38,G31,G19) -> 0.6724
B44: FONTE: SINAPI - INFORMAÇÃO DIAS DE CHUVA – INMET

Sheet CAPA - ORÇAMENTO CD
C9: ORÇAMENTO COM DESONERAÇÃO

Sheet ORÇAMENTO SINTÉTICO (CD)
B1: ORÇAMENTO SINTÉTICO COM DESONERAÇÃO
B3: OBJETO: | C3: ='DADOS DA OBRA'!$B$13 -> DEMOLIÇÃO DO RESERVATÓRIO EXISTENTE, EXECUÇÃO DE RESERVATÓRIO METÁLICO ELEVADO E REESTRUTURAÇÃO (COM AMPLIAÇÃO) DA REDE DE DISTRIBUIÇÃO DE ÁGUA TRATADA EXISTENTE NO MUNICÍPIO DE MATRINCHÃ | F3: DATA: | G3: ='DADOS DA OBRA'!$N$22 -> 04/11/2024 | K3: ENCARGOS SOCIAIS HORISTAS: | L3: ='DADOS DA OBRA'!$J$22 -> 0.8163
B4: LOCAL: | C4: =+""&'DADOS DA OBRA'!$B$16&", "&'DADOS DA OBRA'!$J$19&", "&'DADOS DA OBRA'!$P$19 -> RUAS DIVERSAS, MATRINCHÃ, GO | F4: REVISÃO: | G4: ='DADOS DA OBRA'!$N$25 -> 00 | K4: ENCARGOS SOCIAIS MENSALISTAS: | L4: ='DADOS DA OBRA'!$J$25 -> 0.4528
B5: BASE: | C5: ='DADOS DA OBRA'!$B$28 -> GOINFRA CIVIL-06/2024, GOINFRA RODOVIÁRIA-06/2024, SINAPI-08/2024, ORSE-06/2024, SENFRA-CE-028, SCO-08/2024, CPOS-06/2024, EMBASA-05/2024, SIURB-01/2024 | F5: PRAZO : | G5: ='DADOS DA OBRA'!$B$25 -> 04 MESES | K5: BDI OBRA: | L5: ='BDI NORMAL (CD)'!F21/100 -> 0.3109
K6: BDI DIFERENCIADO: | L6: ='BDI DIFERENCIADO (CD)'!F21/100 -> 0.1978
B8: Item | C8: Código | D8: Banco | E8: Descrição | F8: Und | G8: Qtd | H8: Valor Unit | I8: Valor Total sem BDI | J8: BDI | K8: Valor Unit com BDI | L8: Valor Total com BDI
B9: 1 | E9: ADMINISTRAÇÃO LOCAL | I9: =SUBTOTAL(9,I10:I13) -> 86820.8 | L9: =SUBTOTAL(9,L10:L13) -> 113801.8
B10: 1.1 | C10: 250101 | D10: AGETOP CIVIL | E10: ENGENHEIRO - (OBRAS CIVIS) | F10: H | G10: 300 | H10: 83.6 | I10: =TRUNC(G10 * H10, 2) -> 25080 | J10: =+$L$5 -> 0.3109 | K10: =TRUNC(H10 * (1 + J10), 2) -> 109.59 | L10: =TRUNC(G10 * K10, 2) -> 32877
B11: 1.2 | C11: 250103 | D11: AGETOP CIVIL | E11: ENCARREGADO - (OBRAS CIVIS) | F11: H | G11: 880 | H11: 22.56 | I11: =TRUNC(G11 * H11, 2) -> 19852.8 | J11: =+$L$5 -> 0.3109 | K11: =TRUNC(H11 * (1 + J11), 2) -> 29.57 | L11: =TRUNC(G11 * K11, 2) -> 26021.6
B12: 1.3 | C12: 250105 | D12: AGETOP CIVIL | E12: ALMOXARIFE - (OBRAS CIVIS) | F12: H | G12: 880 | H12: 16.2 | I12: =TRUNC(G12 * H12, 2) -> 14256 | J12: =+$L$5 -> 0.3109 | K12: =TRUNC(H12 * (1 + J12), 2) -> 21.23 | L12: =TRUNC(G12 * K12, 2) -> 18682.4
B13: 1.4 | C13: 250110 | D13: AGETOP CIVIL | E13: VIGIA DE OBRAS - (NOTURNO E NO SÁBADO/DOMINGO DIURNO) - O.C. | F13: H | G13: 1760 | H13: 15.7 | I13: =TRUNC(G13 * H13, 2) -> 27632 | J13: =+$L$5 -> 0.3109 | K13: =TRUNC(H13 * (1 + J13), 2) -> 20.58 | L13: =TRUNC(G13 * K13, 2) -> 36220.8
B14: 2 | E14: CANTEIRO DE OBRAS | I14: =SUBTOTAL(9,I15:I23) -> 156611.44 | K14: =TRUNC(H14 * (1 + J14), 2) -> 0 | L14: =SUBTOTAL(9,L15:L23) -> 205278.1
B15: 2.1 | C15: 020212 | D15: AGETOP CIVIL | E15: BARRACÃO DE OBRAS PADRÃO GOINFRA ( BLOCOS,COBERTURAS,PASSARELAS E MÓVEIS), SEM ALOJAMENTO E LAVANDERIA , COM PINTURA, EM CONSONÂNCIA COM AS NR | F15: m² | G15: 235.42 | H15: 294.65 | I15: =TRUNC(G15 * H15, 2) -> 69366.5 | J15: =+$L$5 -> 0.3109 | K15: =TRUNC(H15 * (1 + J15), 2) -> 386.25 | L15: =TRUNC(G15 * K15, 2) -> 90930.97
B16: 2.2 | C16: 020303 | D16: AGETOP CIVIL | E16: DEPÓSITO PARA CIMENTO TIPO II COM PINTURA PADRÃO GOINFRA (3,30 X 3,30 M) A=10,89 M2 (C/ REAPROV. 1 VEZ ) - INCLUSO PALETES | F16: un | G16: 1 | H16: 3510.78 | I16: =TRUNC(G16 * H16, 2) -> 3510.78 | J16: =+$L$5 -> 0.3109 | K16: =TRUNC(H16 * (1 + J16), 2) -> 4602.28 | L16: =TRUNC(G16 * K16, 2) -> 4602.28
B17: 2.3 | C17: 020400 | D17: AGETOP CIVIL | E17: LIGAÇÃO PROVISÓRIA DE ÁGUA (INCLUSO RETIRADA DO ESGOTO SANITÁRIO) - PD. GOINFRA | F17: Un | G17: 1 | H17: 3071.9 | I17: =TRUNC(G17 * H17, 2) -> 3071.9 | J17: =+$L$5 -> 0.3109 | K17: =TRUNC(H17 * (1 + J17), 2) -> 4026.95 | L17: =TRUNC(G17 * K17, 2) -> 4026.95
B18: 2.4 | C18: 020501 | D18: AGETOP CIVIL | E18: LIGAÇÃO PROVISÓRIA LUZ E FORÇA - PD. GOINFRA | F18: Un | G18: 1 | H18: 4728.04 | I18: =TRUNC(G18 * H18, 2) -> 4728.04 | J18: =+$L$5 -> 0.3109 | K18: =TRUNC(H18 * (1 + J18), 2) -> 6197.98 | L18: =TRUNC(G18 * K18, 2) -> 6197.98
B19: 2.5 | C19: 021602 | D19: AGETOP CIVIL | E19: EPI/PGR/PCMSO/EXAMES/TREINAMENTOS/VISITAS - ÁREAS EDIFICADAS/COBERTAS/FECHADAS | F19: m² | G19: 451.2 | H19: 47.75 | I19: =TRUNC(G19 * H19, 2) -> 21544.8 | J19: =+$L$5 -> 0.3109 | K19: =TRUNC(H19 * (1 + J19), 2) -> 62.59 | L19: =TRUNC(G19 * K19, 2) -> 28240.6
B20: 2.6 | C20: 020200 | D20: AGETOP CIVIL | E20: FERRAMENTAS (MANUAIS/ELÉTRICAS) E MATERIAL DE LIMPEZA PERMANENTE DA OBRA - ÁREAS EDIFICADAS/COBERTAS/FECHADAS | F20: m² | G20: 902.4 | H20: 7.39 | I20: =TRUNC(G20 * H20, 2) -> 6668.73 | J20: =+$L$5 -> 0.3109 | K20: =TRUNC(H20 * (1 + J20), 2) -> 9.68 | L20: =TRUNC(G20 * K20, 2) -> 8735.23
B21: 2.7 | C21: 021301 | D21: AGETOP CIVIL | E21: PLACA DE OBRA PLOTADA EM CHAPA METÁLICA 26 , AFIXADA EM CAVALETES DE MADEIRA DE LEI (VIGOTAS 6X12CM) - PADRÃO GOINFRA | F21: m² | G21: 7.5 | H21: 386.29 | I21: =TRUNC(G21 * H21, 2) -> 2897.17 | J21: =+$L$5 -> 0.3109 | K21: =TRUNC(H21 * (1 + J21), 2) -> 506.38 | L21: =TRUNC(G21 * K21, 2) -> 3797.85
B22: 2.8 | C22: 271502 | D22: AGETOP CIVIL | E22: CANTINA - (OBRAS CIVIS) | F22: RE | G22: 1736 | H22: 22.5 | I22: =TRUNC(G22 * H22, 2) -> 39060 | J22: =+$L$5 -> 0.3109 | K22: =TRUNC(H22 * (1 + J22), 2) -> 29.49 | L22: =TRUNC(G22 * K22, 2) -> 51194.64
B23: 2.9 | C23: 271500 | D23: AGETOP CIVIL | E23: CAFE DA MANHA | F23: RE | G23: 1736 | H23: 3.32 | I23: =TRUNC(G23 * H23, 2) -> 5763.52 | J23: =+$L$5 -> 0.3109 | K23: =TRUNC(H23 * (1 + J23), 2) -> 4.35 | L23: =TRUNC(G23 * K23, 2) -> 7551.6
B24: 3 | E24: SERVIÇOS PRELIMINARES | I24: =SUBTOTAL(9,I25:I31) -> 29146.25 | K24: =TRUNC(H24 * (1 + J24), 2) -> 0 | L24: =SUBTOTAL(9,L25:L31) -> 38206.55
B25: 3.1 | C25: 020190 | D25: AGETOP CIVIL | E25: LIMPEZA MECÂNICA DE TERRENO | F25: m² | G25: 592.63 | H25: 0.23 | I25: =TRUNC(G25 * H25, 2) -> 136.3 | J25: =+$L$5 -> 0.3109 | K25: =TRUNC(H25 * (1 + J25), 2) -> 0.3 | L25: =TRUNC(G25 * K25, 2) -> 177.78
B26: 3.2 | C26: 020702 | D26: AGETOP CIVIL | E26: LOCAÇÃO DE OBRAS DE PEQUENO PORTE COM CAVALETE, INCLUSO PINTURA (FACE INTERNA DO SARRAFO 10CM) E PIQUETE COM TESTEMUNHA | F26: m² | G26: 58.89 | H26: 5.28 | I26: =TRUNC(G26 * H26, 2) -> 310.93 | J26: =+$L$5 -> 0.3109 | K26: =TRUNC(H26 * (1 + J26), 2) -> 6.92 | L26: =TRUNC(G26 * K26, 2) -> 407.51
B27: 3.3 | C27: 050250 | D27: AGETOP CIVIL | E27: TRAÇO DE CONCRETO | F27: Un | G27: 1 | H27: 1486.62 | I27: =TRUNC(G27 * H27, 2) -> 1486.62 | J27: =+$L$5 -> 0.3109 | K27: =TRUNC(H27 * (1 + J27), 2) -> 1948.81 | L27: =TRUNC(G27 * K27, 2) -> 1948.81
B28: 3.4 | C28: 050251 | D28: AGETOP CIVIL | E28: CORPO DE PROVA | F28: Un | G28: 42 | H28: 15 | I28: =TRUNC(G28 * H28, 2) -> 630 | J28: =+$L$5 -> 0.3109 | K28: =TRUNC(H28 * (1 + J28), 2) -> 19.66 | L28: =TRUNC(G28 * K28, 2) -> 825.72
B29: 3.5 | C29: SEINFRA-0131 | D29: Próprio | E29: PLACA DE SINALIZACAO PARA OBRA NA VIA PUBLICA, TIPO CAVALETE ARTICULADO, CONFECCIONADO EM CHAPA PET 2,4MM, FUNDO, TEXTOS E SIMBOLOS EM VINIL AUTO ADESIVO, ESTRUTURA EM ACO TRATADO A BASE DE WASH PRIMER, PINTADO PELO PROCESSO ELETROSTATICO, NAS DIMENSOES DE 0,60M X 1,00M. FORNECIMENTO. (ADAPTADO DE SCO AD 20.25.0210) | F29: un | G29: 10 | H29: 576 | I29: =TRUNC(G29 * H29, 2) -> 5760 | J29: =+$L$5 -> 0.3109 | K29: =TRUNC(H29 * (1 + J29), 2) -> 755.07 | L29: =TRUNC(G29 * K29, 2) -> 7550.7
B30: 3.6 | C30: SEINFRA-0132 | D30: Próprio | E30: CONE PLASTICO PARA SINALIZAÇÃO | F30: UN | G30: 20 | H30: 36.9 | I30: =TRUNC(G30 * H30, 2) -> 738 | J30: =+$L$5 -> 0.3109 | K30: =TRUNC(H30 * (1 + J30), 2) -> 48.37 | L30: =TRUNC(G30 * K30, 2) -> 967.4
B31: 3.7 | C31: 42301 | D31: AGETOP RODOVIARIA | E31: MOBILIZAÇÃO / DESMOBILIZAÇÃO - CONFORME DEMONSTRATIVO | F31: un | G31: 1 | H31: 20084.4 | I31: =TRUNC(G31 * H31, 2) -> 20084.4 | J31: =+$L$5 -> 0.3109 | K31: =TRUNC(H31 * (1 + J31), 2) -> 26328.63 | L31: =TRUNC(G31 * K31, 2) -> 26328.63
B32: 4 | E32: DEMOLIÇÕES | I32: =SUBTOTAL(9,I33:I37) -> 37141.9 | K32: =TRUNC(H32 * (1 + J32), 2) -> 0 | L32: =SUBTOTAL(9,L33:L37) -> 48684.17
B33: 4.1 | C33: SEINFRA-0111 | D33: Próprio | E33: DEMOLIÇÃO DE LAJES, EM CONCRETO ARMADO, DE FORMA MECANIZADA COM MARTELETE, SEM REAPROVEITAMENTO. (ADAPTADO DE SINAPI 97629) | F33: m³ | G33: 39.14 | H33: 70.04 | I33: =TRUNC(G33 * H33, 2) -> 2741.36 | J33: =+$L$5 -> 0.3109 | K33: =TRUNC(H33 * (1 + J33), 2) -> 91.81 | L33: =TRUNC(G33 * K33, 2) -> 3593.44
B34: 4.2 | C34: SEINFRA-0112 | D34: Próprio | E34: DEMOLIÇÃO DE PILARES E VIGAS EM CONCRETO ARMADO, DE FORMA MECANIZADA COM MARTELETE, SEM REAPROVEITAMENTO. (ADAPTADO DE SINAPI 97627) | F34: m³ | G34: 12 | H34: 150.41 | I34: =TRUNC(G34 * H34, 2) -> 1804.92 | J34: =+$L$5 -> 0.3109 | K34: =TRUNC(H34 * (1 + J34), 2) -> 197.17 | L34: =TRUNC(G34 * K34, 2) -> 2366.04
B35: 4.3 | C35: 020130 | D35: AGETOP CIVIL | E35: DEMOLIÇÃO MANUAL DE ALAMBRADO - POSTE DE CONCRETO/TELA/VIGA COM TRANSPORTE ATE CAÇAMBA E CARGA | F35: m | G35: 57.7 | H35: 17.58 | I35: =TRUNC(G35 * H35, 2) -> 1014.36 | J35: =+$L$5 -> 0.3109 | K35: =TRUNC(H35 * (1 + J35), 2) -> 23.04 | L35: =TRUNC(G35 * K35, 2) -> 1329.4
B36: 4.4 | C36: SEINFRA-0117 | D36: Próprio | E36: DEMOLIÇÃO PARCIAL DE PAVIMENTO ASFÁLTICO, DE FORMA MECANIZADA, SEM REAPROVEITAMENTO. (ADAPTADO DE SINAPI 97636) | F36: m² | G36: 241.75 | H36: 19.8 | I36: =TRUNC(G36 * H36, 2) -> 4786.65 | J36: =+$L$5 -> 0.3109 | K36: =TRUNC(H36 * (1 + J36), 2) -> 25.95 | L36: =TRUNC(G36 * K36, 2) -> 6273.41
B37: 4.5 | C37: 030101 | D37: AGETOP CIVIL | E37: TRANSPORTE DE ENTULHO EM CAMINHÃO INCLUSO A CARGA MANUAL | F37: m³ | G37: 584.78 | H37: 45.82 | I37: =TRUNC(G37 * H37, 2) -> 26794.61 | J37: =+$L$5 -> 0.3109 | K37: =TRUNC(H37 * (1 + J37), 2) -> 60.06 | L37: =TRUNC(G37 * K37, 2) -> 35121.88
B38: 5 | E38: MOVIMENTO DE TERRA | I38: =SUBTOTAL(9,I39:I50) -> 124420.95 | K38: =TRUNC(H38 * (1 + J38), 2) -> 0 | L38: =SUBTOTAL(9,L39:L50) -> 163076.02
B39: 5.1 | C39: 040101 | D39: AGETOP CIVIL | E39: ESCAVACAO MANUAL DE VALAS < 1 MTS. (OBRAS CIVIS) | F39: m³ | G39: 33.02 | H39: 32.43 | I39: =TRUNC(G39 * H39, 2) -> 1070.83 | J39: =+$L$5 -> 0.3109 | K39: =TRUNC(H39 * (1 + J39), 2) -> 42.51 | L39: =TRUNC(G39 * K39, 2) -> 1403.68
B40: 5.2 | C40: 040103 | D40: AGETOP CIVIL | E40: ESCAVAÇAO MANUAL DE VALAS PROF. 1 A 2 M | F40: m³ | G40: 51.93 | H40: 41.06 | I40: =TRUNC(G40 * H40, 2) -> 2132.24 | J40: =+$L$5 -> 0.3109 | K40: =TRUNC(H40 * (1 + J40), 2) -> 53.82 | L40: =TRUNC(G40 * K40, 2) -> 2794.87
B41: 5.3 | C41: 041004 | D41: AGETOP CIVIL | E41: ESCAVACAO MECANICA | F41: m³ | G41: 4125.12 | H41: 2.22 | I41: =TRUNC(G41 * H41, 2) -> 9157.76 | J41: =+$L$5 -> 0.3109 | K41: =TRUNC(H41 * (1 + J41), 2) -> 2.91 | L41: =TRUNC(G41 * K41, 2) -> 12004.09
B42: 5.4 | C42: 050901 | D42: AGETOP CIVIL | E42: ESCAVACAO MANUAL DE VALAS (SAPATAS/BLOCOS) | F42: m³ | G42: 33.9 | H42: 41.06 | I42: =TRUNC(G42 * H42, 2) -> 1391.93 | J42: =+$L$5 -> 0.3109 | K42: =TRUNC(H42 * (1 + J42), 2) -> 53.82 | L42: =TRUNC(G42 * K42, 2) -> 1824.49
B43: 5.5 | C43: 041002 | D43: AGETOP CIVIL | E43: APILOAMENTO | F43: m² | G43: 3366.29 | H43: 5.05 | I43: =TRUNC(G43 * H43, 2) -> 16999.76 | J43: =+$L$5 -> 0.3109 | K43: =TRUNC(H43 * (1 + J43), 2) -> 6.62 | L43: =TRUNC(G43 * K43, 2) -> 22284.83
B44: 5.6 | C44: 041146 | D44: AGETOP CIVIL | E44: FORNECIMENTO DE SOLO PARA ATERRO - EXCLUSO TRANSPORTE PARA OBRA | F44: m³ | G44: 5.17 | H44: 18.96 | I44: =TRUNC(G44 * H44, 2) -> 98.02 | J44: =+$L$5 -> 0.3109 | K44: =TRUNC(H44 * (1 + J44), 2) -> 24.85 | L44: =TRUNC(G44 * K44, 2) -> 128.47
B45: 5.7 | C45: 041006 | D45: AGETOP CIVIL | E45: TRANSPORTE DE MATERIAL ESCAVADO M3.KM | F45: m3km | G45: 33.62 | H45: 2.64 | I45: =TRUNC(G45 * H45, 2) -> 88.75 | J45: =+$L$5 -> 0.3109 | K45: =TRUNC(H45 * (1 + J45), 2) -> 3.46 | L45: =TRUNC(G45 * K45, 2) -> 116.32
B46: 5.8 | C46: 051027 | D46: AGETOP CIVIL | E46: LASTRO DE BRITA (OBRAS CIVIS) | F46: m³ | G46: 168.34 | H46: 211.07 | I46: =TRUNC(G46 * H46, 2) -> 35531.52 | J46: =+$L$5 -> 0.3109 | K46: =TRUNC(H46 * (1 + J46), 2) -> 276.69 | L46: =TRUNC(G46 * K46, 2) -> 46577.99
B47: 5.9 | C47: 041013 | D47: AGETOP CIVIL | E47: COMPACTAÇÃO MECÂNICA DE SOLO COM COMPACTADOR DE PERCUSSÃO (SAPO MECÂNICO) | F47: m³ | G47: 3204.1 | H47: 6.25 | I47: =TRUNC(G47 * H47, 2) -> 20025.62 | J47: =+$L$5 -> 0.3109 | K47: =TRUNC(H47 * (1 + J47), 2) -> 8.19 | L47: =TRUNC(G47 * K47, 2) -> 26241.57
B48: 5.10 | C48: 050905 | D48: AGETOP CIVIL | E48: REATERRO COM APILOAMENTO MECÂNICO (BLOCOS/SAPATAS) | F48: m³ | G48: 93.53 | H48: 3.59 | I48: =TRUNC(G48 * H48, 2) -> 335.77 | J48: =+$L$5 -> 0.3109 | K48: =TRUNC(H48 * (1 + J48), 2) -> 4.7 | L48: =TRUNC(G48 * K48, 2) -> 439.59
B49: 5.11 | C49: 050903 | D49: AGETOP CIVIL | E49: REATERRO COM APILOAMENTO MANUAL (BLOCOS/SAPATAS) | F49: m³ | G49: 881.37 | H49: 21.48 | I49: =TRUNC(G49 * H49, 2) -> 18931.82 | J49: =+$L$5 -> 0.3109 | K49: =TRUNC(H49 * (1 + J49), 2) -> 28.15 | L49: =TRUNC(G49 * K49, 2) -> 24810.56
B50: 5.12 | C50: SEINFRA-0105 | D50: Próprio | E50: ESCORAMENTO DE VALA, TIPO PONTALETEAMENTO, COM PROFUNDIDADE DE 0 A 1,5 M, LARGURA MENOR QUE 1,5 M. (ADAPTADO DE SINAPI 101570) | F50: m² | G50: 1057.05 | H50: 17.65 | I50: =TRUNC(G50 * H50, 2) -> 18656.93 | J50: =+$L$5 -> 0.3109 | K50: =TRUNC(H50 * (1 + J50), 2) -> 23.13 | L50: =TRUNC(G50 * K50, 2) -> 24449.56
B51: 6 | E51: FUNDAÇÕES | I51: =SUBTOTAL(9,I52:I77) -> 91025.96 | K51: =TRUNC(H51 * (1 + J51), 2) -> 0 | L51: =SUBTOTAL(9,L52:L77) -> 119308.92
B52: 6.1 | E52: CONTENÇÕES | I52: =SUBTOTAL(9,I53:I61) -> 9008.41 | K52: =TRUNC(H52 * (1 + J52), 2) -> 0 | L52: =SUBTOTAL(9,L53:L61) -> 11807.69
B53: 6.1.1 | C53: 051024 | D53: AGETOP CIVIL | E53: PREPARO COM BETONEIRA E TRANSPORTE MANUAL DE CONCRETO PARA LASTRO - (O.C.) | F53: m³ | G53: 0.57 | H53: 465.59 | I53: =TRUNC(G53 * H53, 2) -> 265.38 | J53: =+$L$5 -> 0.3109 | K53: =TRUNC(H53 * (1 + J53), 2) -> 610.34 | L53: =TRUNC(G53 * K53, 2) -> 347.89
B54: 6.1.2 | C54: 051009 | D54: AGETOP CIVIL | E54: FORMA TABUA PINHO PARA FUNDACOES U=3V - (OBRAS CIVIS) | F54: m² | G54: 13.56 | H54: 72.51 | I54: =TRUNC(G54 * H54, 2) -> 983.23 | J54: =+$L$5 -> 0.3109 | K54: =TRUNC(H54 * (1 + J54), 2) -> 95.05 | L54: =TRUNC(G54 * K54, 2) -> 1288.87
B55: 6.1.3 | C55: 052003 | D55: AGETOP CIVIL | E55: ACO CA-50A - 6,3 MM (1/4") - (OBRAS CIVIS) | F55: Kg | G55: 104.44 | H55: 10.6 | I55: =TRUNC(G55 * H55, 2) -> 1107.06 | J55: =+$L$5 -> 0.3109 | K55: =TRUNC(H55 * (1 + J55), 2) -> 13.89 | L55: =TRUNC(G55 * K55, 2) -> 1450.67
B56: 6.1.4 | C56: 052004 | D56: AGETOP CIVIL | E56: ACO CA 50-A - 8,0 MM (5/16") - (OBRAS CIVIS) | F56: Kg | G56: 90.31 | H56: 10.53 | I56: =TRUNC(G56 * H56, 2) -> 950.96 | J56: =+$L$5 -> 0.3109 | K56: =TRUNC(H56 * (1 + J56), 2) -> 13.8 | L56: =TRUNC(G56 * K56, 2) -> 1246.27
B57: 6.1.5 | C57: 052005 | D57: AGETOP CIVIL | E57: ACO CA-50A - 10,0 MM (3/8") - (OBRAS CIVIS) | F57: Kg | G57: 35.44 | H57: 10.32 | I57: =TRUNC(G57 * H57, 2) -> 365.74 | J57: =+$L$5 -> 0.3109 | K57: =TRUNC(H57 * (1 + J57), 2) -> 13.52 | L57: =TRUNC(G57 * K57, 2) -> 479.14
B58: 6.1.6 | C58: 052014 | D58: AGETOP CIVIL | E58: ACO CA-60 - 5,0 MM - (OBRAS CIVIS) | F58: Kg | G58: 6.95 | H58: 12.35 | I58: =TRUNC(G58 * H58, 2) -> 85.83 | J58: =+$L$5 -> 0.3109 | K58: =TRUNC(H58 * (1 + J58), 2) -> 16.18 | L58: =TRUNC(G58 * K58, 2) -> 112.45
B59: 6.1.7 | C59: 051030 | D59: AGETOP CIVIL | E59: PREPARO COM BETONEIRA E TRANSPORTE MANUAL DE CONCRETO FCK=25 MPA | F59: m³ | G59: 3.98 | H59: 512.44 | I59: =TRUNC(G59 * H59, 2) -> 2039.51 | J59: =+$L$5 -> 0.3109 | K59: =TRUNC(H59 * (1 + J59), 2) -> 671.75 | L59: =TRUNC(G59 * K59, 2) -> 2673.56
B60: 6.1.8 | C60: 051055 | D60: AGETOP CIVIL | E60: LANÇAMENTO/APLICAÇÃO/ADENSAMENTO MANUAL DE CONCRETO - (O.C.) | F60: m³ | G60: 3.98 | H60: 44.98 | I60: =TRUNC(G60 * H60, 2) -> 179.02 | J60: =+$L$5 -> 0.3109 | K60: =TRUNC(H60 * (1 + J60), 2) -> 58.96 | L60: =TRUNC(G60 * K60, 2) -> 234.66
B61: 6.1.9 | C61: SEINFRA-0022 | D61: Próprio | E61: CORTINA CANALETA CONCRETO 14X19X39 PARA SER CHEIA CONCRETO ARMADO (0,0568M3/M2) - EXCLUSO O CONCRETO. (ADAPTADO DE AGETOP CIVIL 110106) | F61: m² | G61: 30.16 | H61: 100.52 | I61: =TRUNC(G61 * H61, 2) -> 3031.68 | J61: =+$L$5 -> 0.3109 | K61: =TRUNC(H61 * (1 + J61), 2) -> 131.77 | L61: =TRUNC(G61 * K61, 2) -> 3974.18
B62: 6.2 | E62: ESTACAS | G62: 1 | I62: =SUBTOTAL(9,I63:I68) -> 44732.14 | K62: =TRUNC(H62 * (1 + J62), 2) -> 0 | L62: =SUBTOTAL(9,L63:L68) -> 58629.01
B63: 6.2.1 | C63: SEINFRA-0023 | D63: Próprio | E63: ESTACA ESCAVADA MECANICAMENTE - Ø 400MM. (ADAPTADO DE ORSE 9950) | F63: m | G63: 300 | H63: 30.54 | I63: =TRUNC(G63 * H63, 2) -> 9162 | J63: =+$L$5 -> 0.3109 | K63: =TRUNC(H63 * (1 + J63), 2) -> 40.03 | L63: =TRUNC(G63 * K63, 2) -> 12009
B64: 6.2.2 | C64: 052003 | D64: AGETOP CIVIL | E64: ACO CA-50A - 6,3 MM (1/4") - (OBRAS CIVIS) | F64: Kg | G64: 185.22 | H64: 10.6 | I64: =TRUNC(G64 * H64, 2) -> 1963.33 | J64: =+$L$5 -> 0.3109 | K64: =TRUNC(H64 * (1 + J64), 2) -> 13.89 | L64: =TRUNC(G64 * K64, 2) -> 2572.7
B65: 6.2.3 | C65: 052007 | D65: AGETOP CIVIL | E65: ACO CA - 50 - 16,0 MM (5/8") - (OBRAS CIVIS) | F65: Kg | G65: 1136.16 | H65: 10.86 | I65: =TRUNC(G65 * H65, 2) -> 12338.69 | J65: =+$L$5 -> 0.3109 | K65: =TRUNC(H65 * (1 + J65), 2) -> 14.23 | L65: =TRUNC(G65 * K65, 2) -> 16167.55
B66: 6.2.4 | C66: 051030 | D66: AGETOP CIVIL | E66: PREPARO COM BETONEIRA E TRANSPORTE MANUAL DE CONCRETO FCK=25 MPA | F66: m³ | G66: 37.7 | H66: 512.44 | I66: =TRUNC(G66 * H66, 2) -> 19318.98 | J66: =+$L$5 -> 0.3109 | K66: =TRUNC(H66 * (1 + J66), 2) -> 671.75 | L66: =TRUNC(G66 * K66, 2) -> 25324.97
B67: 6.2.5 | C67: 051055 | D67: AGETOP CIVIL | E67: LANÇAMENTO/APLICAÇÃO/ADENSAMENTO MANUAL DE CONCRETO - (O.C.) | F67: m³ | G67: 37.7 | H67: 44.98 | I67: =TRUNC(G67 * H67, 2) -> 1695.74 | J67: =+$L$5 -> 0.3109 | K67: =TRUNC(H67 * (1 + J67), 2) -> 58.96 | L67: =TRUNC(G67 * K67, 2) -> 2222.79
B68: 6.2.6 | C68: SEINFRA-0024 | D68: Próprio | E68: ARRASAMENTO MECANICO DE ESTACA DE CONCRETO ARMADO, DIAMETROS DE ATÉ 40 CM. (ADAPTADO DE SINAPI 95601) | F68: UN | G68: 20 | H68: 12.67 | I68: =TRUNC(G68 * H68, 2) -> 253.4 | J68: =+$L$5 -> 0.3109 | K68: =TRUNC(H68 * (1 + J68), 2) -> 16.6 | L68: =TRUNC(G68 * K68, 2) -> 332
B69: 6.3 | E69: BLOCOS | G69: 1 | I69: =SUBTOTAL(9,I70:I77) -> 37285.41 | K69: =TRUNC(H69 * (1 + J69), 2) -> 0 | L69: =SUBTOTAL(9,L70:L77) -> 48872.22
B70: 6.3.1 | C70: 051024 | D70: AGETOP CIVIL | E70: PREPARO COM BETONEIRA E TRANSPORTE MANUAL DE CONCRETO PARA LASTRO - (O.C.) | F70: m³ | G70: 1.84 | H70: 465.59 | I70: =TRUNC(G70 * H70, 2) -> 856.68 | J70: =+$L$5 -> 0.3109 | K70: =TRUNC(H70 * (1 + J70), 2) -> 610.34 | L70: =TRUNC(G70 * K70, 2) -> 1123.02
B71: 6.3.2 | C71: 051009 | D71: AGETOP CIVIL | E71: FORMA TABUA PINHO PARA FUNDACOES U=3V - (OBRAS CIVIS) | F71: m² | G71: 114.02 | H71: 72.51 | I71: =TRUNC(G71 * H71, 2) -> 8267.59 | J71: =+$L$5 -> 0.3109 | K71: =TRUNC(H71 * (1 + J71), 2) -> 95.05 | L71: =TRUNC(G71 * K71, 2) -> 10837.6
B72: 6.3.3 | C72: 052003 | D72: AGETOP CIVIL | E72: ACO CA-50A - 6,3 MM (1/4") - (OBRAS CIVIS) | F72: Kg | G72: 157 | H72: 10.6 | I72: =TRUNC(G72 * H72, 2) -> 1664.2 | J72: =+$L$5 -> 0.3109 | K72: =TRUNC(H72 * (1 + J72), 2) -> 13.89 | L72: =TRUNC(G72 * K72, 2) -> 2180.73
B73: 6.3.4 | C73: 052004 | D73: AGETOP CIVIL | E73: ACO CA 50-A - 8,0 MM (5/16") - (OBRAS CIVIS) | F73: Kg | G73: 42.83 | H73: 10.53 | I73: =TRUNC(G73 * H73, 2) -> 450.99 | J73: =+$L$5 -> 0.3109 | K73: =TRUNC(H73 * (1 + J73), 2) -> 13.8 | L73: =TRUNC(G73 * K73, 2) -> 591.05
B74: 6.3.5 | C74: 052007 | D74: AGETOP CIVIL | E74: ACO CA - 50 - 16,0 MM (5/8") - (OBRAS CIVIS) | F74: Kg | G74: 534.63 | H74: 10.86 | I74: =TRUNC(G74 * H74, 2) -> 5806.08 | J74: =+$L$5 -> 0.3109 | K74: =TRUNC(H74 * (1 + J74), 2) -> 14.23 | L74: =TRUNC(G74 * K74, 2) -> 7607.78
B75: 6.3.6 | C75: 051030 | D75: AGETOP CIVIL | E75: PREPARO COM BETONEIRA E TRANSPORTE MANUAL DE CONCRETO FCK=25 MPA | F75: m³ | G75: 33.75 | H75: 512.44 | I75: =TRUNC(G75 * H75, 2) -> 17294.85 | J75: =+$L$5 -> 0.3109 | K75: =TRUNC(H75 * (1 + J75), 2) -> 671.75 | L75: =TRUNC(G75 * K75, 2) -> 22671.56
B76: 6.3.7 | C76: 051055 | D76: AGETOP CIVIL | E76: LANÇAMENTO/APLICAÇÃO/ADENSAMENTO MANUAL DE CONCRETO - (O.C.) | F76: m³ | G76: 33.75 | H76: 44.98 | I76: =TRUNC(G76 * H76, 2) -> 1518.07 | J76: =+$L$5 -> 0.3109 | K76: =TRUNC(H76 * (1 + J76), 2) -> 58.96 | L76: =TRUNC(G76 * K76, 2) -> 1989.9
B77: 6.3.8 | C77: SEINFRA-0119 | D77: Próprio | E77: CONCRETO CICLÓPICO FCK = 15MPA, 30% PEDRA DE MÃO EM VOLUME REAL, INCLUSIVE LANÇAMENTO. (ADAPTADO DE SINAPI 102487) | F77: m³ | G77: 2.38 | H77: 599.56 | I77: =TRUNC(G77 * H77, 2) -> 1426.95 | J77: =+$L$5 -> 0.3109 | K77: =TRUNC(H77 * (1 + J77), 2) -> 785.96 | L77: =TRUNC(G77 * K77, 2) -> 1870.58
B78: 7 | E78: ESTRUTURA DE CONCRETO | I78: =SUBTOTAL(9,I79:I92) -> 148347.81 | K78: =TRUNC(H78 * (1 + J78), 2) -> 0 | L78: =SUBTOTAL(9,L79:L92) -> 194457.42
B79: 7.1 | E79: FORMAS E ESCORAMENTOS | I79: =SUBTOTAL(9,I80:I80) -> 18649.08 | K79: =TRUNC(H79 * (1 + J79), 2) -> 0 | L79: =SUBTOTAL(9,L80:L80) -> 24446.3
B80: 7.1.1 | C80: 060214 | D80: AGETOP CIVIL | E80: FORMA CHAPA DE COMPENSADO PLASTIFICADO 12 MM-VIGA/PILAR U=1V- (OBRAS CIVIS) | F80: m² | G80: 92.8 | H80: 200.96 | I80: =TRUNC(G80 * H80, 2) -> 18649.08 | J80: =+$L$5 -> 0.3109 | K80: =TRUNC(H80 * (1 + J80), 2) -> 263.43 | L80: =TRUNC(G80 * K80, 2) -> 24446.3
B81: 7.2 | E81: ARMAÇÃO | I81: =SUBTOTAL(9,I82:I87) -> 83610.76 | K81: =TRUNC(H81 * (1 + J81), 2) -> 0 | L81: =SUBTOTAL(9,L82:L87) -> 109595.05
B82: 7.2.1 | C82: 060303 | D82: AGETOP CIVIL | E82: ACO CA-50-A - 6,3 MM (1/4") - (OBRAS CIVIS) | F82: Kg | G82: 23.99 | H82: 10.6 | I82: =TRUNC(G82 * H82, 2) -> 254.29 | J82: =+$L$5 -> 0.3109 | K82: =TRUNC(H82 * (1 + J82), 2) -> 13.89 | L82: =TRUNC(G82 * K82, 2) -> 333.22
B83: 7.2.2 | C83: 060304 | D83: AGETOP CIVIL | E83: ACO CA-50 A - 8,0 MM (5/16") - (OBRAS CIVIS) | F83: Kg | G83: 694.95 | H83: 10.53 | I83: =TRUNC(G83 * H83, 2) -> 7317.82 | J83: =+$L$5 -> 0.3109 | K83: =TRUNC(H83 * (1 + J83), 2) -> 13.8 | L83: =TRUNC(G83 * K83, 2) -> 9590.31
B84: 7.2.3 | C84: 060305 | D84: AGETOP CIVIL | E84: ACO CA-50A - 10,0 MM (3/8") - (OBRAS CIVIS) | F84: Kg | G84: 96.62 | H84: 10.32 | I84: =TRUNC(G84 * H84, 2) -> 997.11 | J84: =+$L$5 -> 0.3109 | K84: =TRUNC(H84 * (1 + J84), 2) -> 13.52 | L84: =TRUNC(G84 * K84, 2) -> 1306.3
B85: 7.2.4 | C85: 060308 | D85: AGETOP CIVIL | E85: ACO CA 50-A - 20,0 MM (3/4") - (OBRAS CIVIS) | F85: Kg | G85: 6101.94 | H85: 10.84 | I85: =TRUNC(G85 * H85, 2) -> 66145.02 | J85: =+$L$5 -> 0.3109 | K85: =TRUNC(H85 * (1 + J85), 2) -> 14.21 | L85: =TRUNC(G85 * K85, 2) -> 86708.56
B86: 7.2.5 | C86: 060310 | D86: AGETOP CIVIL | E86: ACO CA 50-A - 25,0 MM (1") - (OBRAS CIVIS) | F86: Kg | G86: 819.92 | H86: 10.83 | I86: =TRUNC(G86 * H86, 2) -> 8879.73 | J86: =+$L$5 -> 0.3109 | K86: =TRUNC(H86 * (1 + J86), 2) -> 14.19 | L86: =TRUNC(G86 * K86, 2) -> 11634.66
B87: 7.2.6 | C87: 060314 | D87: AGETOP CIVIL | E87: ACO CA - 60 - 5,0 MM - (OBRAS CIVIS) | F87: Kg | G87: 1.36 | H87: 12.35 | I87: =TRUNC(G87 * H87, 2) -> 16.79 | J87: =+$L$5 -> 0.3109 | K87: =TRUNC(H87 * (1 + J87), 2) -> 16.18 | L87: =TRUNC(G87 * K87, 2) -> 22
B88: 7.3 | E88: CONCRETO | I88: =SUBTOTAL(9,I89:I90) -> 45860.44 | K88: =TRUNC(H88 * (1 + J88), 2) -> 0 | L88: =SUBTOTAL(9,L89:L90) -> 60117.81
B89: 7.3.1 | C89: 060517 | D89: AGETOP CIVIL | E89: PREPARO COM BETONEIRA E TRANSPORTE MANUAL DE CONCRETO FCK=25 MPA | F89: m³ | G89: 81.92 | H89: 512.44 | I89: =TRUNC(G89 * H89, 2) -> 41979.08 | J89: =+$L$5 -> 0.3109 | K89: =TRUNC(H89 * (1 + J89), 2) -> 671.75 | L89: =TRUNC(G89 * K89, 2) -> 55029.76
B90: 7.3.2 | C90: 060802 | D90: AGETOP CIVIL | E90: LANÇAMENTO/APLICAÇÃO/ADENSAMENTO DE CONCRETO EM ESTRUTURA - (O.C.) | F90: m³ | G90: 81.92 | H90: 47.38 | I90: =TRUNC(G90 * H90, 2) -> 3881.36 | J90: =+$L$5 -> 0.3109 | K90: =TRUNC(H90 * (1 + J90), 2) -> 62.11 | L90: =TRUNC(G90 * K90, 2) -> 5088.05
B91: 7.4 | E91: DIVERSOS | I91: =SUBTOTAL(9,I92:I92) -> 227.53 | K91: =TRUNC(H91 * (1 + J91), 2) -> 0 | L91: =SUBTOTAL(9,L92:L92) -> 298.26
B92: 7.4.1 | C92: 061101 | D92: AGETOP CIVIL | E92: FORRO EM LAJE PRE-MOLDADA INCLUSO CAPEAMENTO/ARMADURA DE DISTRIBUIÇÃO/ESCORAMENTO E FORMA/DESFORMA | F92: m² | G92: 1.89 | H92: 120.39 | I92: =TRUNC(G92 * H92, 2) -> 227.53 | J92: =+$L$5 -> 0.3109 | K92: =TRUNC(H92 * (1 + J92), 2) -> 157.81 | L92: =TRUNC(G92 * K92, 2) -> 298.26
B93: 8 | E93: ALVENARIAS E PAINÉIS | I93: =SUBTOTAL(9,I94:I96) -> 30280.84 | K93: =TRUNC(H93 * (1 + J93), 2) -> 0 | L93: =SUBTOTAL(9,L94:L96) -> 39694.32
B94: 8.1 | C94: 100102 | D94: AGETOP CIVIL | E94: ALVENARIA DE TIJOLO COMUM 1/2 VEZ - ARGAMASSA (1CI | F94: m² | G94: 21.86 | H94: 92.94 | I94: =TRUNC(G94 * H94, 2) -> 2031.66 | J94: =+$L$5 -> 0.3109 | K94: =TRUNC(H94 * (1 + J94), 2) -> 121.83 | L94: =TRUNC(G94 * K94, 2) -> 2663.2
B95: 8.2 | C95: SEINFRA-0107 | D95: Próprio | E95: MURO DIVISÓRIO EM BLOCO DE CONCRETO COM ACABAMENTO APARENTE, ESP. 15 CM, ALTURA DE 220 CM, COM ESTACA BROCA, PROF.: 250 CM, FORMA EM CONTRA BARRANCO, INCLUSIVE ESCAVAÇÃO COM TRANSPORTE E RETIRADA DO MATERIAL ESCAVADO (EM CAÇAMBA) | F95: m² | G95: 126.94 | H95: 219.22 | I95: =TRUNC(G95 * H95, 2) -> 27827.78 | J95: =+$L$5 -> 0.3109 | K95: =TRUNC(H95 * (1 + J95), 2) -> 287.37 | L95: =TRUNC(G95 * K95, 2) -> 36478.74
B96: 8.3 | C96: 100155 | D96: AGETOP CIVIL | E96: ALVENARIA DE TIJOLO FURADO 1/2 VEZ 11,5 X 19 X 19 - ARG. ( 1 CALH | F96: m² | G96: 6.3 | H96: 66.89 | I96: =TRUNC(G96 * H96, 2) -> 421.4 | J96: =+$L$5 -> 0.3109 | K96: =TRUNC(H96 * (1 + J96), 2) -> 87.68 | L96: =TRUNC(G96 * K96, 2) -> 552.38
B97: 9 | E97: ESQUADRIAS | I97: =SUBTOTAL(9,I98:I104) -> 12090.78 | K97: =TRUNC(H97 * (1 + J97), 2) -> 0 | L97: =SUBTOTAL(9,L98:L104) -> 15849.69
B98: 9.1 | E98: ESQUADRIAS DE FERRO | I98: =SUBTOTAL(9,I99:I104) -> 12090.78 | K98: =TRUNC(H98 * (1 + J98), 2) -> 0 | L98: =SUBTOTAL(9,L99:L104) -> 15849.69
B99: 9.1.1 | C99: SEINFRA-0027 | D99: Próprio | E99: TAMPA DE INSPEÇÃO EM CHAPA METÁLICA DE 3/8". (ADAPTADO DE ORSE 4117) | F99: m² | G99: 9.12 | H99: 668.69 | I99: =TRUNC(G99 * H99, 2) -> 6098.45 | J99: =+$L$5 -> 0.3109 | K99: =TRUNC(H99 * (1 + J99), 2) -> 876.58 | L99: =TRUNC(G99 * K99, 2) -> 7994.4
B100: 9.1.2 | C100: 080840 | D100: AGETOP CIVIL | E100: TAMPA T-5 ARTICULADA 20X20 | F100: Un | G100: 1 | H100: 38.71 | I100: =TRUNC(G100 * H100, 2) -> 38.71 | J100: =+$L$5 -> 0.3109 | K100: =TRUNC(H100 * (1 + J100), 2) -> 50.74 | L100: =TRUNC(G100 * K100, 2) -> 50.74
B101: 9.1.3 | C101: 180703 | D101: AGETOP CIVIL | E101: ESCADA TIPO MARINHEIRO SEM GUARDA CORPO PADRÃO GOINFRA ( H <= 3M) | F101: m | G101: 3.2 | H101: 385.08 | I101: =TRUNC(G101 * H101, 2) -> 1232.25 | J101: =+$L$5 -> 0.3109 | K101: =TRUNC(H101 * (1 + J101), 2) -> 504.8 | L101: =TRUNC(G101 * K101, 2) -> 1615.36
B102: 9.1.4 | C102: 180280 | D102: AGETOP CIVIL | E102: PORTÃO DE ABRIR 02 FOLHAS DE TELA/TUBO FoGo 1.1/2" PT1/PT2 C/FERRAGENS | F102: m² | G102: 7.4 | H102: 385.42 | I102: =TRUNC(G102 * H102, 2) -> 2852.1 | J102: =+$L$5 -> 0.3109 | K102: =TRUNC(H102 * (1 + J102), 2) -> 505.24 | L102: =TRUNC(G102 * K102, 2) -> 3738.77
...

Sheet BDI NORMAL (CD)
B1: BONIFICAÇÃO DE DESPESAS INDIRETAS BDI - NORMAL COM DESONERAÇÃO
B4: OBJETO: | C4: ='DADOS DA OBRA'!$B$13 -> DEMOLIÇÃO DO RESERVATÓRIO EXISTENTE, EXECUÇÃO DE RESERVATÓRIO METÁLICO ELEVADO E REESTRUTURAÇÃO (COM AMPLIAÇÃO) DA REDE DE DISTRIBUIÇÃO DE ÁGUA TRATADA EXISTENTE NO MUNICÍPIO DE MATRINCHÃ | N4: DATA: | O4: =+'DADOS DA OBRA'!$N$22 -> 04/11/2024
B5: LOCAL: | C5: =+""&'DADOS DA OBRA'!$B$16&", "&'DADOS DA OBRA'!$B$19&", "&'DADOS DA OBRA'!$J$19&", "&'DADOS DA OBRA'!$P$19 -> RUAS DIVERSAS, DIVERSOS, MATRINCHÃ, GO | N5: REVISÃO: | O5: ='DADOS DA OBRA'!$N$25 -> 00
B7: Município da Obra | E7: MATRINCHÃ - GO
B8: Base de cálculo ISS do município | E8: 1 | F8: ISS: | G8: 0.05
C10: Descrição | F10: Valor percentual adotado | I10: Limites das parcelas do BDI para obras do tipo acima selecionado. Acórdão TCU 2622/2013 | M10: Limites do valor do BDI para obras do tipo acima selecionado. Acórdão TCU 2622/2013
I11: Mín | J11: Med. | K11: Máx. | M11: 20.34 | N11: 22.12 | O11: 25
C12: (AC) - Administração Central | F12: 4 | I12: 3 | J12: 4 | K12: 5.5
C13: (S) + (G) - Seguro e Garantia | F13: 0.12 | I13: 0.8 | J13: 0.8 | K13: 1
C14: (R) - Risco | F14: =I14 -> 0.97 | I14: 0.97 | J14: 1.27 | K14: 1.27
C15: (DF) - Despesas Financeiras | F15: 0.88 | I15: 0.59 | J15: 1.23 | K15: 1.39
C16: (L) - Lucro | F16: 7.4 | I16: 6.16 | J16: 7.4 | K16: 8.96
C17: (I1) - PIS | F17: =I17 -> 0.65 | I17: 0.65 | J17: 0.65 | K17: 0.65
C18: (I2) - COFINS | F18: =I18 -> 3 | I18: 3 | J18: 3 | K18: 3
C19: (I3) - ISS | F19: 5 | I19: 2 | J19: 2 | K19: 5
C20: (I4) - Contribuição Previdenciária (CPRB) | F20: 4.5
C21: BDI Adotado | F21: =TRUNC((((((1+F12/100+F13/100+F14/100)*(1+F15/100)*(1+F16/100))/(1-(F17/100+F18/100+F19/100+F20/100)))-1)*100),2) -> 31.09 | I21: *Fonte da composição, valores de referência e fórmula do BDI: Acórdão 2622/2013-TCU-Plenário
B23: O valores do BDI acima foram calculados com emprego da equação a seguir:
B25: Onde:
B26: AC - taxa de rateio da Administração Central
B27: DF - taxa das despesas financeiras
B28: R, S, G - taxa de risco, seguro e garantia do empreendimento
B29: I - taxa de tributos (onerado: I = COFINS+PIS+ISS / desonerado: I = COFINS+PIS+ISS+CPRB)
B30: L - taxa de lucro

Sheet BDI DIFERENCIADO (CD)
B1: BONIFICAÇÃO DE DESPESAS INDIRETAS BDI - DIFERENCIADO COM DESONERAÇÃO
B4: OBJETO: | C4: ='DADOS DA OBRA'!$B$13 -> DEMOLIÇÃO DO RESERVATÓRIO EXISTENTE, EXECUÇÃO DE RESERVATÓRIO METÁLICO ELEVADO E REESTRUTURAÇÃO (COM AMPLIAÇÃO) DA REDE DE DISTRIBUIÇÃO DE ÁGUA TRATADA EXISTENTE NO MUNICÍPIO DE MATRINCHÃ | N4: DATA: | O4: =+'DADOS DA OBRA'!$N$22 -> 04/11/2024
B5: LOCAL: | C5: =+""&'DADOS DA OBRA'!$B$16&", "&'DADOS DA OBRA'!$B$19&", "&'DADOS DA OBRA'!$J$19&", "&'DADOS DA OBRA'!$P$19 -> RUAS DIVERSAS, DIVERSOS, MATRINCHÃ, GO | N5: REVISÃO: | O5: ='DADOS DA OBRA'!$N$25 -> 00
B7: Município da Obra | E7: MATRINCHÃ - GO
B8: Base de cálculo ISS do município | E8: 1 | F8: ISS: | G8: 0.05
C10: Descrição | F10: Valor percentual adotado | I10: Limites das parcelas do BDI para obras do tipo acima selecionado. Acórdão TCU 2622/2013 | M10: Limites do valor do BDI para obras do tipo acima selecionado. Acórdão TCU 2622/2013
I11: Mín | J11: Med. | K11: Máx. | M11: 11.1 | N11: 14.02 | O11: 16.8
C12: (AC) - Administração Central | F12: 3.45 | I12: 1.5 | J12: 3.45 | K12: 4.49
C13: (S) + (G) - Seguro e Garantia | F13: 0.06 | I13: 0.3 | J13: 0.48 | K13: 0.82
C14: (R) - Risco | F14: =I14 -> 0.56 | I14: 0.56 | J14: 0.85 | K14: 0.89
C15: (DF) - Despesas Financeiras | F15: 0.88 | I15: 0.85 | J15: 0.85 | K15: 1.11
C16: (L) - Lucro | F16: 4.8 | I16: 3.5 | J16: 5.11 | K16: 6.22
C17: (I1) - PIS | F17: =I17 -> 0.65 | I17: 0.65 | J17: 0.65 | K17: 0.65
C18: (I2) - COFINS | F18: =I18 -> 3 | I18: 3 | J18: 3 | K18: 3
C19: (I3) - ISS | I19: 2 | J19: 2 | K19: 5
C20: (I4) - Contribuição Previdenciária (CPRB) | F20: 4.5
C21: BDI Adotado | F21: =TRUNC((((((1+F12/100+F13/100+F14/100)*(1+F15/100)*(1+F16/100))/(1-(F17/100+F18/100+F19/100+F20/100)))-1)*100),2) -> 19.78 | I21: *Fonte da composição, valores de referência e fórmula do BDI: Acórdão 2622/2013-TCU-Plenário
B23: O valores do BDI acima foram calculados com emprego da equação a seguir:
B25: Onde:
B26: AC - taxa de rateio da Administração Central
B27: DF - taxa das despesas financeiras
B28: R, S, G - taxa de risco, seguro e garantia do empreendimento
B29: I - taxa de tributos (onerado: I = COFINS+PIS+ISS / desonerado: I = COFINS+PIS+ISS+CPRB)
B30: L - taxa de lucro

Sheet CAPA - MEMORIAL DE CÁLCULO
C9: MEMORIAL DE CÁLCULO E LEVANTAMENTOS

Sheet RESUMO LEVTO
B1: RESUMO GERAL DE LEVANTAMENTOS
B8: OBJETO: | C8: ='ORÇAMENTO SINTÉTICO (SD)'!C3 -> DEMOLIÇÃO DO RESERVATÓRIO EXISTENTE, EXECUÇÃO DE RESERVATÓRIO METÁLICO ELEVADO E REESTRUTURAÇÃO (COM AMPLIAÇÃO) DA REDE DE DISTRIBUIÇÃO DE ÁGUA TRATADA EXISTENTE NO MUNICÍPIO DE MATRINCHÃ | S8: DATA: | T8: ='ORÇAMENTO SINTÉTICO (SD)'!G3 -> 04/11/2024
B9: LOCAL: | C9: ='ORÇAMENTO SINTÉTICO (SD)'!C4 -> RUAS DIVERSAS, MATRINCHÃ, GO | S9: REVISÃO: | T9: ='ORÇAMENTO SINTÉTICO (SD)'!G4 -> 00
B11: SERVIÇOS: | C11: LEVANTAMENTOS | S11: LOCAIS: | T11: INDICADOS
B13: Item | C13: Base | D13: Código | E13: Serviço | N13: Und | O13: Caixas | P13: Reservatório | Q13: Rede de Abastecimento | T13: Total
B15: 1 | F15: IMPLANTAÇÃO DA OBRA | T15: =SUM(O15:S15) -> 0
B16: 1.1 | C16: ='ADMINISTRAÇÃO LOCAL'!B9 -> GOINFRA | D16: ='ADMINISTRAÇÃO LOCAL'!C9 -> 250101 | H16: ='ADMINISTRAÇÃO LOCAL'!D9 -> ENGENHEIRO - (OBRAS CIVIS) | N16: =+'ADMINISTRAÇÃO LOCAL'!F15 -> H | P16: =+'ADMINISTRAÇÃO LOCAL'!E15 -> 300 | T16: =SUM(O16:S16) -> 300
B17: 1.2 | C17: ='ADMINISTRAÇÃO LOCAL'!B17 -> GOINFRA | D17: ='ADMINISTRAÇÃO LOCAL'!C17 -> 250103 | H17: ='ADMINISTRAÇÃO LOCAL'!D17 -> ENCARREGADO - (OBRAS CIVIS) | N17: =+'ADMINISTRAÇÃO LOCAL'!F23 -> H | P17: =+'ADMINISTRAÇÃO LOCAL'!E23 -> 880 | T17: =SUM(O17:S17) -> 880
B18: 1.3 | C18: ='ADMINISTRAÇÃO LOCAL'!J17 -> GOINFRA | D18: ='ADMINISTRAÇÃO LOCAL'!K17 -> 250105 | H18: ='ADMINISTRAÇÃO LOCAL'!L17 -> ALMOXARIFE - (OBRAS CIVIS) | N18: =+'ADMINISTRAÇÃO LOCAL'!N23 -> H | P18: =+'ADMINISTRAÇÃO LOCAL'!M23 -> 880 | T18: =SUM(O18:S18) -> 880
B19: 1.4 | C19: ='ADMINISTRAÇÃO LOCAL'!B25 -> GOINFRA | D19: ='ADMINISTRAÇÃO LOCAL'!C25 -> 250110 | H19: ='ADMINISTRAÇÃO LOCAL'!D25 -> VIGIA DE OBRAS - (NOTURNO E NO SÁBADO/DOMINGO DIURNO) - O.C. | N19: =+'ADMINISTRAÇÃO LOCAL'!F31 -> H | P19: =+'ADMINISTRAÇÃO LOCAL'!E31 -> 1760 | T19: =SUM(O19:S19) -> 1760
T20: =SUM(O20:S20) -> 0
B21: 2 | F21: CANTEIRO DE OBRAS | T21: =SUM(O21:S21) -> 0
B22: 2.1 | C22: =CANTEIRO!B9 -> GOINFRA | D22: =CANTEIRO!C9 -> 020212 | H22: =CANTEIRO!D9 -> BARRACÃO DE OBRAS PADRÃO GOINFRA ( BLOCOS,COBERTURAS, PASSARELAS E MÓVEIS), SEM ALOJAMENTO E LAVANDERIA , COM PINTURA, EM CONSONÂNCIA COM AS NR's, EM ESPECIAL A NR-18, INCLUSO INSTALAÇÕES ELÉTRICAS E HIDROSSANITÁRIAS - ( COM REAPROVEITAMENTO 1 VEZ ). | N22: =N26 -> M2 | P22: =CANTEIRO!N48 -> 235.42 | T22: =SUM(O22:S22) -> 235.42
B23: 2.2 | C23: =CANTEIRO!B50 -> GOINFRA | D23: =CANTEIRO!C50 -> 020303 | H23: =CANTEIRO!D50 -> DEPÓSITO PARA CIMENTO TIPO II COM PINTURA PADRÃO GOINFRA (3 ,30 X 3,30 M) A=10,89 M2 (C/ REAPROV. 1 VEZ ) - INCLUSO PALETES | N23: =CANTEIRO!G52 -> UN | P23: =CANTEIRO!F52 -> 1 | T23: =SUM(O23:S23) -> 1
B24: 2.3 | C24: =CANTEIRO!B54 -> GOINFRA | D24: =CANTEIRO!C54 -> 020400 | H24: =CANTEIRO!D54 -> LIGAÇÃO PROVISÓRIA DE ÁGUA (INCLUSO RETIRADA DO ESGOTO SANITÁRIO) - PD. GOINFRA | N24: =CANTEIRO!G56 -> UN | P24: =CANTEIRO!F56 -> 1 | T24: =SUM(O24:S24) -> 1
B25: 2.4 | C25: =CANTEIRO!B58 -> GOINFRA | D25: =CANTEIRO!C58 -> 020501 | H25: =CANTEIRO!D58 -> LIGAÇÃO PROVISÓRIA LUZ E FORÇA - PD. GOINFRA | N25: =CANTEIRO!G60 -> UN | P25: =CANTEIRO!F60 -> 1 | T25: =SUM(O25:S25) -> 1
B26: 2.5 | C26: =CANTEIRO!B62 -> GOINFRA | D26: =CANTEIRO!C62 -> 021602 | H26: =+CANTEIRO!D62 -> EPI/PGR/PCMSO/EXAMES/TREINAMENTOS/VISITAS - ÁREAS EDIFICADAS/COBERTAS/FECHADAS | N26: =+CANTEIRO!J72 -> M2 | P26: =CANTEIRO!J64 -> 451.2 | T26: =SUM(O26:S26) -> 451.2
B27: 2.6 | C27: =CANTEIRO!B66 -> GOINFRA | D27: =CANTEIRO!C66 -> 020200 | H27: =CANTEIRO!D66 -> FERRAMENTAS (MANUAIS/ELÉTRICAS) E MATERIAL DE LIMPEZA PERMANENTE DA OBRA - ÁREAS EDIFICADAS/COBERTAS/FECHADAS | N27: =+CANTEIRO!J73 -> M2 | P27: =CANTEIRO!I68 -> 902.4 | T27: =SUM(O27:S27) -> 902.4
B28: 2.7 | C28: =CANTEIRO!B70 -> GOINFRA | D28: =CANTEIRO!C70 -> 021301 | H28: =CANTEIRO!D70 -> PLACA DE OBRA PLOTADA EM CHAPA METÁLICA 26 , AFIXADA EM CAVALETES DE MADEIRA DE LEI (VIGOTAS 6X12CM) - PADRÃO GOINFRA | N28: =+CANTEIRO!J74 -> M2 | P28: =+CANTEIRO!I74 -> 7.5 | T28: =SUM(O28:S28) -> 7.5
B29: 2.8 | C29: =CANTEIRO!B76 -> GOINFRA | D29: =CANTEIRO!C76 -> 271502 | H29: =CANTEIRO!D76 -> CANTINA - (OBRAS CIVIS) | N29: =N25 -> UN | P29: =CANTEIRO!L98 -> 1736 | T29: =SUM(O29:S29) -> 1736
B30: 2.8 | C30: =CANTEIRO!G76 -> GOINFRA | D30: =CANTEIRO!H76 -> 271500 | H30: =CANTEIRO!I76 -> CAFE DA MANHA | N30: =N29 -> UN | P30: =CANTEIRO!L98 -> 1736 | T30: =SUM(O30:S30) -> 1736
T31: =SUM(O31:S31) -> 0
B32: 3 | F32: SERVIÇOS PRELIMINARES | T32: =SUM(O32:S32) -> 0
B33: 3.1 | C33: ='SERVIÇOS PRELIMINARES'!B9 -> GOINFRA | D33: ='SERVIÇOS PRELIMINARES'!C9 -> 020190 | H33: ='SERVIÇOS PRELIMINARES'!D9 -> LIMPEZA MECÂNICA DE TERRENO | N33: ='SERVIÇOS PRELIMINARES'!G11 -> M2 | P33: ='SERVIÇOS PRELIMINARES'!F11 -> 592.63 | T33: =SUM(O33:S33) -> 592.63
B34: 3.2 | C34: ='SERVIÇOS PRELIMINARES'!B15 -> GOINFRA | D34: ='SERVIÇOS PRELIMINARES'!C15 -> 020702 | H34: ='SERVIÇOS PRELIMINARES'!D15 -> LOCAÇÃO DE OBRAS DE PEQUENO PORTE COM CAVALETE, INCLUSO PINTURA (FACE INTERNA DO SARRAFO 10CM) E PIQUETE COM TESTEMUNHA | N34: ='SERVIÇOS PRELIMINARES'!I17 -> M2 | P34: ='SERVIÇOS PRELIMINARES'!H19 -> 58.885 | T34: =SUM(O34:S34) -> 58.885
B35: 3.2 | C35: ='SERVIÇOS PRELIMINARES'!B23 -> GOINFRA | D35: ='SERVIÇOS PRELIMINARES'!C23 -> 050250 | H35: ='SERVIÇOS PRELIMINARES'!D23 -> TRAÇO DE CONCRETO | N35: ='SERVIÇOS PRELIMINARES'!I25 -> UN | P35: ='SERVIÇOS PRELIMINARES'!H25 -> 1 | T35: =SUM(O35:S35) -> 1
B36: 3.2 | C36: ='SERVIÇOS PRELIMINARES'!B28 -> GOINFRA | D36: ='SERVIÇOS PRELIMINARES'!C28 -> 050251 | H36: ='SERVIÇOS PRELIMINARES'!D28 -> CORPO DE PROVA | N36: ='SERVIÇOS PRELIMINARES'!H32 -> UN | P36: ='SERVIÇOS PRELIMINARES'!G32 -> 42 | T36: =SUM(O36:S36) -> 42
B37: 3.2 | C37: ='SERVIÇOS PRELIMINARES'!B36 -> PRÓPRIO | D37: ='SERVIÇOS PRELIMINARES'!C36 -> SEINFRA-0131 | H37: ='SERVIÇOS PRELIMINARES'!D36 -> PLACA DE SINALIZACAO PARA OBRA NA VIA PUBLICA, TIPO CAVALETE ARTICULADO, CONFECCIONADO EM CHAPA PET 2,4MM, FUNDO, TEXTOS E SIMBOLOS EM VINIL AUTO ADESIVO, ESTRUTURA EM ACO TRATADO A BASE DE WASH PRIMER, PINTADO PELO PROCESSO ELETROSTATICO, NAS DIMENSOES DE 0,60M X 1,00M. FORNECIMENTO. (ADAPTADO DE SCO AD 20.25.0210) | N37: ='SERVIÇOS PRELIMINARES'!I37 -> UN | P37: ='SERVIÇOS PRELIMINARES'!G33 -> 0 | Q37: ='SERVIÇOS PRELIMINARES'!H37 -> 10 | T37: =SUM(O37:S37) -> 10
B38: 3.2 | C38: ='SERVIÇOS PRELIMINARES'!B41 -> PRÓPRIO | D38: ='SERVIÇOS PRELIMINARES'!C41 -> SEINFRA-0132 | H38: ='SERVIÇOS PRELIMINARES'!D41 -> CONE PLASTICO PARA SINALIZAÇÃO | N38: ='SERVIÇOS PRELIMINARES'!I42 -> UN | P38: ='SERVIÇOS PRELIMINARES'!G34 -> 0 | Q38: ='SERVIÇOS PRELIMINARES'!H42 -> 20 | T38: =SUM(O38:S38) -> 20
B39: 3.2 | C39: ='SERVIÇOS PRELIMINARES'!B46 -> GOINFRA RODOVIÁRIA | D39: ='SERVIÇOS PRELIMINARES'!C46 -> 42301 | H39: ='SERVIÇOS PRELIMINARES'!D46 -> MOBILIZAÇÃO / DESMOBILIZAÇÃO - CONFORME DEMONSTRATIVO | N39: =+N38 -> UN | P39: =+'SERVIÇOS PRELIMINARES'!I52 -> 1 | Q39: ='SERVIÇOS PRELIMINARES'!H43 -> 0 | T39: =SUM(O39:S39) -> 1
T40: =SUM(O40:S40) -> 0
B41: 4 | F41: DEMOLIÇÕES | T41: =SUM(O41:S41) -> 0
B42: 4.1 | C42: =DEMOLIÇÕES!B9 -> PRÓPRIO | D42: =DEMOLIÇÕES!C9 -> SEINFRA-0111 | H42: =DEMOLIÇÕES!D9 -> DEMOLIÇÃO DE LAJES, EM CONCRETO ARMADO, DE FORMA MECANIZADA COM MARTELETE, SEM REAPROVEITAMENTO. (ADAPTADO DE SINAPI 97629) | N42: =DEMOLIÇÕES!I15 -> M3 | P42: =DEMOLIÇÕES!H15 -> 39.140042 | T42: =SUM(O42:S42) -> 39.140042
B43: 4.2 | C43: =DEMOLIÇÕES!B17 -> PRÓPRIO | D43: =DEMOLIÇÕES!C17 -> SEINFRA-0112 | H43: =DEMOLIÇÕES!D17 -> DEMOLIÇÃO DE PILARES E VIGAS EM CONCRETO ARMADO, DE FORMA MECANIZADA COM MARTELETE, SEM REAPROVEITAMENTO. (ADAPTADO DE SINAPI 97627) | N43: =DEMOLIÇÕES!J21 -> M3 | P43: =DEMOLIÇÕES!I21 -> 12 | T43: =SUM(O43:S43) -> 12
B44: 4.3 | C44: =DEMOLIÇÕES!B23 -> GOINFRA | D44: =DEMOLIÇÕES!C23 -> 020130 | H44: =DEMOLIÇÕES!D23 -> DEMOLIÇÃO MANUAL DE ALAMBRADO - POSTE DE CONCRETO/TELA/VIGA COM TRANSPORTE ATE CAÇAMBA E CARGA | N44: =DEMOLIÇÕES!I27 -> M | P44: =DEMOLIÇÕES!H27 -> 57.7 | T44: =SUM(O44:S44) -> 57.7
B45: 4.4 | C45: =DEMOLIÇÕES!B29 -> PRÓPRIO | D45: =+DEMOLIÇÕES!C29 -> SEINFRA-0117 | H45: =DEMOLIÇÕES!D29 -> DEMOLIÇÃO PARCIAL DE PAVIMENTO ASFÁLTICO, DE FORMA MECANIZADA, SEM REAPROVEITAMENTO. (ADAPTADO DE SINAPI 97636) | N45: =DEMOLIÇÕES!L32 -> M3 | Q45: =DEMOLIÇÕES!I32 -> 241.75 | T45: =SUM(O45:S45) -> 241.75
B46: 4.5 | C46: =DEMOLIÇÕES!B34 -> GOINFRA | D46: =DEMOLIÇÕES!C34 -> 030101 | H46: =DEMOLIÇÕES!D34 -> TRANSPORTE DE ENTULHO EM CAMINHÃO INCLUSO A CARGA MANUAL | N46: =DEMOLIÇÕES!I41 -> M3 | O46: =DEMOLIÇÕES!H38 -> 25.16085 | P46: =SUM(DEMOLIÇÕES!H36:H37)+'SERVIÇOS PRELIMINARES'!K11 -> 193.80119 | Q46: =SUM(DEMOLIÇÕES!H39:H40) -> 365.8221 | T46: =SUM(O46:S46) -> 584.78414
T47: =SUM(O47:S47) -> 0
B48: 5 | F48: MOVIMENTO DE TERRA | T48: =SUM(O48:S48) -> 0
B49: 5.1 | C49: ='RESER-ELE-ESCAVAÇÕES'!B26 -> GOINFRA | D49: ='RESER-ELE-ESCAVAÇÕES'!E26 -> 040101 | H49: ='RESER-ELE-ESCAVAÇÕES'!F26 -> ESCAVACAO MANUAL DE VALAS < 1 MTS. (OBRAS CIVIS) | N49: =+'CAIXAS-MOV. TERRA'!R17 -> 0 | O49: =+'CAIXAS-MOV. TERRA'!S17 -> 0 | P49: ='RESER-ELE-ESCAVAÇÕES'!Q26+'RESER-SPDA-ESCAVAÇÕES'!Q33 -> 14.7972 | Q49: =+'REDE ABAST-MOV. TERRA'!O23 -> 18.225 | T49: =SUM(O49:S49) -> 33.0222
B50: 5.2 | C50: =+'CAIXAS-MOV. TERRA'!B18 -> GOINFRA | D50: =+'CAIXAS-MOV. TERRA'!C18 -> 040103 | H50: =+'CAIXAS-MOV. TERRA'!D18 -> ESCAVAÇAO MANUAL DE VALAS PROF. 1 A 2 M | N50: =+'CAIXAS-MOV. TERRA'!R18 -> M3 | O50: =+'CAIXAS-MOV. TERRA'!S18 -> 51.9305 | T50: =SUM(O50:S50) -> 51.9305
B51: 5.3 | C51: =+'REDE ABAST-MOV. TERRA'!B24 -> GOINFRA | D51: =+'REDE ABAST-MOV. TERRA'!C24 -> 041004 | H51: =+'REDE ABAST-MOV. TERRA'!D24 -> ESCAVACAO MECANICA | N51: =+'REDE ABAST-MOV. TERRA'!N24 -> M3 | Q51: ='REDE ABAST-MOV. TERRA'!O24+'REDE ABAST-CAIXAS e POÇOS'!Y21 -> 4125.1235 | T51: =SUM(O51:S51) -> 4125.1235
B52: 5.4 | C52: =+'RESERV-FUN-BLOCO'!B21 -> GOINFRA | D52: =+'RESERV-FUN-BLOCO'!C21 -> 050901 | H52: =+'RESERV-FUN-BLOCO'!D21 -> ESCAVACAO MANUAL DE VALAS (SAPATAS/BLOCOS) | N52: =+'RESERV-FUN-BLOCO'!U21 -> M3 | P52: =+'RESERV-FUN-BLOCO'!V21 -> 33.896 | T52: =SUM(O52:S52) -> 33.896
B53: 5.5 | C53: =+'CAIXAS-MOV. TERRA'!B19 -> GOINFRA | D53: =+'CAIXAS-MOV. TERRA'!C19 -> 041002 | H53: =+'CAIXAS-MOV. TERRA'!D19 -> APILOAMENTO | N53: =+'CAIXAS-MOV. TERRA'!R19 -> M2 | O53: =+'CAIXAS-MOV. TERRA'!S19 -> 25.82 | P53: =+'RESERV-FUN-BLOCO'!V22+'RESER-ELE-ESCAVAÇÕES'!Q27+'RESER-SPDA-ESCAVAÇÕES'!Q34 -> 66.421 | Q53: ='REDE ABAST-MOV. TERRA'!O25+'REDE ABAST-CAIXAS e POÇOS'!Y22 -> 3274.05 | T53: =SUM(O53:S53) -> 3366.291
B54: 5.6 | C54: =+'CAIXAS-MOV. TERRA'!B20 -> GOINFRA | D54: =+'CAIXAS-MOV. TERRA'!C20 -> 041146 | H54: =+'CAIXAS-MOV. TERRA'!D20 -> FORNECIMENTO DE SOLO PARA ATERRO - EXCLUSO TRANSPORTE PARA OBRA | N54: =+'CAIXAS-MOV. TERRA'!R20 -> M3 | O54: =+'CAIXAS-MOV. TERRA'!S20 -> 5.1725 | T54: =SUM(O54:S54) -> 5.1725
B55: 5.7 | C55: =+'CAIXAS-MOV. TERRA'!B21 -> GOINFRA | D55: =+'CAIXAS-MOV. TERRA'!C21 -> 041006 | H55: =+'CAIXAS-MOV. TERRA'!D21 -> TRANSPORTE DE MATERIAL ESCAVADO M3.KM | N55: =+'CAIXAS-MOV. TERRA'!R21 -> M3.KM | O55: =+'CAIXAS-MOV. TERRA'!S21 -> 33.62125 | T55: =SUM(O55:S55) -> 33.62125
B56: 5.8 | C56: =+'CAIXAS-MOV. TERRA'!B22 -> GOINFRA | D56: =+'CAIXAS-MOV. TERRA'!C22 -> 051027 | H56: =+'CAIXAS-MOV. TERRA'!D22 -> LASTRO DE BRITA (OBRAS CIVIS) | N56: =+'CAIXAS-MOV. TERRA'!R22 -> M3 | O56: =+'CAIXAS-MOV. TERRA'!S22 -> 3.7180655 | Q56: =+'REDE ABAST-MOV. TERRA'!O27+'REDE ABAST-CAIXAS e POÇOS'!Y23 -> 164.62413 | T56: =SUM(O56:S56) -> 168.34219
B57: 5.9 | C57: =+'CAIXAS-MOV. TERRA'!B23 -> GOINFRA | D57: =+'CAIXAS-MOV. TERRA'!C23 -> 041013 | H57: =+'CAIXAS-MOV. TERRA'!D23 -> COMPACTAÇÃO MECÂNICA DE SOLO COM COMPACTADOR DE PERCUSSÃO (SAPO MECÂNICO) | N57: =+'CAIXAS-MOV. TERRA'!R23 -> M3 | O57: =+'CAIXAS-MOV. TERRA'!S23 -> 8.8905655 | Q57: =+'REDE ABAST-MOV. TERRA'!O28 -> 3195.2045 | T57: =SUM(O57:S57) -> 3204.0951
B58: 5.10 | C58: =+'CAIXAS-MOV. TERRA'!B24 -> GOINFRA | D58: =+'CAIXAS-MOV. TERRA'!C24 -> 050905 | H58: =+'CAIXAS-MOV. TERRA'!D24 -> REATERRO COM APILOAMENTO MECÂNICO (BLOCOS/SAPATAS) | N58: =+'CAIXAS-MOV. TERRA'!R24 -> M3 | O58: =+'CAIXAS-MOV. TERRA'!S24 -> 32.576 | P58: =+'RESERV-FUN-BLOCO'!V30+'RESER-ELE-ESCAVAÇÕES'!Q28+'RESER-SPDA-ESCAVAÇÕES'!Q30 -> 33.8252 | Q58: ='REDE ABAST-CAIXAS e POÇOS'!Y33 -> 27.124388 | T58: =SUM(O58:S58) -> 93.525588
B59: 5.11 | C59: =+'REDE ABAST-MOV. TERRA'!B26 -> GOINFRA | D59: =+'REDE ABAST-MOV. TERRA'!C26 -> 050903 | H59: =+'REDE ABAST-MOV. TERRA'!D26 -> REATERRO COM APILOAMENTO MANUAL (BLOCOS/SAPATAS) | N59: =+'CAIXAS-MOV. TERRA'!R24 -> M3 | Q59: =+'REDE ABAST-MOV. TERRA'!O26 -> 881.36796 | T59: =SUM(O59:S59) -> 881.36796
B60: 5.12 | C60: =+'REDE ABAST-MOV. TERRA'!B29 -> PRÓPRIO | D60: =+'REDE ABAST-MOV. TERRA'!C29 -> SEINFRA -0105 | H60: =+'REDE ABAST-MOV. TERRA'!D29 -> ESCORAMENTO DE VALA, TIPO PONTALETEAMENTO, COM PROFUNDIDADE DE 0 A 1,5 M, LARGURA MENOR QUE 1,5 M. (ADAPTADO DE SINAPI 101570) | N60: =+'REDE ABAST-MOV. TERRA'!N29 -> M2 | O60: =+'CAIXAS-MOV. TERRA'!S25 -> 0 | P60: =+'RESERV-FUN-BLOCO'!V31+'RESER-ELE-ESCAVAÇÕES'!Q29+'RESER-SPDA-ESCAVAÇÕES'!Q31 -> 0 | Q60: =+'REDE ABAST-MOV. TERRA'!O29 -> 1057.05 | T60: =SUM(O60:S60) -> 1057.05
T61: =SUM(O61:S61) -> 0
B62: 6 | F62: FUNDAÇÕES | T62: =SUM(O62:S62) -> 0
B63: 6.1 | G63: CONTENÇÕES | T63: =SUM(O63:S63) -> 0
B64: 6.1.1 | C64: =+'CAIXAS-FUN-CONTENÇÕES'!B32 -> GOINFRA | D64: =+'CAIXAS-FUN-CONTENÇÕES'!C32 -> 051024 | H64: =+'CAIXAS-FUN-CONTENÇÕES'!D32 -> PREPARO COM BETONEIRA E TRANSPORTE MANUAL DE CONCRETO PARA LASTRO - (O.C.) | N64: =+'CAIXAS-FUN-CONTENÇÕES'!R32 -> M3 | O64: =+'CAIXAS-FUN-CONTENÇÕES'!S32 -> 0.567 | T64: =SUM(O64:S64) -> 0.567
B65: 6.1.2 | C65: =+'CAIXAS-FUN-CONTENÇÕES'!B33 -> GOINFRA | D65: =+'CAIXAS-FUN-CONTENÇÕES'!C33 -> 051009 | H65: =+'CAIXAS-FUN-CONTENÇÕES'!D33 -> FORMA TABUA PINHO PARA FUNDACOES U=3V - (OBRAS CIVIS) | N65: =+'CAIXAS-FUN-CONTENÇÕES'!R33 -> M2 | O65: =+'CAIXAS-FUN-CONTENÇÕES'!S33 -> 13.559 | T65: =SUM(O65:S65) -> 13.559
B66: 6.1.3 | C66: =+'CAIXAS-FUN-CONTENÇÕES'!B34 -> GOINFRA | D66: =+'CAIXAS-FUN-CONTENÇÕES'!C34 -> 052003 | H66: =+'CAIXAS-FUN-CONTENÇÕES'!D34 -> ACO CA-50A - 6,3 MM (1/4") - (OBRAS CIVIS) | N66: =+'CAIXAS-FUN-CONTENÇÕES'!R34 -> KG | O66: =+'CAIXAS-FUN-CONTENÇÕES'!S34 -> 104.4435 | T66: =SUM(O66:S66) -> 104.4435
B67: 6.1.4 | C67: =+'CAIXAS-FUN-CONTENÇÕES'!B35 -> GOINFRA | D67: =+'CAIXAS-FUN-CONTENÇÕES'!C35 -> 052004 | H67: =+'CAIXAS-FUN-CONTENÇÕES'!D35 -> ACO CA 50-A - 8,0 MM (5/16") - (OBRAS CIVIS) | N67: =+'CAIXAS-FUN-CONTENÇÕES'!R35 -> KG | O67: =+'CAIXAS-FUN-CONTENÇÕES'!S35 -> 90.3128 | T67: =SUM(O67:S67) -> 90.3128
B68: 6.1.5 | C68: =+'CAIXAS-FUN-CONTENÇÕES'!B36 -> GOINFRA | D68: =+'CAIXAS-FUN-CONTENÇÕES'!C36 -> 052005 | H68: =+'CAIXAS-FUN-CONTENÇÕES'!D36 -> ACO CA-50A - 10,0 MM (3/8") - (OBRAS CIVIS) | N68: =+'CAIXAS-FUN-CONTENÇÕES'!R36 -> KG | O68: =+'CAIXAS-FUN-CONTENÇÕES'!S36 -> 35.44048 | T68: =SUM(O68:S68) -> 35.44048
B69: 6.1.6 | C69: =+'CAIXAS-FUN-CONTENÇÕES'!B37 -> GOINFRA | D69: =+'CAIXAS-FUN-CONTENÇÕES'!C37 -> 052014 | H69: =+'CAIXAS-FUN-CONTENÇÕES'!D37 -> ACO CA-60 - 5,0 MM - (OBRAS CIVIS) | N69: =+'CAIXAS-FUN-CONTENÇÕES'!R37 -> KG | O69: =+'CAIXAS-FUN-CONTENÇÕES'!S37 -> 6.9454 | T69: =SUM(O69:S69) -> 6.9454
B70: 6.1.7 | C70: =+'CAIXAS-FUN-CONTENÇÕES'!B38 -> GOINFRA | D70: =+'CAIXAS-FUN-CONTENÇÕES'!C38 -> 051030 | H70: =+'CAIXAS-FUN-CONTENÇÕES'!D38 -> PREPARO COM BETONEIRA E TRANSPORTE MANUAL DE CONCRETO FCK=25 MPA | N70: =+'CAIXAS-FUN-CONTENÇÕES'!R38 -> M3 | O70: =+'CAIXAS-FUN-CONTENÇÕES'!S38 -> 3.9825135 | T70: =SUM(O70:S70) -> 3.9825135
B71: 6.1.8 | C71: =+'CAIXAS-FUN-CONTENÇÕES'!B39 -> GOINFRA | D71: =+'CAIXAS-FUN-CONTENÇÕES'!C39 -> 051055 | H71: =+'CAIXAS-FUN-CONTENÇÕES'!D39 -> LANÇAMENTO/APLICAÇÃO/ADENSAMENTO MANUAL DE CONCRETO - (O.C.) | N71: =+'CAIXAS-FUN-CONTENÇÕES'!R39 -> M3 | O71: =+'CAIXAS-FUN-CONTENÇÕES'!S39 -> 3.9825135 | T71: =SUM(O71:S71) -> 3.9825135
B72: 6.1.9 | C72: =+'CAIXAS-FUN-CONTENÇÕES'!B40 -> PRÓPRIO | D72: =+'CAIXAS-FUN-CONTENÇÕES'!C40 -> SEINFRA-0022 | H72: =+'CAIXAS-FUN-CONTENÇÕES'!D40 -> CORTINA CANALETA CONCRETO 14X19X39 PARA SER CHEIA CONCRETO ARMADO (0,0568M3/M2) - EXCLUSO O CONCRETO. (ADAPTADO DE GOINFRA CIVIL 110106) | N72: =+'CAIXAS-FUN-CONTENÇÕES'!R40 -> M2 | O72: =+'CAIXAS-FUN-CONTENÇÕES'!S40 -> 30.158 | T72: =SUM(O72:S72) -> 30.158
B73: 6.2 | G73: ESTACAS | T73: =SUM(O73:S73) -> 0
B74: 6.2.1 | C74: =+'RESERV-FUN-ESTACAS'!B18 -> 0 | D74: =+'RESERV-FUN-ESTACAS'!C18 -> 0 | H74: =+'RESERV-FUN-ESTACAS'!D18 -> MOBILIZAÇÃO | N74: =+'RESERV-FUN-ESTACAS'!N18 -> M | P74: =+'RESERV-FUN-ESTACAS'!O18 -> 0 | T74: =SUM(O74:S74) -> 0
B75: 6.2.2 | C75: =+'RESERV-FUN-ESTACAS'!B19 -> PRÓPRIO | D75: =+'RESERV-FUN-ESTACAS'!C19 -> SEINFRA-0023 | H75: =+'RESERV-FUN-ESTACAS'!D19 -> ESTACA ESCAVADA MECANICAMENTE - Ø 400MM | N75: =+'RESERV-FUN-ESTACAS'!N19 -> M | P75: =+'RESERV-FUN-ESTACAS'!O19 -> 300 | T75: =SUM(O75:S75) -> 300
B76: 6.2.3 | C76: =+'RESERV-FUN-ESTACAS'!B20 -> GOINFRA | D76: =+'RESERV-FUN-ESTACAS'!C20 -> 052003 | H76: =+'RESERV-FUN-ESTACAS'!D20 -> ACO CA-50A - 6,3 MM (1/4") - (OBRAS CIVIS) | N76: =+'RESERV-FUN-ESTACAS'!N20 -> KG | P76: =+'RESERV-FUN-ESTACAS'!O20 -> 185.22 | T76: =SUM(O76:S76) -> 185.22
B77: 6.2.4 | C77: =+'RESERV-FUN-ESTACAS'!B21 -> GOINFRA | D77: =+'RESERV-FUN-ESTACAS'!C21 -> 052007 | H77: =+'RESERV-FUN-ESTACAS'!D21 -> ACO CA - 50 - 16,0 MM (5/8") - (OBRAS CIVIS) | N77: =+'RESERV-FUN-ESTACAS'!N21 -> KG | P77: =+'RESERV-FUN-ESTACAS'!O21 -> 1136.16 | T77: =SUM(O77:S77) -> 1136.16
B78: 6.2.5 | C78: =+'RESERV-FUN-ESTACAS'!B22 -> GOINFRA | D78: =+'RESERV-FUN-ESTACAS'!C22 -> 051030 | H78: =+'RESERV-FUN-ESTACAS'!D22 -> PREPARO COM BETONEIRA E TRANSPORTE MANUAL DE CONCRETO FCK=25 MPA | N78: =+'RESERV-FUN-ESTACAS'!N22 -> M3 | P78: =+'RESERV-FUN-ESTACAS'!O22 -> 37.7 | T78: =SUM(O78:S78) -> 37.7
B79: 6.2.6 | C79: =+'RESERV-FUN-ESTACAS'!B23 -> GOINFRA | D79: =+'RESERV-FUN-ESTACAS'!C23 -> 051055 | H79: =+'RESERV-FUN-ESTACAS'!D23 -> LANÇAMENTO/APLICAÇÃO/ADENSAMENTO MANUAL DE CONCRETO - (O.C.) | N79: =+'RESERV-FUN-ESTACAS'!N23 -> M3 | P79: =+'RESERV-FUN-ESTACAS'!O23 -> 37.7 | T79: =SUM(O79:S79) -> 37.7
B80: 6.2.7 | C80: =+'RESERV-FUN-ESTACAS'!B24 -> PRÓPRIO | D80: =+'RESERV-FUN-ESTACAS'!C24 -> SEINFRA-0024 | H80: =+'RESERV-FUN-ESTACAS'!D24 -> ARRASAMENTO MECANICO DE ESTACA DE CONCRETO ARMADO, DIAMETROS DE ATÉ 40 CM. (ADAPTADO DE SINAPI 95601) | N80: =+'RESERV-FUN-ESTACAS'!N24 -> UN | P80: =+'RESERV-FUN-ESTACAS'!O24 -> 20 | T80: =SUM(O80:S80) -> 20
B81: 6.3 | G81: BLOCOS | T81: =SUM(O81:S81) -> 0
B82: 6.3.1 | C82: =+'RESERV-FUN-BLOCO'!B23 -> GOINFRA | D82: =+'RESERV-FUN-BLOCO'!C23 -> 051024 | H82: =+'RESERV-FUN-BLOCO'!D23 -> PREPARO COM BETONEIRA E TRANSPORTE MANUAL DE CONCRETO PARA LASTRO - (O.C.) | N82: =+'RESERV-FUN-BLOCO'!U23 -> M3 | P82: =+'RESERV-FUN-BLOCO'!V23 -> 1.84025 | T82: =SUM(O82:S82) -> 1.84025
B83: 6.3.2 | C83: =+'RESERV-FUN-BLOCO'!B24 -> GOINFRA | D83: =+'RESERV-FUN-BLOCO'!C24 -> 051009 | H83: =+'RESERV-FUN-BLOCO'!D24 -> FORMA TABUA PINHO PARA FUNDACOES U=3V - (OBRAS CIVIS) | N83: =+'RESERV-FUN-BLOCO'!U24 -> M2 | P83: =+'RESERV-FUN-BLOCO'!V24 -> 29.25 | Q83: ='REDE ABAST-ANCORAGEM'!I23 -> 84.7725 | T83: =SUM(O83:S83) -> 114.0225
B84: 6.3.3 | C84: =+'RESERV-FUN-BLOCO'!B25 -> GOINFRA | D84: =+'RESERV-FUN-BLOCO'!C25 -> 052003 | H84: =+'RESERV-FUN-BLOCO'!D25 -> ACO CA-50A - 6,3 MM (1/4") - (OBRAS CIVIS) | N84: =+'RESERV-FUN-BLOCO'!U25 -> KG | P84: =+'RESERV-FUN-BLOCO'!V25 -> 156.996 | T84: =SUM(O84:S84) -> 156.996
B85: 6.3.4 | C85: =+'RESERV-FUN-BLOCO'!B26 -> GOINFRA | D85: =+'RESERV-FUN-BLOCO'!C26 -> 052004 | H85: =+'RESERV-FUN-BLOCO'!D26 -> ACO CA 50-A - 8,0 MM (5/16") - (OBRAS CIVIS) | N85: =+'RESERV-FUN-BLOCO'!U26 -> KG | P85: =+'RESERV-FUN-BLOCO'!V26 -> 42.83064 | T85: =SUM(O85:S85) -> 42.83064
B86: 6.3.5 | C86: =+'RESERV-FUN-BLOCO'!B27 -> GOINFRA | D86: =+'RESERV-FUN-BLOCO'!C27 -> 052007 | H86: =+'RESERV-FUN-BLOCO'!D27 -> ACO CA - 50 - 16,0 MM (5/8") - (OBRAS CIVIS) | N86: =+'RESERV-FUN-BLOCO'!U27 -> KG | P86: =+'RESERV-FUN-BLOCO'!V27 -> 534.6264 | T86: =SUM(O86:S86) -> 534.6264
B87: 6.3.6 | C87: =+'RESERV-FUN-BLOCO'!B28 -> GOINFRA | D87: =+'RESERV-FUN-BLOCO'!C28 -> 051030 | H87: =+'RESERV-FUN-BLOCO'!D28 -> PREPARO COM BETONEIRA E TRANSPORTE MANUAL DE CONCRETO FCK=25 MPA | N87: =+'RESERV-FUN-BLOCO'!U28 -> M3 | P87: =+'RESERV-FUN-BLOCO'!V28 -> 15.2055 | Q87: ='REDE ABAST-ANCORAGEM'!I24+'REDE ABAST-CAIXAS e POÇOS'!Y24 -> 18.5423 | T87: =SUM(O87:S87) -> 33.7478
B88: 6.3.8 | C88: =+'RESERV-FUN-BLOCO'!B29 -> GOINFRA | D88: =+'RESERV-FUN-BLOCO'!C29 -> 051055 | H88: =+'RESERV-FUN-BLOCO'!D29 -> LANÇAMENTO/APLICAÇÃO/ADENSAMENTO MANUAL DE CONCRETO - (O.C.) | N88: =+'RESERV-FUN-BLOCO'!U29 -> M3 | P88: =+'RESERV-FUN-BLOCO'!V29 -> 15.2055 | Q88: ='REDE ABAST-ANCORAGEM'!I25+'REDE ABAST-CAIXAS e POÇOS'!Y25 -> 18.5423 | T88: =SUM(O88:S88) -> 33.7478
B89: 6.3.8 | C89: ='REDE ABAST-CAIXAS e POÇOS'!B26 -> PRÓPRIO | D89: ='REDE ABAST-CAIXAS e POÇOS'!C26 -> SEINFRA-0119 | H89: ='REDE ABAST-CAIXAS e POÇOS'!D26 -> CONCRETO CICLÓPICO FCK = 15MPA, 30% PEDRA DE MÃO EM VOLUME REAL, INCLUSIVE LANÇAMENTO. (ADAPTADO DE SINAPI 102487) | N89: ='REDE ABAST-CAIXAS e POÇOS'!X26 -> M3 | Q89: ='REDE ABAST-CAIXAS e POÇOS'!Y26 -> 2.3792852 | T89: =SUM(O89:S89) -> 2.3792852
T90: =SUM(O90:S90) -> 0
B91: 7 | F91: ESTRUTURA DE CONCRETO | T91: =SUM(O91:S91) -> 0
B92: 7.1 | G92: FORMAS E ESCORAMENTOS | T92: =SUM(O92:S92) -> 0
B93: 7.1.1 | C93: =+'RESERV-EST-PILARES'!B19 -> GOINFRA | D93: =+'RESERV-EST-PILARES'!C19 -> 060214 | H93: =+'RESERV-EST-PILARES'!D19 -> FORMA CHAPA DE COMPENSADO PLASTIFICADO 12 MM-VIGA/PILAR U=1V- (OBRAS CIVIS) | N93: =+'RESERV-EST-PILARES'!V19 -> M2 | P93: =+'RESERV-EST-PILARES'!W19+'RESER-EST-VIGA'!W19 -> 92.8 | T93: =SUM(O93:S93) -> 92.8
B94: 7.2 | G94: ARMAÇÃO | T94: =SUM(O94:S94) -> 0
B95: 7.2.1 | C95: =+'RESERV-EST-PILARES'!B20 -> GOINFRA | D95: =+'RESERV-EST-PILARES'!C20 -> 060303 | H95: =+'RESERV-EST-PILARES'!D20 -> ACO CA-50-A - 6,3 MM (1/4") - (OBRAS CIVIS) | N95: =+'RESERV-EST-PILARES'!V20 -> KG | P95: =+'RESERV-EST-PILARES'!W20 -> 23.9904 | T95: =SUM(O95:S95) -> 23.9904
B96: 7.2.2 | C96: =+'RESER-EST-VIGA'!B20 -> GOINFRA | D96: =+'RESER-EST-VIGA'!D20 -> 060304 | H96: =+'RESER-EST-VIGA'!E20 -> ACO CA-50 A - 8,0 MM (5/16") - (OBRAS CIVIS) | N96: =+'RESER-EST-VIGA'!V20 -> KG | P96: =+'RESER-EST-VIGA'!W20 -> 694.9472 | T96: =SUM(O96:S96) -> 694.9472
B97: 7.2.3 | C97: =+'RESER-EST-VIGA'!B21 -> GOINFRA | D97: =+'RESER-EST-VIGA'!D21 -> 060305 | H97: =+'RESER-EST-VIGA'!E21 -> ACO CA-50A - 10,0 MM (3/8") - (OBRAS CIVIS) | N97: =+'RESER-EST-VIGA'!V21 -> KG | P97: =+'RESER-EST-VIGA'!W21 -> 96.6222 | T97: =SUM(O97:S97) -> 96.6222
B98: 7.2.4 | C98: =+'RESER-EST-VIGA'!B22 -> GOINFRA | D98: =+'RESER-EST-VIGA'!D22 -> 060308 | H98: =+'RESER-EST-VIGA'!E22 -> ACO CA 50-A - 20,0 MM (3/4") - (OBRAS CIVIS) | N98: =+'RESER-EST-VIGA'!V22 -> KG | P98: =+'RESERV-EST-PILARES'!W21+'RESER-EST-VIGA'!W22+'RESER-EST-LAJE'!AB19 -> 6101.9444 | T98: =SUM(O98:S98) -> 6101.9444
B99: 7.2.5 | C99: =+'RESER-EST-VIGA'!B23 -> GOINFRA | D99: =+'RESER-EST-VIGA'!D23 -> 060310 | H99: =+'RESER-EST-VIGA'!E23 -> ACO CA 50-A - 25,0 MM (1") - (OBRAS CIVIS)' | N99: =+'RESER-EST-VIGA'!V23 -> KG | P99: =+'RESER-EST-VIGA'!W23 -> 819.9184 | T99: =SUM(O99:S99) -> 819.9184
B100: 7.2.6 | C100: =+'RESERV-EST-PILARES'!B22 -> GOINFRA | D100: =+'RESERV-EST-PILARES'!C22 -> 060314 | H100: =+'RESERV-EST-PILARES'!D22 -> ACO CA - 60 - 5,0 MM - (OBRAS CIVIS) | N100: =+'RESERV-EST-PILARES'!V22 -> KG | P100: =+'RESERV-EST-PILARES'!W22 -> 1.3552 | T100: =SUM(O100:S100) -> 1.3552
B101: 7.3 | G101: CONCRETO | T101: =SUM(O101:S101) -> 0
B102: 7.3.1 | C102: =+'RESERV-EST-PILARES'!B23 -> GOINFRA | D102: =+'RESERV-EST-PILARES'!C23 -> 060517 | H102: ='RESERV-EST-PILARES'!D23 -> PREPARO COM BETONEIRA E TRANSPORTE MANUAL DE CONCRETO FCK=25 MPA | N102: =+'RESERV-EST-PILARES'!V23 -> M3 | P102: =+'RESERV-EST-PILARES'!W23+'RESER-EST-VIGA'!W24+'RESER-EST-LAJE'!AB20 -> 81.92 | T102: =SUM(O102:S102) -> 81.92
B103: 7.3.2 | C103: =+'RESERV-EST-PILARES'!B24 -> GOINFRA | D103: =+'RESERV-EST-PILARES'!C24 -> 060802 | H103: ='RESERV-EST-PILARES'!D24 -> LANÇAMENTO/APLICAÇÃO/ADENSAMENTO DE CONCRETO EM ESTRUTURA - (O.C.) | N103: =+'RESERV-EST-PILARES'!V24 -> M3 | P103: =+'RESERV-EST-PILARES'!W24+'RESER-EST-VIGA'!W25+'RESER-EST-LAJE'!AB21 -> 81.92 | T103: =SUM(O103:S103) -> 81.92
B104: 7.3 | G104: DIVERSOS | T104: =SUM(O104:S104) -> 0
B105: 7.3.1 | C105: ='RESER-EST-LAJE CUBÍCULO'!B19 -> GOINFRA | D105: =+'RESER-EST-LAJE CUBÍCULO'!C19 -> 061101 | H105: =+'RESER-EST-LAJE CUBÍCULO'!D19 -> FORRO EM LAJE PRE-MOLDADA INCLUSO CAPEAMENTO/ARMADURA DE DISTRIBUIÇÃO/ESCORAMENTO E FORMA/DESFORMA | N105: ='RESER-EST-LAJE CUBÍCULO'!X19 -> M2 | P105: ='RESER-EST-LAJE CUBÍCULO'!AB19 -> 1.89 | T105: =SUM(O105:S105) -> 1.89
T106: =SUM(O106:S106) -> 0
B107: 8 | F107: ALVENARIAS E PAINÉIS | T107: =SUM(O107:S107) -> 0
B108: 8.1 | C108: ='CAIXAS-PAREDES'!B19 -> GOINFRA | D108: ='CAIXAS-PAREDES'!D19 -> 100102 | H108: ='CAIXAS-PAREDES'!G19 -> ALVENARIA DE TIJOLO COMUM 1/2 VEZ - ARGAMASSA (1CI : 2CH : 8ARML) | N108: ='CAIXAS-PAREDES'!N19 -> M2 | O108: ='CAIXAS-PAREDES'!O19 -> 0.75 | Q108: ='REDE ABAST-CAIXAS e POÇOS'!Y27 -> 21.111503 | T108: =SUM(O108:S108) -> 21.861503
B109: 8.2 | C109: ='RESER-PAREDES'!B27 -> PRÓPRIO | D109: ='RESER-PAREDES'!D27 -> SEINFRA-0107 | H109: ='RESER-PAREDES'!G27 -> MURO DIVISÓRIO EM BLOCO DE CONCRETO COM ACABAMENTO APARENTE, ESP. 15 CM, ALTURA DE 220 CM, COM ESTACA BROCA, PROF.: 250 CM, FORMA EM CONTRA BARRANCO, INCLUSIVE ESCAVAÇÃO COM TRANSPORTE E RETIRADA DO MATERIAL ESCAVADO (EM CAÇAMBA) | N109: ='RESER-PAREDES'!N27 -> M2 | P109: ='RESER-PAREDES'!O27 -> 126.94 | T109: =SUM(O109:S109) -> 126.94
...

Sheet ADMINISTRAÇÃO LOCAL
B1: MEMORIAL DE CÁLCULO
B4: OBJETO: | C4: ='DADOS DA OBRA'!$B$13 -> DEMOLIÇÃO DO RESERVATÓRIO EXISTENTE, EXECUÇÃO DE RESERVATÓRIO METÁLICO ELEVADO E REESTRUTURAÇÃO (COM AMPLIAÇÃO) DA REDE DE DISTRIBUIÇÃO DE ÁGUA TRATADA EXISTENTE NO MUNICÍPIO DE MATRINCHÃ | N4: DATA: | O4: =+'DADOS DA OBRA'!$N$22 -> 04/11/2024
B5: LOCAL: | C5: =+""&'DADOS DA OBRA'!$B$16&", "&'DADOS DA OBRA'!$B$19&", "&'DADOS DA OBRA'!$J$19&", "&'DADOS DA OBRA'!$P$19 -> RUAS DIVERSAS, DIVERSOS, MATRINCHÃ, GO | N5: REVISÃO: | O5: ='DADOS DA OBRA'!$N$25 -> 00
B7: SERVIÇOS: | C7: ADMINISTRAÇÃO LOCAL
B9: GOINFRA | C9: 250101 | D9: ENGENHEIRO - (OBRAS CIVIS) | J9: GOINFRA | K9: 250113 | L9: TÉCNICO EM SEGURANÇA DO TRABALHO (O. CIVIS)
D10: Total de visitas por semana | E10: 3 | F10: visitas | L10: Total de visitas por semana | M10: 5.5 | N10: visitas
D11: Tempo de duração na obra | E11: 5 | F11: horas | L11: Tempo de duração na obra | M11: 10 | N11: horas
D12: Total de semanas no mês | E12: 4 | F12: semanas | L12: Total de semanas no mês | M12: 4 | N12: semanas
D13: Total de meses | E13: 5 | F13: meses | L13: Total de meses | M13: 5 | N13: meses
D14: Total de profissionais | E14: 1 | F14: un | L14: Total de profissionais | M14: 0 | N14: un
D15: Total de horas efetivas | E15: =+E13*E12*E11*E10*E14 -> 300 | F15: H | L15: Total de horas efetivas | M15: =+M13*M12*M11*M10*M14 -> 0 | N15: H
B17: GOINFRA | C17: 250103 | D17: ENCARREGADO - (OBRAS CIVIS) | J17: GOINFRA | K17: 250105 | L17: ALMOXARIFE - (OBRAS CIVIS)
D18: Total de visitas por semana | E18: 5.5 | F18: visitas | L18: Total de visitas por semana | M18: 5.5 | N18: visitas
D19: Tempo de duração na obra | E19: 10 | F19: horas | L19: Tempo de duração na obra | M19: 10 | N19: horas
D20: Total de semanas no mês | E20: 4 | F20: semanas | L20: Total de semanas no mês | M20: 4 | N20: semanas
D21: Total de meses | E21: 4 | F21: meses | L21: Total de meses | M21: 4 | N21: meses
D22: Total de profissionais | E22: 1 | F22: un | L22: Total de profissionais | M22: 1 | N22: un
D23: Total de horas efetivas | E23: =+E21*E20*E19*E18*E22 -> 880 | F23: H | L23: Total de horas efetivas | M23: =+M21*M20*M19*M18*M22 -> 880 | N23: H
B25: GOINFRA | C25: 250110 | D25: VIGIA DE OBRAS - (NOTURNO E NO SÁBADO/DOMINGO DIURNO) - O.C. | J25: Verificação do atendimento ao Acórdão TCU 2622/2013, que rege o percentual de administração local
D26: Total de visitas por semana | E26: 5.5 | F26: visitas | J26: CONSTRUÇÃO DE REDES DE ABASTECIMENTO DE ÁGUA, COLETA DE ESGOTO E CONSTRUÇÕES CORRELATAS
D27: Tempo de duração na obra | E27: 10 | F27: horas
D28: Total de semanas no mês | E28: 4 | F28: semanas | J28: 1° Quartil | K28: 2° Quartil | L28: 3° Quartil | M28: Resultado Orçamento
D29: Total de meses | E29: 4 | F29: meses | J29: 0.0413 | K29: 0.0764 | L29: 0.1089 | M29: =(SUM('ORÇAMENTO SINTÉTICO (SD)'!L9,'ORÇAMENTO SINTÉTICO (SD)'!L19:L20,'ORÇAMENTO SINTÉTICO (SD)'!L22:L23,'ORÇAMENTO SINTÉTICO (SD)'!L27:L28))/'ORÇAMENTO SINTÉTICO (SD)'!L285 -> 0.10281033
D30: Total de profissionais | E30: 2 | F30: un
D31: Total de horas efetivas | E31: =+E29*E28*E27*E26*E30 -> 1760 | F31: H

Sheet CANTEIRO
B1: MEMORIAL DE CÁLCULO
B4: OBJETO: | C4: ='DADOS DA OBRA'!$B$13 -> DEMOLIÇÃO DO RESERVATÓRIO EXISTENTE, EXECUÇÃO DE RESERVATÓRIO METÁLICO ELEVADO E REESTRUTURAÇÃO (COM AMPLIAÇÃO) DA REDE DE DISTRIBUIÇÃO DE ÁGUA TRATADA EXISTENTE NO MUNICÍPIO DE MATRINCHÃ | N4: DATA: | O4: =+'DADOS DA OBRA'!$N$22 -> 04/11/2024
B5: LOCAL: | C5: =+""&'DADOS DA OBRA'!$B$16&", "&'DADOS DA OBRA'!$B$19&", "&'DADOS DA OBRA'!$J$19&", "&'DADOS DA OBRA'!$P$19 -> RUAS DIVERSAS, DIVERSOS, MATRINCHÃ, GO | N5: REVISÃO: | O5: ='DADOS DA OBRA'!$N$25 -> 00
B7: SERVIÇOS: | C7: CANTEIRO DE OBRAS
B9: GOINFRA | C9: 020212 | D9: BARRACÃO DE OBRAS PADRÃO GOINFRA ( BLOCOS,COBERTURAS, PASSARELAS E MÓVEIS), SEM ALOJAMENTO E LAVANDERIA , COM PINTURA, EM CONSONÂNCIA COM AS NR's, EM ESPECIAL A NR-18, INCLUSO INSTALAÇÕES ELÉTRICAS E HIDROSSANITÁRIAS - ( COM REAPROVEITAMENTO 1 VEZ ).
C11: O barracão de obras destina-se ao apoio logístico da obra e acomodação de funcionários, em consonância o que rege a NR-18. No dimensionamento do barracão para este empreendimento contempla: REFEITÓRIO, ÁREA DE LAZER, VESTIÁRIOS, BANHEIROS, AMBULATÓRIO, ESCRITÓRIOS E ALMOXARIFADO. O cálculo é baseado na quantidade de funcionarios que a obra contemplará.
F13: Quantidade máxima de funcionários | G13: =N103 -> 35
D14: Dimensionamento dos banheiros
F15: Requisitos: | G15: 01 conjunto de lavatório, vaso sanitário e mictório para cada 15 funcionários | M15: Total | N15: =+ROUND($G$13/15,0) -> 2 | O15: cj
G16: 01 conjunto de chuveiro para cada 8 funcionários | M16: Total | N16: =+ROUND($G$13/8,0) -> 4 | O16: cj
F18: Estimativa de área: | G18: Vaso sanitário | H18: 1.2 | I18: m² | J18: Masculino e Feminino (x2) | M18: Área | N18: =+H18*N15*2 -> 4.8 | O18: m²
G19: Chuveiro | H19: 1 | I19: m² | J19: Masculino e Feminino (x2) | M19: Área | N19: =+H19*N16*2 -> 8 | O19: m²
G20: Lavatório | H20: 0.6 | I20: m² | J20: Masculino e Feminino (x2) | M20: Área | N20: =+H20*N15*2 -> 2.4 | O20: m²
G21: Mictório | H21: 0.6 | I21: m² | J21: Masculino | M21: Área | N21: =+H21*N15 -> 1.2 | O21: m²
M22: Total | N22: =SUM(N18:N21) -> 16.4 | O22: m²
D23: Dimensionamento do vestiário
G24: Área estimada | H24: 1.5 | I24: m² por funcionário | K24: 80% masculino | M24: Área | N24: =+H24*G13*0.8 -> 42 | O24: m²
G25: Área estimada | H25: 1.5 | I25: m² por funcionário | K25: 20% feminino | M25: Área | N25: =+H25*G13*0.2 -> 10.5 | O25: m²
M26: Total | N26: =SUM(N24:N25) -> 52.5 | O26: m²
D27: Dimensionamento do refeitório
G28: Área estimada | H28: 1.25 | I28: m² por funcionário | M28: Área | N28: =+H28*G13 -> 43.75 | O28: m²
M29: Total | N29: =SUM(N28) -> 43.75 | O29: m²
D30: Dimensionamento da área de lazer
G31: Área estimada | H31: 0.4 | I31: m² por funcionário | M31: Área | N31: =+H31*G13 -> 14 | O31: m²
M32: Total | N32: =SUM(N31) -> 14 | O32: m²
D33: Dimensionamento do ambulatório
G34: Área estimada | H34: =25/G13 -> 0.71428571 | I34: m² por funcionário | M34: Área | N34: =+H34*G13 -> 25 | O34: m²
M35: Total | N35: =SUM(N34) -> 25 | O35: m²
D36: Dimensionamento do escritório
G37: Engenharia | H37: =3.3*3.3 -> 10.89 | I37: m² | M37: Área | N37: =+H37 -> 10.89 | O37: m²
G38: Mestre de obras | H38: =3.3*2.2 -> 7.26 | I38: m² | M38: Área | N38: =+H38 -> 7.26 | O38: m²
G39: Estagiários e técnicos | H39: =3.3*3.3 -> 10.89 | I39: m² | M39: Área (x2) | N39: =+H39*2 -> 21.78 | O39: m²
G40: Banheiro | H40: =2.2*1.1 -> 2.42 | I40: m² | M40: Área (x2) | N40: =+H40*2 -> 4.84 | O40: m²
M41: Total | N41: =SUM(N37:N40) -> 44.77 | O41: m²
D42: Dimensionamento da portaria
G43: Portaria | H43: =2*2 -> 4 | I43: m² | M43: Área | N43: =+H43 -> 4 | O43: m²
M44: Total | N44: =SUM(N43) -> 4 | O44: m²
D45: Dimensionamento do almoxarifado
G46: Almoxarifado | H46: =10*3.5 -> 35 | I46: m² | M46: Área | N46: =+H46 -> 35 | O46: m²
M47: Total | N47: =SUM(N46:N46) -> 35 | O47: m²
M48: Área Total | N48: =+N47+N44+N41+N35+N32+N29+N26+N22 -> 235.42 | O48: m²
B50: GOINFRA | C50: 020303 | D50: DEPÓSITO PARA CIMENTO TIPO II COM PINTURA PADRÃO GOINFRA (3 ,30 X 3,30 M) A=10,89 M2 (C/ REAPROV. 1 VEZ ) - INCLUSO PALETES
E51: Local | F51: Total
E52: Reservatório | F52: 1 | G52: UN
B54: GOINFRA | C54: 020400 | D54: LIGAÇÃO PROVISÓRIA DE ÁGUA (INCLUSO RETIRADA DO ESGOTO SANITÁRIO) - PD. GOINFRA
E55: Local | F55: Total
E56: Reservatório | F56: 1 | G56: UN
B58: GOINFRA | C58: 020501 | D58: LIGAÇÃO PROVISÓRIA LUZ E FORÇA - PD. GOINFRA
E59: Local | F59: Total
E60: Reservatório | F60: 1 | G60: UN
B62: GOINFRA | C62: 021602 | D62: EPI/PGR/PCMSO/EXAMES/TREINAMENTOS/VISITAS - ÁREAS EDIFICADAS/COBERTAS/FECHADAS
F63: Custo Total | G63: Custo Médio | I63: Área | J63: CONSIDERADO 50% DA ÁREA
E64: Área virtual | F64: =2158965.39-125271.4-206898.97 -> 1826795 | G64: 2024.37 | I64: =ROUND((F64/G64),2) -> 902.4 | J64: =+I64*0.5 -> 451.2
B66: GOINFRA | C66: 020200 | D66: FERRAMENTAS (MANUAIS/ELÉTRICAS) E MATERIAL DE LIMPEZA PERMANENTE DA OBRA - ÁREAS EDIFICADAS/COBERTAS/FECHADAS
F67: Custo Total | G67: Custo Médio | I67: Área
E68: Área virtual | F68: =F64 -> 1826795 | G68: =G64 -> 2024.37 | I68: =ROUND((F68/G68),2) -> 902.4
B70: GOINFRA | C70: 021301 | D70: PLACA DE OBRA PLOTADA EM CHAPA METÁLICA 26 , AFIXADA EM CAVALETES DE MADEIRA DE LEI (VIGOTAS 6X12CM) - PADRÃO GOINFRA
E71: Local | F71: Quantidade | G71: Comprimento | H71: Altura | I71: Área
E72: Fiscalização | F72: 1 | G72: 1 | H72: 1.5 | I72: =+G72*H72 -> 1.5 | J72: M2
E73: Obra | F73: 1 | G73: 3 | H73: 2 | I73: =+G73*H73 -> 6 | J73: M2
F74: TOTAL | I74: =SUM(I72:I73) -> 7.5 | J74: M2
B76: GOINFRA | C76: 271502 | D76: CANTINA - (OBRAS CIVIS) | G76: GOINFRA | H76: 271500 | I76: CAFE DA MANHA | L76: PRAZO = | M76: 4 | N76: MESES
B77: Código | C77: Banco | E77: Descrição | J77: Und | K77: Quantidade Horas | L77: Total | N77: Total Profissionais
B79: 0005 | C79: GOINFRA CIVIL | E79: SERVENTE | J79: H | K79: 6355.08 | L79: =ROUND((K79/8.8)*0.85,0) -> 614 | N79: =+ROUNDUP(((K79/220)/$M$76),0) -> 8
B80: 0037 | C80: GOINFRA CIVIL | E80: VIGIA DE OBRA NOTURNO-SÁBADO/DOMINGO DIURNO (SALÁRIO X 1,5864) | J80: H | K80: 1760 | L80: =ROUND((K80/8.8)*0.85,0) -> 170 | N80: =+ROUNDUP(((K80/220)/$M$76),0) -> 2
B81: 0002 | C81: GOINFRA CIVIL | E81: ENCARREGADO | J81: H | K81: 880 | L81: =ROUND((K81/8.8)*0.85,0) -> 85 | N81: =+ROUNDUP(((K81/220)/$M$76),0) -> 1
B82: 0008 | C82: GOINFRA CIVIL | E82: AJUDANTE | J82: H | K82: 2402.52 | L82: =ROUND((K82/8.8)*0.85,0) -> 232 | N82: =+ROUNDUP(((K82/220)/$M$76),0) -> 3
B83: 0038 | C83: GOINFRA CIVIL | E83: TÉCNICO EM SEGURANÇA DO TRABALHO | J83: H | L83: =ROUND((K83/8.8)*0.85,0) -> 0 | N83: =+ROUNDUP(((K83/220)/$M$76),0) -> 0
B84: 0004 | C84: GOINFRA CIVIL | E84: PEDREIRO | J84: H | K84: 1150.03 | L84: =ROUND((K84/8.8)*0.85,0) -> 111 | N84: =+ROUNDUP(((K84/220)/$M$76),0) -> 2
B85: 0017 | C85: GOINFRA CIVIL | E85: ALMOXARIFE/APONTADOR | J85: H | K85: 880 | L85: =ROUND((K85/8.8)*0.85,0) -> 85 | N85: =+ROUNDUP(((K85/220)/$M$76),0) -> 1
B86: 0006 | C86: GOINFRA CIVIL | E86: ARMADOR | J86: H | K86: 1022.06 | L86: =ROUND((K86/8.8)*0.85,0) -> 99 | N86: =+ROUNDUP(((K86/220)/$M$76),0) -> 2
B87: 0010 | C87: GOINFRA CIVIL | E87: CARPINTEIRO | J87: H | K87: 1056.35 | L87: =ROUND((K87/8.8)*0.85,0) -> 102 | N87: =+ROUNDUP(((K87/220)/$M$76),0) -> 2
B88: 0011 | C88: GOINFRA CIVIL | E88: ENCANADOR | J88: H | K88: 751.04 | L88: =ROUND((K88/8.8)*0.85,0) -> 73 | N88: =+ROUNDUP(((K88/220)/$M$76),0) -> 1
B89: 0025 | C89: GOINFRA CIVIL | E89: OFICIAL "B" | J89: H | K89: 474.77 | L89: =ROUND((K89/8.8)*0.85,0) -> 46 | N89: =+ROUNDUP(((K89/220)/$M$76),0) -> 1
B90: 48 | C90: ORSE | E90: Auxiliar topografia - SICRO | J90: H | K90: 334.15 | L90: =ROUND((K90/8.8)*0.85,0) -> 32 | N90: =+ROUNDUP(((K90/220)/$M$76),0) -> 1
B91: 70 | C91: ORSE | E91: Topógrafo - SICRO | J91: H | K91: 133.66 | L91: =ROUND((K91/8.8)*0.85,0) -> 13 | N91: =+ROUNDUP(((K91/220)/$M$76),0) -> 1
B92: 0030 | C92: GOINFRA CIVIL | E92: AJUDANTE DE CARPINTEIRO | J92: H | K92: 207.92 | L92: =ROUND((K92/8.8)*0.85,0) -> 20 | N92: =+ROUNDUP(((K92/220)/$M$76),0) -> 1
B93: 0012 | C93: GOINFRA CIVIL | E93: ELETRICISTA | J93: H | K93: 148 | L93: =ROUND((K93/8.8)*0.85,0) -> 14 | N93: =+ROUNDUP(((K93/220)/$M$76),0) -> 1
B94: 0032 | C94: GOINFRA CIVIL | E94: OPERADOR DE BETONEIRA | J94: H | K94: 149.1 | L94: =ROUND((K94/8.8)*0.85,0) -> 14 | N94: =+ROUNDUP(((K94/220)/$M$76),0) -> 1
B95: 0018 | C95: GOINFRA CIVIL | E95: PINTOR | J95: H | K95: 186.14 | L95: =ROUND((K95/8.8)*0.85,0) -> 18 | N95: =+ROUNDUP(((K95/220)/$M$76),0) -> 1
... B97: 0021 | C97: GOINFRA CIVIL | E97: SERRALHEIRO | J97: H | K97: 9.12 | L97: =ROUND((K97/8.8)*0.85,0) -> 1 | N97: =+ROUNDUP(((K97/220)/$M$76),0) -> 1
B98: TOTAL | L98: =SUM(L79:L97) -> 1736 | N98: =SUM(N79:N97) -> 31
B99: 0001 | C99: GOINFRA CIVIL | E99: ENGENHEIRO | J99: H | K99: 300 | N99: =+ROUNDUP(((K99/220)/$M$76),0) -> 1
B100: 20031 | C100: GOINFRA RODOVIARIA | E100: SERVENTE | J100: H | K100: 313.16444 | N100: =+ROUNDUP(((K100/220)/$M$76),0) -> 1
B101: 20026 | C101: GOINFRA RODOVIARIA | E101: OPERADOR DE EQUIPAMENTO PESADO | J101: H | K101: 36.30691 | N101: =+ROUNDUP(((K101/220)/$M$76),0) -> 1
B102: 20002 | C102: GOINFRA RODOVIARIA | E102: ENCARREGADO DE SERVIÇO | J102: H | K102: 35.115656 | N102: =+ROUNDUP(((K102/220)/$M$76),0) -> 1
N103: =SUM(N98:N102) -> 35

Sheet SERVIÇOS PRELIMINARES
B1: MEMORIAL DE CÁLCULO
B4: OBJETO: | C4: ='DADOS DA OBRA'!$B$13 -> DEMOLIÇÃO DO RESERVATÓRIO EXISTENTE, EXECUÇÃO DE RESERVATÓRIO METÁLICO ELEVADO E REESTRUTURAÇÃO (COM AMPLIAÇÃO) DA REDE DE DISTRIBUIÇÃO DE ÁGUA TRATADA EXISTENTE NO MUNICÍPIO DE MATRINCHÃ | M4: DATA: | N4: =+'DADOS DA OBRA'!$N$22 -> 04/11/2024
B5: LOCAL: | C5: =+""&'DADOS DA OBRA'!$B$16&", "&'DADOS DA OBRA'!$B$19&", "&'DADOS DA OBRA'!$J$19&", "&'DADOS DA OBRA'!$P$19 -> RUAS DIVERSAS, DIVERSOS, MATRINCHÃ, GO | M5: REVISÃO: | N5: ='DADOS DA OBRA'!$N$25 -> 00
B7: SERVIÇOS: | C7: PRELIMINARES
B9: GOINFRA | C9: 020190 | D9: LIMPEZA MECÂNICA DE TERRENO
E10: Local | F10: Área | I10: Entulho Esp. = 7 cm | K10: Emp.: 30%
E11: Reservatório | F11: 592.63 | G11: M2 | I11: =+F11*0.07 -> 41.4841 | K11: =+I11*1.3 -> 53.92933 | L11: M3
B15: GOINFRA | C15: 020702 | D15: LOCAÇÃO DE OBRAS DE PEQUENO PORTE COM CAVALETE, INCLUSO PINTURA (FACE INTERNA DO SARRAFO 10CM) E PIQUETE COM TESTEMUNHA
E16: Local | F16: Comprimento | G16: Largura | H16: Área
E17: Reservatório | F17: 7.6 | G17: 7.6 | H17: =+F17*G17 -> 57.76 | I17: M2
E18: Cubículo de quadros | F18: 1.5 | G18: 0.75 | H18: =+F18*G18 -> 1.125 | I18: M2
F19: TOTAL | H19: =SUM(H17:H18) -> 58.885 | I19: M2
B23: GOINFRA | C23: 050250 | D23: TRAÇO DE CONCRETO
E24: Realização de estudo de dosagem de concreto para definição do traço adequado para fabricação do concreto "in loco", tendo em vista a ausência de usinas de concreto na região.
E25: Total de estudos para traço de concreto | H25: 1 | I25: UN
B28: GOINFRA | C28: 050251 | D28: CORPO DE PROVA
E29: De acordo com a NBR 12655, a quantidade de corpos de prova que devem ser moldados in loco deve ser de no mínimo dois por idade a ser testada. Além disso, a NBR 12655 também exige que os corpos de prova sejam moldados a cada 50 m³ de concreto ou um andar, no máximo. Desta forma foi considerado o ensaio de compressão de corpos de prova com 7 e 28 dias para cada 50 m³ de concreto produzido
F30: Volume total de concreto | G30: =SUM('RESUMO LEVTO'!T102,'RESUMO LEVTO'!T87,'RESUMO LEVTO'!T78,'RESUMO LEVTO'!T70) -> 157.35031
F31: Volume para ensaio | G31: 25
F32: Quantidade de amostras | G32: =(_xlfn.FLOOR.MATH(G30/G31,3)+1)*6 -> 42 | H32: UN
B36: PRÓPRIO | C36: SEINFRA-0131 | D36: PLACA DE SINALIZACAO PARA OBRA NA VIA PUBLICA, TIPO CAVALETE ARTICULADO, CONFECCIONADO EM CHAPA PET 2,4MM, FUNDO, TEXTOS E SIMBOLOS EM VINIL AUTO ADESIVO, ESTRUTURA EM ACO TRATADO A BASE DE WASH PRIMER, PINTADO PELO PROCESSO ELETROSTATICO, NAS DIMENSOES DE 0,60M X 1,00M. FORNECIMENTO. (ADAPTADO DE SCO AD 20.25.0210)
E37: Total de cavaletes | H37: 10 | I37: UN
B41: PRÓPRIO | C41: SEINFRA-0132 | D41: CONE PLASTICO PARA SINALIZAÇÃO
E42: Total de cones | H42: 20 | I42: UN
B46: GOINFRA RODOVIÁRIA | C46: 42301 | D46: MOBILIZAÇÃO / DESMOBILIZAÇÃO - CONFORME DEMONSTRATIVO
B47: Equipamento | H47: Mobilizador | I47: FU (A) | J47: Hora Produtiva (B) | K47: DT (C) | L47: Custo (D=AxB/60) | M47: Quantidade (E) | N47: Total (CxDxE)
B48: Autopropelidos
B49: 30050 | C49: CAMINHÃO APLICADOR DE MATERIAL TERMOPLÁSTICO | H49: 30050 | I49: 1 | J49: 481.68 | K49: 5 | L49: 8.02 | N49: =ROUND(J49*K49*M49,2) -> 0
B50: 30037 | C50: CAMINHÃO BASCULANTE 10 M3 - 15 T | H50: 30037 | I50: 1 | J50: 287.75 | K50: 5 | L50: 4.79 | N50: =ROUND(J50*K50*M50,2) -> 0
B51: 30036 | C51: CAMINHÃO BASCULANTE 6 M3 - 10,5 T | H51: 30036 | I51: 1 | J51: 170.75 | K51: 5 | L51: 2.84 | N51: =ROUND(J51*K51*M51,2) -> 0
B52: 30035 | C52: CAMINHÃO CARROCERIA MADEIRA - 15 T | H52: 30035 | I52: 1 | J52: 244.06 | K52: =$C$95 -> 252 | L52: 4.06 | M52: 1 | N52: =ROUND(K52*L52*M52,2) -> 1023.12
B53: 30125 | C53: CAMINHÃO COM BATE ESTACAS HIDRÁULICO PARA DEFENSA | H53: 30125 | I53: 1 | K53: 5 | L53: 4.57 | N53: =ROUND(J53*K53*M53,2) -> 0
B54: 30110 | C54: CAMINHÃO COM DOLLY - 57 t | H54: 30110 | I54: 1 | K54: 5 | L54: 7.92 | N54: =ROUND(J54*K54*M54,2) -> 0
B55: 30120 | C55: CAMINHÃO DISTRIBUIDOR DE CIMENTO | H55: 30120 | I55: 1 | K55: 5 | L55: 6.97 | N55: =ROUND(J55*K55*M55,2) -> 0
B56: 31062 | C56: CAMINHÃO MUNCK (GUINDAUTO) | H56: 31062 | I56: 1 | J56: 242.12 | K56: =$C$95 -> 252 | L56: 4.03 | M56: 1 | N56: =ROUND(K56*L56*M56,2) -> 1015.56
B57: 30053 | C57: CAMINHÃO PARA HIDROSSEMEADURA | H57: 30053 | I57: 1 | K57: =$C$95 -> 252 | L57: 4.8 | N57: =ROUND(K57*L57*M57,2) -> 0
B58: 30049 | C58: CAMINHÃO PARA PINTURA A FRIO COM DEMARCADOR DE FAIXAS | H58: 30049 | I58: 1 | K58: =$C$95 -> 252 | L58: 5.08 | N58: =ROUND(K58*L58*M58,2) -> 0
B59: 30040 | C59: CAMINHÃO TANQUE 10.000L | H59: 30040 | I59: 1 | K59: =$C$95 -> 252 | L59: 4.75 | N59: =ROUND(K59*L59*M59,2) -> 0
B60: 30039 | C60: CAMINHÃO TANQUE 6.000L | H60: 30039 | I60: 1 | K60: =$C$95 -> 252 | L60: 3.6 | N60: =ROUND(K60*L60*M60,2) -> 0
B61: 30021 | C61: CAMINHÃO TANQUE DISTRIBUIDOR DE ASFALTO | H61: 30021 | I61: 1 | J61: 232.06 | K61: =$C$95 -> 252 | L61: 3.86 | M61: 1 | N61: =ROUND(K61*L61*M61,2) -> 972.72
B62: 30030 | C62: USINA MÓVEL PARA MICRO REVESTIMENTO | H62: 30030 | I62: 1 | J62: 627.06 | K62: 5 | L62: 10.45 | N62: =ROUND(J62*K62*M62,2) -> 0
B63: Rebocados
B64: 30010 | C64: CARREGADEIRA DE PNEUS CAT - 924 H OU EQUIVALENTE | H64: 30105 | I64: 0.5 | K64: 5 | L64: 3.04 | N64: =ROUND(J64*K64*M64,2) -> 0
B65: 30007 | C65: CARREGADEIRA DE PNEUS CAT - 950 H OU EQUIVALENTE | H65: 30105 | I65: 0.5 | J65: 372.06 | K65: =$C$95 -> 252 | L65: 3.1 | M65: 1 | N65: =ROUND(K65*L65*M65,2) -> 781.2
B66: 30011 | C66: ESCAVADEIRA HIDRÁULICA - 320DL OU EQUIVALENTE | H66: 30105 | I66: 1 | K66: =$C$95 -> 252 | L66: 6.08 | N66: =ROUND(K66*L66*M66,2) -> 0
B67: 30057 | C67: ESCAVADEIRA HIDRÁULICA - CAT 323DL OU EQUIVALENTE | H67: 30105 | I67: 1 | K67: =$C$95 -> 252 | L67: 6.08 | N67: =ROUND(K67*L67*M67,2) -> 0
B68: 30019 | C68: FRESADORA A FRIO - W 200 F OU EQUIVALENTE | H68: 30105 | I68: 1 | K68: =$C$95 -> 252 | L68: 6.08 | N68: =ROUND(K68*L68*M68,2) -> 0
B69: 30158 | C69: MINI-CARREGADEIRA DE PNEUS COM FRESADORA | H69: 30105 | I69: 0.33 | K69: =$C$95 -> 252 | L69: 2 | N69: =ROUND(K69*L69*M69,2) -> 0
B70: 30058 | C70: MINI-CARREGADEIRA DE PNEUS COM VASSOURA DE 1,8 m | H70: 30105 | I70: 0.33 | K70: =$C$95 -> 252 | L70: 2 | N70: =ROUND(K70*L70*M70,2) -> 0
B71: 30046 | C71: MOTONIVELADORA - CAT 120K OU EQUIVALENTE | H71: 30105 | I71: 1 | K71: =$C$95 -> 252 | L71: 6.08 | N71: =ROUND(K71*L71*M71,2) -> 0
B72: 30170 | C72: PERFURATRIZ HIDRÁULICA SOBRE ESTEIRAS PARA ESTACA RAIZ | H72: 30105 | I72: 1 | K72: =$C$95 -> 252 | L72: 6.08 | N72: =ROUND(K72*L72*M72,2) -> 0
B73: 30029 | C73: PERFURATRIZ SOBRE ESTEIRAS - CRAWLER DRILL OU EQUIVALENTE | H73: 30105 | I73: 0.5 | K73: =$C$95 -> 252 | L73: 3.04 | N73: =ROUND(K73*L73*M73,2) -> 0
B74: 30101 | C74: RECICLADORA DE PAVIMENTO À FRIO - CATERPILLAR RM-500 OU EQUIVALENTE | H74: 30105 | I74: 1 | K74: =$C$95 -> 252 | L74: 6.08 | N74: =ROUND(K74*L74*M74,2) -> 0
B75: 30008 | C75: RETRO ESCAVADEIRA DE PNEUS - CATERPILLAR 416E OU EQUIVALENTE | H75: 30105 | I75: 0.5 | K75: =$C$95 -> 252 | L75: 3.04 | N75: =ROUND(K75*L75*M75,2) -> 0
B76: 30015 | C76: ROLO COMPACTADOR DE PNEUS AUTOPROPELIDO - 27 T | H76: 30105 | I76: 0.5 | J76: 372.06 | K76: =$C$95 -> 252 | L76: 3.1 | M76: 1 | N76: =ROUND(K76*L76*M76,2) -> 781.2
B77: 30012 | C77: ROLO LISO TANDEN - 6/8 T - CA-150 OU EQUIVALENTE | H77: 30105 | I77: 0.5 | J77: 372.06 | K77: =$C$95 -> 252 | L77: 3.1 | M77: 1 | N77: =ROUND(K77*L77*M77,2) -> 781.2
B78: 30014 | C78: ROLO LISO VIBRATÓRIO AUTOPROPELIDO - CS533 E OU EQUIVALENTE | H78: 30105 | I78: 0.5 | K78: =$C$95 -> 252 | L78: 3.04 | N78: =ROUND(K78*L78*M78,2) -> 0
B79: 30009 | C79: ROLO PÉ DE CARNEIRO AUTOPROPELIDO - CA 250 OU EQUIVALENTE | H79: 30105 | I79: 0.5 | K79: =$C$95 -> 252 | L79: 3.04 | N79: =ROUND(K79*L79*M79,2) -> 0
B80: 30020 | C80: TANQUE DE ESTOCAGEM ASFALTO (30.000L) | H80: 30105 | I80: 1 | J80: 372.06 | K80: =$C$95 -> 252 | L80: 6.2 | M80: 1 | N80: =ROUND(K80*L80*M80,2) -> 1562.4
B81: 30005 | C81: TRATOR DE PNEUS AGRÍCOLA - MF 4292 OU EQUIVALENTE | H81: 30105 | I81: 0.5 | J81: 372.06 | K81: =$C$95 -> 252 | L81: 3.1 | M81: 1 | N81: =ROUND(K81*L81*M81,2) -> 781.2
B82: 30006 | C82: TRATOR DE PNEUS COM ROÇADEIRA | H82: 30105 | I82: 0.5 | K82: =$C$95 -> 252 | L82: 3.04 | N82: =ROUND(K82*L82*M82,2) -> 0
B83: 30001 | C83: TRATOR ESTEIRAS COM LÂMINA - CAT D8 OU EQUIVALENTE | H83: 30105 | I83: 1 | K83: =$C$95 -> 252 | L83: 6.08 | N83: =ROUND(K83*L83*M83,2) -> 0
B84: 30002 | C84: TRATOR ESTEIRAS COM ESCARIFICADOR - CAT D8 OU EQUIVALENTE | H84: 30105 | I84: 1 | K84: =$C$95 -> 252 | L84: 6.08 | N84: =ROUND(K84*L84*M84,2) -> 0
B85: 30059 | C85: TRATOR ESTEIRAS COM LAMINA - CAT D4 OU EQUIVALENTE | H85: 30105 | I85: 0.5 | K85: =$C$95 -> 252 | L85: 3.04 | N85: =ROUND(K85*L85*M85,2) -> 0
B86: 30000 | C86: TRATOR ESTEIRAS COM LAMINA - CAT D6 OU EQUIVALENTE | H86: 30105 | I86: 0.5 | K86: =$C$95 -> 252 | L86: 3.04 | N86: =ROUND(K86*L86*M86,2) -> 0
B87: 30025 | C87: USINA DE ASFALTO A QUENTE 80 t/h | H87: 30105 | I87: 3 | K87: =$C$95 -> 252 | L87: 18.25 | N87: =ROUND(K87*L87*M87,2) -> 0
B88: 30016 | C88: USINA MISTURADORA DE SOLO 300 t/h | H88: 30105 | I88: 2 | K88: =$C$95 -> 252 | L88: 12.17 | N88: =ROUND(K88*L88*M88,2) -> 0
B89: 30024 | C89: USINA PRÉ-MISTURADO A FRIO 60 t/h | H89: 30105 | I89: 1 | J89: 372.06 | K89: =$C$95 -> 252 | L89: 6.2 | M89: 1 | N89: =ROUND(K89*L89*M89,2) -> 1562.4
B90: 30023 | C90: VIBROACABADORA DE ASFALTO SOBRE ESTEIRAS | H90: 30105 | I90: 0.5 | J90: 372.06 | K90: =$C$95 -> 252 | L90: 3.1 | M90: 1 | N90: =ROUND(K90*L90*M90,2) -> 781.2
B91: Sub Total de Equipamento (D) : | N91: =SUM(N52:N61,N65:N90) -> 10042.2
B92: Mão de Obra | K92: Percentual mobilizado (G) | L92: Custo (H) | M92: Total de operários (I) | N92: Total (GxHxI)
B93: - | C93: EFETIVO PESSOAL A SER MOBILIZADO | L93: 105.44 | N93: =K93*L93*M93 -> 0
F94: Sub Total de Mão de Obra (J) : | N94: =SUM(N93) -> 0
B95: DT = | C95: 252 | E95: KM | F95: Custo por Mobilização (K=F+J) : | N95: =N91+N94 -> 10042.2
F96: BDI: (L) : | N96: =N95*0 -> 0
F97: Preço por Mobilização (M=K+L) : | N97: =SUM(N95:N96) -> 10042.2
F98: Total Mobilização / Desmobilização (2xM) : | N98: =N97*2 -> 20084.4

Sheet DEMOLIÇÕES
B1: MEMORIAL DE CÁLCULO
B4: OBJETO: | C4: ='DADOS DA OBRA'!$B$13 -> DEMOLIÇÃO DO RESERVATÓRIO EXISTENTE, EXECUÇÃO DE RESERVATÓRIO METÁLICO ELEVADO E REESTRUTURAÇÃO (COM AMPLIAÇÃO) DA REDE DE DISTRIBUIÇÃO DE ÁGUA TRATADA EXISTENTE NO MUNICÍPIO DE MATRINCHÃ | M4: DATA: | N4: =+'DADOS DA OBRA'!$N$22 -> 04/11/2024
B5: LOCAL: | C5: =+""&'DADOS DA OBRA'!$B$16&", "&'DADOS DA OBRA'!$B$19&", "&'DADOS DA OBRA'!$J$19&", "&'DADOS DA OBRA'!$P$19 -> RUAS DIVERSAS, DIVERSOS, MATRINCHÃ, GO | M5: REVISÃO: | N5: ='DADOS DA OBRA'!$N$25 -> 00
B7: SERVIÇOS: | C7: DEMOLIÇÕES
B9: PRÓPRIO | C9: SEINFRA-0111 | D9: DEMOLIÇÃO DE LAJES, EM CONCRETO ARMADO, DE FORMA MECANIZADA COM MARTELETE, SEM REAPROVEITAMENTO. (ADAPTADO DE SINAPI 97629)
E10: Local | F10: Área | G10: Espessura | H10: Total | K10: Empol. - 50%
E11: Tampa reservatório | F11: =PI()*3.5^2 -> 38.48451 | G11: 0.15 | H11: =+F11*G11 -> 5.7726765 | K11: =+H11*1.5 -> 8.6590148
E12: Fundo reservatório | F12: =PI()*3.5^2 -> 38.48451 | G12: 0.15 | H12: =+F12*G12 -> 5.7726765 | K12: =+H12*1.5 -> 8.6590148
E13: Lateral reservatório | F13: =2*PI()*3.5*4 -> 87.964594 | G13: 0.15 | H13: =+F13*G13 -> 13.194689 | K13: =+H13*1.5 -> 19.792034
E14: Base reservatório | F14: =6*6 -> 36 | G14: 0.4 | H14: =+F14*G14 -> 14.4 | K14: =+H14*1.5 -> 21.6
F15: TOTAL | H15: =SUM(H11:H14) -> 39.140042 | I15: M3 | K15: =SUM(K11:K14) -> 58.710063 | L15: M3
B17: PRÓPRIO | C17: SEINFRA-0112 | D17: DEMOLIÇÃO DE PILARES E VIGAS EM CONCRETO ARMADO, DE FORMA MECANIZADA COM MARTELETE, SEM REAPROVEITAMENTO. (ADAPTADO DE SINAPI 97627)
E18: Local | F18: Área | G18: Alt. / Compr. | H18: Quantidade | I18: Total | K18: Empol. - 50%
E19: Pilares reservatório | F19: =0.2*0.5 -> 0.1 | G19: 12 | H19: 4 | I19: =+F19*G19*H19 -> 4.8 | K19: =+I19*1.5 -> 7.2
E20: Vigas intermediárias reservatório | F20: =0.2*0.5 -> 0.1 | G20: 6 | H20: 12 | I20: =+F20*G20*H20 -> 7.2 | K20: =+I20*1.5 -> 10.8
F21: TOTAL | I21: =SUM(I19:I20) -> 12 | J21: M3 | K21: =SUM(K19:K20) -> 18 | L21: M3
B23: GOINFRA | C23: 020130 | D23: DEMOLIÇÃO MANUAL DE ALAMBRADO - POSTE DE CONCRETO/TELA/VIGA COM TRANSPORTE ATE CAÇAMBA E CARGA
E24: Local | F24: Comprimento | G24: Quantidade | H24: Total | J24: Volume | K24: Empol. - 30%
E25: Reservatório | F25: 21.3 | G25: 1 | H25: =+F25*G25 -> 21.3 | J25: =+F25*1.8*0.1 -> 3.834 | K25: =+J25*1.3 -> 4.9842
E26: Reservatório | F26: 36.4 | G26: 1 | H26: =+F26*G26 -> 36.4 | J26: =+F26*1.8*0.1 -> 6.552 | K26: =+J26*1.3 -> 8.5176
F27: TOTAL | H27: =SUM(H25:H26) -> 57.7 | I27: M | J27: =SUM(J25:J26) -> 10.386 | K27: =SUM(K25:K26) -> 13.5018 | L27: M3
B29: PRÓPRIO | C29: SEINFRA-0117 | D29: DEMOLIÇÃO PARCIAL DE PAVIMENTO ASFÁLTICO, DE FORMA MECANIZADA, SEM REAPROVEITAMENTO. (ADAPTADO DE SINAPI 97636)
E30: Local | F30: Comprimento | G30: Largura | H30: Espessura | I30: Total | K30: Empol. - 30%
E31: Rede de abastecimento | F31: =SUM('REDE ABAST-TUBOS E CONEXÕES'!F87) -> 4835 | G31: 1 | H31: 0.05 | I31: =+F31*G31*H31 -> 241.75 | K31: =+I31*1.3 -> 314.275
F32: TOTAL | I32: =SUM(I31:I31) -> 241.75 | J32: M3 | K32: =SUM(K31:K31) -> 314.275 | L32: M3
B34: GOINFRA | C34: 030101 | D34: TRANSPORTE DE ENTULHO EM CAMINHÃO INCLUSO A CARGA MANUAL
E35: Local | H35: Total
E36: Reservatório | H36: =SUM(K15,K21,K27) -> 90.211863
E37: Reservatório Fundações | H37: ='RESERV-FUN-ESTACAS'!P15 -> 49.66
E38: Caixas | H38: ='CAIXAS-MOV. TERRA'!S15 -> 25.16085
E39: Rede de abastecimento - caixas | H39: ='REDE ABAST-CAIXAS e POÇOS'!Y18 -> 51.547095 | J39: =+F39*1.8*0.1 -> 0 | K39: =+J39*1.3 -> 0
E40: Rede de abastecimento - pavimentação | H40: =K32 -> 314.275 | J40: =+F40*1.8*0.1 -> 0 | K40: =+J40*1.3 -> 0
F41: TOTAL | H41: =SUM(H36:H40) -> 530.85481 | I41: M3 | J41: =SUM(J36:J40) -> 0 | K41: =SUM(K36:K40) -> 0

Sheet CAIXAS-MOV. TERRA
B1: MEMORIAL DE CÁLCULO
B4: OBJETO: | C4: ='DADOS DA OBRA'!$B$13 -> DEMOLIÇÃO DO RESERVATÓRIO EXISTENTE, EXECUÇÃO DE RESERVATÓRIO METÁLICO ELEVADO E REESTRUTURAÇÃO (COM AMPLIAÇÃO) DA REDE DE DISTRIBUIÇÃO DE ÁGUA TRATADA EXISTENTE NO MUNICÍPIO DE MATRINCHÃ | R4: DATA: | S4: =+'DADOS DA OBRA'!$N$22 -> 04/11/2024
B5: LOCAL: | C5: =+""&'DADOS DA OBRA'!$B$16&", "&'DADOS DA OBRA'!$B$19&", "&'DADOS DA OBRA'!$J$19&", "&'DADOS DA OBRA'!$P$19 -> RUAS DIVERSAS, DIVERSOS, MATRINCHÃ, GO | R5: REVISÃO: | S5: ='DADOS DA OBRA'!$N$25 -> 00
B7: SERVIÇOS: | C7: MOVIMENTO DE TERRA | R7: LOCAL: | S7: CAIXAS
B9: Elemento | D9: Quantidade | E9: Dimensão Real | H9: Dimensão + alargamento | L9: Volume Escavado (m³) | M9: Reaterro Compactado (m³) | N9: Apiloamento (m²) | O9: Fornecimento Solo 1ª cat. (m³) | P9: Transporte | Q9: Lastro de brita (m³) | R9: Compactação (m³) | S9: Retirada de Entulho Empol: 30%
E10: Comp. (m) | F10: Larg. (m) | G10: Prof. (m) | H10: Alargamento (m) | I10: Comp. (m) | J10: Larg. (m) | K10: Prof. (m) | P10: DMT = 5 km Emp = 30%
B11: Caixa de Alimentação | D11: 1 | E11: 3.05 | F11: 1.8 | G11: 1.8 | H11: 0.5 | I11: =+E11+H11+H11 -> 4.05 | J11: =+F11+H11+H11 -> 2.8 | K11: =1.8+0.4 -> 2.2 | L11: =+I11*J11*K11*D11 -> 24.948 | M11: =+L11-(E11*F11*G11*D11) -> 15.066 | N11: =+I11*J11*D11 -> 11.34 | O11: =+N11*0.25 -> 2.835 | P11: =+O11*5*1.3 -> 18.4275 | Q11: =+N11*0.15 -> 1.701 | R11: =+O11+Q11 -> 4.536 | S11: =(L11-M11)*1.3 -> 12.8466
B12: Caixa Medidor de Vazão | D12: 1 | E12: 1.75 | F12: 2.4 | G12: 1.8 | H12: 0.5 | I12: =+E12+H12+H12 -> 2.75 | J12: =+F12+H12+H12 -> 3.4 | K12: =1.8+0.4 -> 2.2 | L12: =+I12*J12*K12*D12 -> 20.57 | M12: =+L12-(E12*F12*G12*D12) -> 13.01 | N12: =+I12*J12*D12 -> 9.35 | O12: =+N12*0.25 -> 2.3375 | P12: =+O12*5*1.3 -> 15.19375 | Q12: =+N12*0.15+(PI()*0.2^2*0.4) -> 1.4527655 | R12: =+O12+Q12 -> 3.7902655 | S12: =(L12-M12)*1.3 -> 9.828
B13: Caixa do Hidrante | D13: 1 | E13: 1.7 | F13: 0.9 | G13: 1.25 | H13: 0.5 | I13: =+E13+H13+H13 -> 2.7 | J13: =+F13+H13+H13 -> 1.9 | K13: 1.25 | L13: =+I13*J13*K13*D13 -> 6.4125 | M13: =+L13-(E13*F13*G13*D13) -> 4.5 | N13: =+I13*J13*D13 -> 5.13 | P13: =+O13*5*1.3 -> 0 | Q13: =+N13*0.11 -> 0.5643 | R13: =+O13+Q13 -> 0.5643 | S13: =(L13-M13)*1.3 -> 2.48625
B15: TOTAIS | L15: =SUM(L11:L14) -> 51.9305 | M15: =SUM(M11:M14) -> 32.576 | N15: =SUM(N11:N14) -> 25.82 | O15: =SUM(O11:O14) -> 5.1725 | P15: =SUM(P11:P14) -> 33.62125 | Q15: =SUM(Q11:Q14) -> 3.7180655 | R15: =SUM(R11:R14) -> 8.8905655 | S15: =SUM(S11:S14) -> 25.16085
B17: RESUMO DE SERVIÇOS
B18: GOINFRA | C18: 040103 | D18: ESCAVAÇAO MANUAL DE VALAS PROF. 1 A 2 M | R18: M3 | S18: =+L15 -> 51.9305
B19: GOINFRA | C19: 041002 | D19: APILOAMENTO | R19: M2 | S19: =+N15 -> 25.82
B20: GOINFRA | C20: 041146 | D20: FORNECIMENTO DE SOLO PARA ATERRO - EXCLUSO TRANSPORTE PARA OBRA | R20: M3 | S20: =+O15 -> 5.1725
B21: GOINFRA | C21: 041006 | D21: TRANSPORTE DE MATERIAL ESCAVADO M3.KM | R21: M3.KM | S21: =+P15 -> 33.62125
B22: GOINFRA | C22: 051027 | D22: LASTRO DE BRITA (OBRAS CIVIS) | R22: M3 | S22: =+Q15 -> 3.7180655
B23: GOINFRA | C23: 041013 | D23: COMPACTAÇÃO MECÂNICA DE SOLO COM COMPACTADOR DE PERCUSSÃO (SAPO MECÂNICO) | R23: M3 | S23: =+R15 -> 8.8905655
B24: GOINFRA | C24: 050905 | D24: REATERRO COM APILOAMENTO MECÂNICO (BLOCOS/SAPATAS) | R24: M3 | S24: =+M15 -> 32.576

Sheet CAIXAS-FUN-CONTENÇÕES
B1: MEMORIAL DE CÁLCULO
B4: OBJETO: | C4: ='DADOS DA OBRA'!$B$13 -> DEMOLIÇÃO DO RESERVATÓRIO EXISTENTE, EXECUÇÃO DE RESERVATÓRIO METÁLICO ELEVADO E REESTRUTURAÇÃO (COM AMPLIAÇÃO) DA REDE DE DISTRIBUIÇÃO DE ÁGUA TRATADA EXISTENTE NO MUNICÍPIO DE MATRINCHÃ | R4: DATA: | S4: =+'DADOS DA OBRA'!$N$22 -> 04/11/2024
B5: LOCAL: | C5: =+""&'DADOS DA OBRA'!$B$16&", "&'DADOS DA OBRA'!$B$19&", "&'DADOS DA OBRA'!$J$19&", "&'DADOS DA OBRA'!$P$19 -> RUAS DIVERSAS, DIVERSOS, MATRINCHÃ, GO | R5: REVISÃO: | S5: ='DADOS DA OBRA'!$N$25 -> 00
B7: SERVIÇOS: | C7: FUNDAÇÕES - CONTENÇÕES | R7: LOCAL: | S7: CAIXAS
B9: Elemento | D9: Quant. | E9: Dimensões | H9: Forma de madeira | I9: Cortinas | J9: Aço | R9: Lastro de concreto | S9: Concreto C25 (m³)
E10: Comp. (m) | F10: Larg. (m) | G10: Espessura / Altura (m) | J10: Ø 5.0 | L10: Ø 6.3 | N10: Ø 8.0 | P10: Ø 10.0
H11: (m²) | I11: (m²) | J11: Comp. (m) | K11: Peso (kg) | L11: Comp. (m) | M11: Peso (kg) | N11: Comp. | O11: Peso | P11: Comp. | Q11: Peso | R11: m³ | S11: C25
B12: Caixa de Alimentação laje de fundo | D12: 1 | E12: 3.05 | F12: 1.8 | G12: 0.15 | H12: =(SUM(E12+F12)*2*G12)*D12 -> 1.455 | K12: =+D12*J12*0.154 -> 0 | L12: =14*3.17+14*2.99+24*1.92+24*1.74 -> 174.08 | M12: =+D12*L12*0.245 -> 42.6496 | O12: =+D12*N12*0.395 -> 0 | Q12: =+D12*P12*0.617 -> 0 | R12: =+'CAIXAS-MOV. TERRA'!D11*'CAIXAS-MOV. TERRA'!I11*'CAIXAS-MOV. TERRA'!J11*0.05 -> 0.567 | S12: =+D12*E12*F12*G12 -> 0.8235
B13: Caixa de Alimentação bloco de apoio | D13: 1 | E13: 0.15 | F13: 0.15 | G13: 0.27 | H13: =(SUM(E13+F13)*2*G13)*D13 -> 0.162 | J13: =2*0.5 -> 1 | K13: =+D13*J13*0.154 -> 0.154 | L13: =2*1.21 -> 2.42 | M13: =+D13*L13*0.245 -> 0.5929 | O13: =+D13*N13*0.395 -> 0 | Q13: =+D13*P13*0.617 -> 0 | S13: =+D13*E13*F13*G13 -> 0.006075
B14: Caixa de Alimentação pilares de contenção | D14: 4 | E14: 0.15 | F14: 0.15 | G14: 1.6 | H14: =(SUM(E14+F14)*2*G14)*D14 -> 3.84 | J14: =12*0.5 -> 6 | K14: =+D14*J14*0.154 -> 3.696 | M14: =+D14*L14*0.245 -> 0 | O14: =+D14*N14*0.395 -> 0 | P14: =4*1.78 -> 7.12 | Q14: =+D14*P14*0.617 -> 17.57216 | S14: =+E14*F14*G14*D14 -> 0.144
B15: Caixa de Alimentação cortina 1 e 2 | D15: 2 | E15: 2.75 | G15: 1.6 | I15: =+D15*E15*G15 -> 8.8 | K15: =+D15*J15*0.154 -> 0 | M15: =+D15*L15*0.245 -> 0 | N15: =8*2.99+16*0.89 -> 38.16 | O15: =+D15*N15*0.395 -> 30.1464 | Q15: =+D15*P15*0.617 -> 0 | S15: =+I15*0.0568 -> 0.49984
B16: Caixa de Alimentação cortina 3 e 4 | D16: 2 | E16: 1.5 | G16: 1.6 | I16: =+D16*E16*G16 -> 4.8 | K16: =+D16*J16*0.154 -> 0 | M16: =+D16*L16*0.245 -> 0 | N16: =8*1.74+16*0.89 -> 28.16 | O16: =+D16*N16*0.395 -> 22.2464 | Q16: =+D16*P16*0.617 -> 0 | S16: =+I16*0.0568 -> 0.27264
H17: =(SUM(E17+F17)*2*G17)*D17 -> 0 | K17: =+D17*J17*0.154 -> 0 | M17: =+D17*L17*0.245 -> 0 | O17: =+D17*N17*0.395 -> 0 | Q17: =+D17*P17*0.617 -> 0 | S17: =+D17*E17*F17*G17 -> 0
B18: Caixa Medidor de Vazão laje de fundo | D18: 1 | E18: 1.75 | F18: 2.4 | G18: 0.2 | H18: =(SUM(E18+F18)*2*G18)*D18 -> 1.66 | K18: =+D18*J18*0.154 -> 0 | L18: =10*1+2*4*1.93 -> 25.44 | M18: =+D18*L18*0.245 -> 6.2328 | N18: =2*4*1.97+2*4*1.69+2*6*1.92+2*6*1.64+1.32*6+1.04*6+0.96*6+0.68*6 -> 96 | O18: =+D18*N18*0.395 -> 37.92 | Q18: =+D18*P18*0.617 -> 0 | R18: =+'CAIXAS-MOV. TERRA'!D17*'CAIXAS-MOV. TERRA'!I17*'CAIXAS-MOV. TERRA'!J17*0.05 -> 0 | S18: =+D18*E18*F18*G18-(PI()*0.2^2*0.2) -> 0.81486726
B19: Caixa Medidor de Vazão pilares de contenção | D19: 4 | E19: 0.15 | F19: 0.15 | G19: 1.6 | H19: =(SUM(E19+F19)*2*G19)*D19 -> 3.84 | J19: =9*0.5 -> 4.5 | K19: =+D19*J19*0.154 -> 2.772 | M19: =+D19*L19*0.245 -> 0 | O19: =+D19*N19*0.395 -> 0 | P19: =4*1.81 -> 7.24 | Q19: =+D19*P19*0.617 -> 17.86832 | S19: =+E19*F19*G19*D19 -> 0.144
B20: Caixa Medidor de Vazão cortina 1 e 2 | D20: 2 | E20: 1.45 | G20: 1.6 | I20: =+D20*E20*G20 -> 4.64 | K20: =+D20*J20*0.154 -> 0 | L20: =7*1.69*2 -> 23.66 | M20: =+D20*L20*0.245 -> 11.5934 | O20: =+D20*N20*0.395 -> 0 | Q20: =+D20*P20*0.617 -> 0 | S20: =+I20*0.0568 -> 0.263552
B21: Caixa Medidor de Vazão cortina 3 e 4 | D21: 2 | E21: 2.1 | G21: 1.6 | I21: =+D21*E21*G21 -> 6.72 | K21: =+D21*J21*0.154 -> 0 | L21: =7*2.34*2 -> 32.76 | M21: =+D21*L21*0.245 -> 16.0524 | O21: =+D21*N21*0.395 -> 0 | Q21: =+D21*P21*0.617 -> 0 | S21: =+I21*0.0568 -> 0.381696
B22: Caixa Medidor de Vazão laje de cobertura | D22: 3 | E22: 1.75 | F22: 0.8 | G22: 0.1 | H22: =(SUM(E22+F22)*2*G22)*D22 -> 1.53 | K22: =+D22*J22*0.154 -> 0 | L22: =4*1.69+10*0.74 -> 14.16 | M22: =+D22*L22*0.245 -> 10.4076 | O22: =+D22*N22*0.395 -> 0 | Q22: =+D22*P22*0.617 -> 0 | S22: =(D22*E22*F22*G22) -> 0.42
H23: =(SUM(E23+F23)*2*G23)*D23 -> 0 | K23: =+D23*J23*0.154 -> 0 | M23: =+D23*L23*0.245 -> 0 | O23: =+D23*N23*0.395 -> 0 | Q23: =+D23*P23*0.617 -> 0 | S23: =+D23*E23*F23*G23 -> 0
B24: Caixa do Hidrante laje de cobertura | D24: 1 | E24: 1.9 | F24: 0.9 | G24: 0.12 | H24: =(SUM(E24+F24)*2*G24)*D24 -> 0.672 | K24: =+D24*J24*0.154 -> 0 | L24: =7*1.1+7*0.98+2*8*0.43+2*8*0.38+0.89*15+0.73*15+0.25*16 -> 55.82 | M24: =+D24*L24*0.245 -> 13.6759 | O24: =+D24*N24*0.395 -> 0 | Q24: =+D24*P24*0.617 -> 0 | S24: =(D24*E24*F24*G24)-(0.25*0.25) -> 0.1427
B25: Caixa do Hidrante bloco de apoio | D25: 1 | E25: 0.2 | F25: 0.2 | G25: 0.5 | H25: =(SUM(E25+F25)*2*G25)*D25 -> 0.4 | J25: =3*0.7 -> 2.1 | K25: =+D25*J25*0.154 -> 0.3234 | L25: =2*1.25 -> 2.5 | M25: =+D25*L25*0.245 -> 0.6125 | O25: =+D25*N25*0.395 -> 0 | Q25: =+D25*P25*0.617 -> 0 | S25: =+E25*F25*G25*D25 -> 0.02
B26: Caixa do Hidrante cortina 1 e 2 | D26: 2 | E26: 1.7 | G26: 1.13 | I26: =+D26*E26*G26 -> 3.842 | K26: =+D26*J26*0.154 -> 0 | L26: =2*1.84 -> 3.68 | M26: =+D26*L26*0.245 -> 1.8032 | O26: =+D26*N26*0.395 -> 0 | Q26: =+D26*P26*0.617 -> 0 | S26: =+E26*2*0.19*0.0568 -> 0.0366928
B27: Caixa do Hidrante cortina 3 e 4 | D27: 2 | E27: 0.6 | G27: 1.13 | I27: =+D27*E27*G27 -> 1.356 | K27: =+D27*J27*0.154 -> 0 | L27: =2*0.84 -> 1.68 | M27: =+D27*L27*0.245 -> 0.8232 | O27: =+D27*N27*0.395 -> 0 | Q27: =+D27*P27*0.617 -> 0 | S27: =+E27*2*0.19*0.0568 -> 0.0129504
K28: =+D28*J28*0.154 -> 0 | M28: =+D28*L28*0.245 -> 0 | O28: =+D28*N28*0.395 -> 0 | Q28: =+D28*P28*0.617 -> 0
B29: TOTAIS | H29: =SUM(H12:H28) -> 13.559 | I29: =SUM(I12:I28) -> 30.158 | J29: =SUM(J12:J28) -> 13.6 | K29: =SUM(K12:K28) -> 6.9454 | L29: =SUM(L12:L28) -> 336.2 | M29: =SUM(M12:M28) -> 104.4435 | N29: =SUM(N12:N28) -> 162.32 | O29: =SUM(O12:O28) -> 90.3128 | ... S29: =SUM(S12:S28) -> 3.9825135
B31: RESUMO DE SERVIÇOS
B32: GOINFRA | C32: 051024 | D32: PREPARO COM BETONEIRA E TRANSPORTE MANUAL DE CONCRETO PARA LASTRO - (O.C.) | R32: M3 | S32: =+R29 -> 0.567
B33: GOINFRA | C33: 051009 | D33: FORMA TABUA PINHO PARA FUNDACOES U=3V - (OBRAS CIVIS) | R33: M2 | S33: =+H29 -> 13.559
B34: GOINFRA | C34: 052003 | D34: ACO CA-50A - 6,3 MM (1/4") - (OBRAS CIVIS) | R34: KG | S34: =+M29 -> 104.4435
B35: GOINFRA | C35: 052004 | D35: ACO CA 50-A - 8,0 MM (5/16") - (OBRAS CIVIS) | R35: KG | S35: =+O29 -> 90.3128
B36: GOINFRA | C36: 052005 | D36: ACO CA-50A - 10,0 MM (3/8") - (OBRAS CIVIS) | R36: KG | S36: =+Q29 -> 35.44048
B37: GOINFRA | C37: 052014 | D37: ACO CA-60 - 5,0 MM - (OBRAS CIVIS) | R37: KG | S37: =+K29 -> 6.9454
B38: GOINFRA | C38: 051030 | D38: PREPARO COM BETONEIRA E TRANSPORTE MANUAL DE CONCRETO FCK=25 MPA | R38: M3 | S38: =+S29 -> 3.9825135
B39: GOINFRA | C39: 051055 | D39: LANÇAMENTO/APLICAÇÃO/ADENSAMENTO MANUAL DE CONCRETO - (O.C.) | R39: M3 | S39: =+S38 -> 3.9825135
B40: PRÓPRIO | C40: SEINFRA-0022 | D40: CORTINA CANALETA CONCRETO 14X19X39 PARA SER CHEIA CONCRETO ARMADO (0,0568M3/M2) - EXCLUSO O CONCRETO. (ADAPTADO DE GOINFRA CIVIL 110106) | R40: M2 | S40: =+I29 -> 30.158

Sheet CAIXAS-PAREDES
B1: MEMORIAL DE CÁLCULO
B4: OBJETO: | D4: ='DADOS DA OBRA'!$B$13 -> DEMOLIÇÃO DO RESERVATÓRIO EXISTENTE, EXECUÇÃO DE RESERVATÓRIO METÁLICO ELEVADO E REESTRUTURAÇÃO (COM AMPLIAÇÃO) DA REDE DE DISTRIBUIÇÃO DE ÁGUA TRATADA EXISTENTE NO MUNICÍPIO DE MATRINCHÃ | N4: DATA: | O4: =+'DADOS DA OBRA'!$N$22 -> 04/11/2024
B5: LOCAL: | D5: =+""&'DADOS DA OBRA'!$B$16&", "&'DADOS DA OBRA'!$B$19&", "&'DADOS DA OBRA'!$J$19&", "&'DADOS DA OBRA'!$P$19 -> RUAS DIVERSAS, DIVERSOS, MATRINCHÃ, GO | N5: REVISÃO: | O5: ='DADOS DA OBRA'!$N$25 -> 00
B7: SERVIÇOS: | D7: PAREDES | N7: LOCAL: | O7: CAIXAS
B9: Parede | G9: Perímetro (m) | H9: Pé Direito (m) | I9: Área Bruta (m²) | J9: Desconto (m²) | K9: Área Líquida (m²) | L9: Repetições | M9: Área Total (m²) | N9: Marcação (m) | O9: Acunhamento (m)
B10: Tipo de Alvenaria: | F10: TIJOLO MACIÇO | K10: Dimensões:
B11: 1 | G11: 0.5 | H11: 0.75 | I11: =+G11*H11 -> 0.375 | K11: =+I11-J11 -> 0.375 | L11: 2 | M11: =+K11*L11 -> 0.75 | O11: 0
I12: =+G12*H12 -> 0 | K12: =+I12-J12 -> 0 | M12: =+K12*L12 -> 0 | N12: =+G12*L12 -> 0
I13: =+G13*H13 -> 0 | K13: =+I13-J13 -> 0 | M13: =+K13*L13 -> 0 | N13: =+G13*L13 -> 0 | O13: 0
I14: =+G14*H14 -> 0 | K14: =+I14-J14 -> 0 | M14: =+K14*L14 -> 0 | N14: =+G14*L14 -> 0 | O14: =+G14*L14 -> 0
B16: TOTAL | M16: =SUM(M11:M15) -> 0.75 | N16: =SUM(N11:N15) -> 0 | O16: =SUM(O11:O15) -> 0
B18: RESUMO DE SERVIÇOS COMPLEMENTARES
B19: GOINFRA | D19: 100102 | G19: ALVENARIA DE TIJOLO COMUM 1/2 VEZ - ARGAMASSA (1CI : 2CH : 8ARML) | N19: M2 | O19: =+M16 -> 0.75 | X19: M2 | Y19: =+W16 -> 0

Sheet CAIXAS-ESQUADRIAS
B1: MEMORIAL DE CÁLCULO
B4: OBJETO: | C4: ='DADOS DA OBRA'!$B$13 -> DEMOLIÇÃO DO RESERVATÓRIO EXISTENTE, EXECUÇÃO DE RESERVATÓRIO METÁLICO ELEVADO E REESTRUTURAÇÃO (COM AMPLIAÇÃO) DA REDE DE DISTRIBUIÇÃO DE ÁGUA TRATADA EXISTENTE NO MUNICÍPIO DE MATRINCHÃ | X4: DATA: | Y4: =+'DADOS DA OBRA'!$N$22 -> 04/11/2024
B5: LOCAL: | C5: =+""&'DADOS DA OBRA'!$B$16&", "&'DADOS DA OBRA'!$B$19&", "&'DADOS DA OBRA'!$J$19&", "&'DADOS DA OBRA'!$P$19 -> RUAS DIVERSAS, DIVERSOS, MATRINCHÃ, GO | X5: REVISÃO: | Y5: ='DADOS DA OBRA'!$N$25 -> 00
B7: SERVIÇOS: | C7: ESQUADRIAS | X7: LOCAL: | Y7: CAIXAS
B9: Descrição | P9: Dimensões | R9: Quantidade | S9: Área | T9: Vidros | W9: Pintura | X9: Requadração | Y9: Vergas
P10: A | Q10: B | T10: Tipo | U10: Espessura | V10: Área
B11: FERRO
B12: PRÓPRIO | C12: SEINFRA-0027 | D12: TAMPA DE INSPEÇÃO EM CHAPA METÁLICA DE 3/8". (ADAPTADO DE ORSE 4117) | P12: 2.85 | Q12: 1.6 | R12: 2 | S12: =+P12*Q12*R12 -> 9.12 | W12: =+S12*3 -> 27.36 | X12: 0 | Y12: 0
B13: GOINFRA | C13: 080840 | D13: TAMPA T-5 ARTICULADA 20X20 | P13: 0.2 | Q13: 0.2 | R13: 1 | S13: =+P13*Q13*R13 -> 0.04 | W13: =+S13*3 -> 0.12 | X13: 0 | Y13: 0
B14: GOINFRA | C14: 180703 | D14: ESCADA TIPO MARINHEIRO SEM GUARDA CORPO PADRÃO GOINFRA ( H <= 3M) | P14: 1.6 | R14: 2 | S14: =+P14*R14 -> 3.2 | X14: 0 | Y14: 0
W16: =SUM(W11:W15) -> 27.48 | X16: =SUM(X11:X15) -> 0 | Y16: =SUM(Y11:Y15) -> 0
B18: RESUMO DE SERVIÇOS COMPLEMENTARES
B19: GOINFRA | C19: 261602 | D19: PINTURA TINTA ESMALTE PARA ESQUADRIAS DE FERRO C FUNDO ANTICORROSIVO | X19: M2 | Y19: =+W16 -> 27.48

Sheet CAIXAS-PAVIM
B1: MEMORIAL DE CÁLCULO
B4: OBJETO: | C4: ='DADOS DA OBRA'!$B$13 -> DEMOLIÇÃO DO RESERVATÓRIO EXISTENTE, EXECUÇÃO DE RESERVATÓRIO METÁLICO ELEVADO E REESTRUTURAÇÃO (COM AMPLIAÇÃO) DA REDE DE DISTRIBUIÇÃO DE ÁGUA TRATADA EXISTENTE NO MUNICÍPIO DE MATRINCHÃ | V4: DATA: | W4: =+'DADOS DA OBRA'!$N$22 -> 04/11/2024
B5: LOCAL: | C5: =+""&'DADOS DA OBRA'!$B$16&", "&'DADOS DA OBRA'!$B$19&", "&'DADOS DA OBRA'!$J$19&", "&'DADOS DA OBRA'!$P$19 -> RUAS DIVERSAS, DIVERSOS, MATRINCHÃ, GO | V5: REVISÃO: | W5: ='DADOS DA OBRA'!$N$25 -> 00
B7: SERVIÇOS: | C7: PAVIMENTAÇÃO | V7: LOCAL: | W7: CAIXAS
N9: Caixa Alimentação | O9: Caixa Medidor | W9: SOMA
B10: Comprimento | N10: 2.75 | O10: 1.45 | X10: m
B11: Largura | N11: 1.5 | O11: 2.1 | X11: m
B12: Área Bruta | N12: =+N10*N11 -> 4.125 | O12: =+O10*O11 -> 3.045 | X12: m²
B13: Acréscimos | X13: m²
B14: Descontos | O14: =PI()*0.2^2 -> 0.12566371 | X14: m²
B15: Área Líquida | N15: =+N12+N13-N14 -> 4.125 | O15: =+O12+O13-O14 -> 2.9193363 | X15: m²
B16: CIMENTADOS / CONCRETOS
B17: GOINFRA | C17: 120101 | D17: REGULARIZAÇÃO (1:3) E=2 CM | N17: =+N15 -> 4.125 | O17: =+O15 -> 2.9193363 | W17: =SUM(N17:V17) -> 7.0443363 | X17: M2

Sheet RESERV-FUN-ESTACAS
B1: MEMORIAL DE CÁLCULO
B4: OBJETO: | C4: ='DADOS DA OBRA'!$B$13 -> DEMOLIÇÃO DO RESERVATÓRIO EXISTENTE, EXECUÇÃO DE RESERVATÓRIO METÁLICO ELEVADO E REESTRUTURAÇÃO (COM AMPLIAÇÃO) DA REDE DE DISTRIBUIÇÃO DE ÁGUA TRATADA EXISTENTE NO MUNICÍPIO DE MATRINCHÃ | O4: DATA: | P4: =+'DADOS DA OBRA'!$N$22 -> 04/11/2024
B5: LOCAL: | C5: =+""&'DADOS DA OBRA'!$B$16&", "&'DADOS DA OBRA'!$B$19&", "&'DADOS DA OBRA'!$J$19&", "&'DADOS DA OBRA'!$P$19 -> RUAS DIVERSAS, DIVERSOS, MATRINCHÃ, GO | O5: REVISÃO: | P5: ='DADOS DA OBRA'!$N$25 -> 00
B7: SERVIÇOS: | C7: ESTACAS | O7: LOCAL: | P7: RESERVATÓRIO
B9: Elemento | D9: Quant. | E9: Diâmetro (cm) | F9: Profundidade | N9: Concreto (m³) | O9: Arrasamento de estacas | P9: Retirada de Entulho
F10: Unitário (m) | G10: Total (m) | H10: Ø 6.3 | J10: Ø 8.0 | L10: Ø 16.0
H11: Comp. (m) | I11: Peso (kg) | J11: Comp. | K11: Peso | L11: Comp. | M11: Peso | N11: C25 | O11: (un) | P11: Emp.: 30%
B12: B1 / B2 / B3 / B4 | D12: 20 | E12: 40 | F12: 15 | G12: =+D12*F12 -> 300 | H12: =35*1.08 -> 37.8 | I12: =+D12*H12*0.245 -> 185.22 | K12: =+G12*J12*0.395 -> 0 | L12: =6*6 -> 36 | M12: =+L12*1.578*$D12 -> 1136.16 | N12: =+ROUND(((PI()*(E12/100)^2)/4)*G12,2) -> 37.7 | O12: =+D12 -> 20 | P12: =+ROUND(((((3.1416*(E12/100)^2)/4)*G12)+(((3.1416*(E12/100)^2)/4)*0.2*D12))*1.3,2) -> 49.66
I13: =+G13*H13*0.245 -> 0 | K13: =+G13*J13*0.395 -> 0 | M13: =+L13*1.578*$D13 -> 0 | N13: =+ROUND(((3.1416*(E13/100)^2)/4)*G13,2) -> 0 | P13: =+N13*1.3 -> 0
I14: =+G14*H14*0.245 -> 0 | K14: =+G14*J14*0.395 -> 0 | M14: =+L14*1.578*$D14 -> 0
B15: TOTAIS | G15: =SUM(G12:G14) -> 300 | H15: =SUM(H12:H14) -> 37.8 | I15: =SUM(I12:I14) -> 185.22 | J15: =SUM(J12:J14) -> 0 | K15: =SUM(K12:K14) -> 0 | L15: =SUM(L12:L14) -> 36 | M15: =SUM(M12:M14) -> 1136.16 | N15: =SUM(N12:N14) -> 37.7 | ... P15: =SUM(P12:P14) -> 49.66
B17: RESUMO DE SERVIÇOS
D18: MOBILIZAÇÃO | K18: M3 | N18: M | O18: =+G14 -> 0
B19: PRÓPRIO | C19: SEINFRA-0023 | D19: ESTACA ESCAVADA MECANICAMENTE - Ø 400MM | K19: M3 | N19: M | O19: =+G15 -> 300
B20: GOINFRA | C20: 052003 | D20: ACO CA-50A - 6,3 MM (1/4") - (OBRAS CIVIS) | K20: M2 | N20: KG | O20: =+I15 -> 185.22
B21: GOINFRA | C21: 052007 | D21: ACO CA - 50 - 16,0 MM (5/8") - (OBRAS CIVIS) | K21: M2 | N21: KG | O21: =+M15 -> 1136.16
B22: GOINFRA | C22: 051030 | D22: PREPARO COM BETONEIRA E TRANSPORTE MANUAL DE CONCRETO FCK=25 MPA | K22: KG | N22: M3 | O22: =+N15 -> 37.7
B23: GOINFRA | C23: 051055 | D23: LANÇAMENTO/APLICAÇÃO/ADENSAMENTO MANUAL DE CONCRETO - (O.C.) | K23: KG | N23: M3 | O23: =+O22 -> 37.7
B24: PRÓPRIO | C24: SEINFRA-0024 | D24: ARRASAMENTO MECANICO DE ESTACA DE CONCRETO ARMADO, DIAMETROS DE ATÉ 40 CM. (ADAPTADO DE SINAPI 95601) | K24: KG | N24: UN | O24: =+O15 -> 20

Sheet RESERV-FUN-BLOCO
B1: MEMORIAL DE CÁLCULO
B4: OBJETO: | C4: ='DADOS DA OBRA'!$B$13 -> DEMOLIÇÃO DO RESERVATÓRIO EXISTENTE, EXECUÇÃO DE RESERVATÓRIO METÁLICO ELEVADO E REESTRUTURAÇÃO (COM AMPLIAÇÃO) DA REDE DE DISTRIBUIÇÃO DE ÁGUA TRATADA EXISTENTE NO MUNICÍPIO DE MATRINCHÃ | U4: DATA: | V4: =+'DADOS DA OBRA'!$N$22 -> 04/11/2024
B5: LOCAL: | C5: =+""&'DADOS DA OBRA'!$B$16&", "&'DADOS DA OBRA'!$B$19&", "&'DADOS DA OBRA'!$J$19&", "&'DADOS DA OBRA'!$P$19 -> RUAS DIVERSAS, DIVERSOS, MATRINCHÃ, GO | U5: REVISÃO: | V5: ='DADOS DA OBRA'!$N$25 -> 00
B7: SERVIÇOS: | C7: BLOCOS | U7: LOCAL: | V7: RESERVATÓRIO
B9: Elemento | D9: Quant. | E9: Dimensões Bloco | H9: Prof. (m) | I9: Alargamento Apiloamento | J9: Escavação manual | K9: Retirada de material | L9: Lastro de concreto 5 cm | M9: Forma | T9: Concreto (m³) | U9: Reaterro compactado | V9: Retirada de Entulho
E10: Comp. (m) | F10: Larg. (m) | G10: Altura (m) | N10: Ø 6.3 | P10: Ø 8.0 | R10: Ø 16.0
I11: (m²) | J11: (m³) | K11: (m³) | L11: (m³) | M11: (m²) | N11: Comp. (m) | O11: Peso (kg) | P11: Comp. | Q11: Peso | R11: Comp. | S11: Peso | T11: C25 | U11: (m³) | V11: Emp.: 30%
B12: B1 | D12: 1 | E12: 4.13 | G12: 0.9 | H12: 0.95 | I12: 8.92 | J12: =+I12*H12 -> 8.474 | K12: =+J12-U12 -> 3.717 | L12: =+D12*I12*0.05 -> 0.446 | M12: =7.75*G12 -> 6.975 | N12: =2*18*2.66+2*16*2.57 -> 178 | O12: =+G12*N12*0.245 -> 39.249 | P12: =4*7.53 -> 30.12 | Q12: =+G12*P12*0.395 -> 10.70766 | R12: =5*7*2.42 -> 84.7 | S12: =+R12*1.578*$D12 -> 133.6566 | T12: =+D12*E12*G12 -> 3.717 | U12: =+J12-T12 -> 4.757 | V12: =+T12*1.3 -> 4.8321
B13: B2 | D13: 1 | E13: =+E12 -> 4.13 | G13: 0.9 | H13: 0.95 | I13: 8.92 | J13: =+I13*H13 -> 8.474 | K13: =+J13-U13 -> 3.717 | L13: =+D13*I13*0.05 -> 0.446 | M13: =7.75*G13 -> 6.975 | N13: =2*18*2.66+2*16*2.57 -> 178 | O13: =+G13*N13*0.245 -> 39.249 | P13: =4*7.53 -> 30.12 | Q13: =+G13*P13*0.395 -> 10.70766 | R13: =5*7*2.42 -> 84.7 | S13: =+R13*1.578*$D13 -> 133.6566 | T13: =+D13*E13*G13 -> 3.717 | U13: =+J13-T13 -> 4.757 | V13: =+T13*1.3 -> 4.8321
B14: B3 | D14: 1 | E14: =+E13 -> 4.13 | G14: 0.9 | H14: 0.95 | I14: 8.92 | J14: =+I14*H14 -> 8.474 | K14: =+J14-U14 -> 3.717 | L14: =+D14*I14*0.05 -> 0.446 | M14: =7.75*G14 -> 6.975 | N14: =2*18*2.66+2*16*2.57 -> 178 | O14: =+G14*N14*0.245 -> 39.249 | P14: =4*7.53 -> 30.12 | Q14: =+G14*P14*0.395 -> 10.70766 | R14: =5*7*2.42 -> 84.7 | S14: =+R14*1.578*$D14 -> 133.6566 | T14: =+D14*E14*G14 -> 3.717 | U14: =+J14-T14 -> 4.757 | V14: =+T14*1.3 -> 4.8321
B15: B4 | D15: 1 | E15: =+E14 -> 4.13 | G15: 0.9 | H15: 0.95 | I15: 8.92 | J15: =+I15*H15 -> 8.474 | K15: =+J15-U15 -> 3.717 | L15: =+D15*I15*0.05 -> 0.446 | M15: =7.75*G15 -> 6.975 | N15: =2*18*2.66+2*16*2.57 -> 178 | O15: =+G15*N15*0.245 -> 39.249 | P15: =4*7.53 -> 30.12 | Q15: =+G15*P15*0.395 -> 10.70766 | R15: =5*7*2.42 -> 84.7 | S15: =+R15*1.578*$D15 -> 133.6566 | T15: =+D15*E15*G15 -> 3.717 | U15: =+J15-T15 -> 4.757 | V15: =+T15*1.3 -> 4.8321
B16: Cubículo | D16: 1 | E16: 1.5 | F16: 0.75 | G16: 0.3 | H16: 0.3 | J16: =+I16*H16 -> 0 | K16: =+J16-U16 -> 0 | L16: =+D16*E16*F16*0.05 -> 0.05625 | M16: =+(E16+F16)*2*G16*D16 -> 1.35 | O16: =+G16*N16*0.245 -> 0 | Q16: =+G16*P16*0.395 -> 0 | S16: =+R16*1.578*$D16 -> 0 | T16: =+D16*E16*F16*G16 -> 0.3375
I17: =+(D17)*(E17)*G17 -> 0 | J17: =+(E17)*(F17)*H17 -> 0 | K17: =+J17 -> 0 | M17: =+(E17+F17)*2*G17 -> 0 | O17: =+G17*N17*0.245 -> 0 | Q17: =+G17*P17*0.395 -> 0 | S17: =+R17*1.578*$D17 -> 0 | T17: =+E17*F17*G17*$D17*1.05 -> 0 | U17: =+J17-T17 -> 0 | V17: =+T17/1.1*1.3 -> 0
B18: TOTAIS | I18: =SUM(I12:I17) -> 35.68 | J18: =SUM(J12:J17) -> 33.896 | K18: =SUM(K12:K17) -> 14.868 | L18: =SUM(L12:L17) -> 1.84025 | M18: =SUM(M12:M17) -> 29.25 | N18: =SUM(N12:N17) -> 712 | O18: =SUM(O12:O17) -> 156.996 | P18: =SUM(P12:P17) -> 120.48 | ... V18: =SUM(V12:V17) -> 19.3284
B20: RESUMO DE SERVIÇOS
B21: GOINFRA | C21: 050901 | D21: ESCAVACAO MANUAL DE VALAS (SAPATAS/BLOCOS) | U21: M3 | V21: =+J18 -> 33.896
B22: GOINFRA | C22: 041002 | D22: APILOAMENTO | U22: M2 | V22: =+I18 -> 35.68
B23: GOINFRA | C23: 051024 | D23: PREPARO COM BETONEIRA E TRANSPORTE MANUAL DE CONCRETO PARA LASTRO - (O.C.) | U23: M3 | V23: =L18 -> 1.84025
B24: GOINFRA | C24: 051009 | D24: FORMA TABUA PINHO PARA FUNDACOES U=3V - (OBRAS CIVIS) | U24: M2 | V24: =+M18 -> 29.25
B25: GOINFRA | C25: 052003 | D25: ACO CA-50A - 6,3 MM (1/4") - (OBRAS CIVIS) | U25: KG | V25: =+O18 -> 156.996
B26: GOINFRA | C26: 052004 | D26: ACO CA 50-A - 8,0 MM (5/16") - (OBRAS CIVIS) | U26: KG | V26: =+Q18 -> 42.83064
B27: GOINFRA | C27: 052007 | D27: ACO CA - 50 - 16,0 MM (5/8") - (OBRAS CIVIS) | U27: KG | V27: =+S18 -> 534.6264
B28: GOINFRA | C28: 051030 | D28: PREPARO COM BETONEIRA E TRANSPORTE MANUAL DE CONCRETO FCK=25 MPA | U28: M3 | V28: =+T18 -> 15.2055
B29: GOINFRA | C29: 051055 | D29: LANÇAMENTO/APLICAÇÃO/ADENSAMENTO MANUAL DE CONCRETO - (O.C.) | U29: M3 | V29: =+V28 -> 15.2055
B30: GOINFRA | C30: 050905 | D30: REATERRO COM APILOAMENTO MECÂNICO (BLOCOS/SAPATAS) | U30: M3 | V30: =+U18 -> 19.028

Sheet RESERV-EST-PILARES
B1: MEMORIAL DE CÁLCULO
B4: OBJETO: | C4: ='DADOS DA OBRA'!$B$13 -> DEMOLIÇÃO DO RESERVATÓRIO EXISTENTE, EXECUÇÃO DE RESERVATÓRIO METÁLICO ELEVADO E REESTRUTURAÇÃO (COM AMPLIAÇÃO) DA REDE DE DISTRIBUIÇÃO DE ÁGUA TRATADA EXISTENTE NO MUNICÍPIO DE MATRINCHÃ | V4: DATA: | W4: =+'DADOS DA OBRA'!$N$22 -> 04/11/2024
B5: LOCAL: | C5: =+""&'DADOS DA OBRA'!$B$16&", "&'DADOS DA OBRA'!$B$19&", "&'DADOS DA OBRA'!$J$19&", "&'DADOS DA OBRA'!$P$19 -> RUAS DIVERSAS, DIVERSOS, MATRINCHÃ, GO | V5: REVISÃO: | W5: ='DADOS DA OBRA'!$N$25 -> 00
B7: SERVIÇOS: | C7: ESTRUTURA - PILARES | V7: LOCAL: | W7: RESERVATÓRIO
B9: Elemento | D9: Quant. | E9: Dimensões Pilares | H9: Forma de madeira | I9: Aço | W9: Concreto (m³)
E10: Comp. (m) | F10: Larg. (m) | G10: Altura (m) | I10: Ø 5.0 | K10: Ø 6.3 | M10: Ø 8.0 | O10: Ø 10.0 | Q10: Ø 12.5 | S10: Ø 16.0 | U10: Ø 20.0
H11: (m²) | I11: Comp. (m) | J11: Peso (kg) | K11: Comp. | L11: Peso | M11: Comp. | N11: Peso | O11: Comp. | P11: Peso | Q11: Comp. | R11: Peso | S11: Comp. | T11: Peso | U11: Comp. | V11: Peso | W11: C25
B12: P1 / P2 / P3 / P4 | D12: 4 | E12: 0.4 | F12: 0.4 | G12: 2 | H12: =+(E12+F12)*2*G12 -> 3.2 | I12: =2*1.1 -> 2.2 | J12: =+I12*0.154*$D12 -> 1.3552 | K12: =18*1.36 -> 24.48 | L12: =+K12*0.245*$D12 -> 23.9904 | N12: =+M12*0.395*$D12 -> 0 | P12: =+O12*0.617*$D12 -> 0 | R12: =+Q12*0.963*$D12 -> 0 | T12: =+S12*1.578*$D12 -> 0 | U12: =4*1.95+4*1.85 -> 15.2 | V12: =+U12*2.466*$D12 -> 149.9328 | W12: =+(E12*F12*G12*D12) -> 1.28
H13: =+(E13+F13)*2*G13 -> 0 | J13: =+I13*0.154*$D13 -> 0 | L13: =+K13*0.245*$D13 -> 0 | N13: =+M13*0.395*$D13 -> 0 | P13: =+O13*0.617*$D13 -> 0 | R13: =+Q13*0.963*$D13 -> 0 | T13: =+S13*1.578*$D13 -> 0 | V13: =+U13*2.466*$D13 -> 0 | W13: =+E13*F13*G13*$D13*1.05 -> 0
H14: =+(E14+F14)*2*G14 -> 0 | J14: =+I14*0.154*$D14 -> 0 | L14: =+K14*0.245*$D14 -> 0 | N14: =+M14*0.395*$D14 -> 0 | P14: =+O14*0.617*$D14 -> 0 | R14: =+Q14*0.963*$D14 -> 0 | T14: =+S14*1.578*$D14 -> 0 | V14: =+U14*2.466*$D14 -> 0 | W14: =+E14*F14*G14*$D14*1.05 -> 0
H15: =+(E15+F15)*2*G15 -> 0 | J15: =+I15*0.154*$D15 -> 0 | L15: =+K15*0.245*$D15 -> 0 | N15: =+M15*0.395*$D15 -> 0 | P15: =+O15*0.617*$D15 -> 0 | R15: =+Q15*0.963*$D15 -> 0 | T15: =+S15*1.578*$D15 -> 0 | V15: =+U15*2.466*$D15 -> 0 | W15: =+E15*F15*G15*$D15*1.05 -> 0
B16: TOTAIS | H16: =SUM(H12:H15) -> 3.2 | I16: =SUM(I12:I15) -> 2.2 | J16: =SUM(J12:J15) -> 1.3552 | K16: =SUM(K12:K15) -> 24.48 | L16: =SUM(L12:L15) -> 23.9904 | M16: =SUM(M12:M15) -> 0 | N16: =SUM(N12:N15) -> 0 | O16: =SUM(O12:O15) -> 0 | ... W16: =SUM(W12:W15) -> 1.28
B18: RESUMO DE SERVIÇOS
B19: GOINFRA | C19: 060214 | D19: FORMA CHAPA DE COMPENSADO PLASTIFICADO 12 MM-VIGA/PILAR U=1V- (OBRAS CIVIS) | V19: M2 | W19: =+H16 -> 3.2
B20: GOINFRA | C20: 060303 | D20: ACO CA-50-A - 6,3 MM (1/4") - (OBRAS CIVIS) | V20: KG | W20: =+L16 -> 23.9904
B21: GOINFRA | C21: 060308 | D21: ACO CA 50-A - 20,0 MM (3/4") - (OBRAS CIVIS) | V21: KG | W21: =+V16 -> 149.9328
B22: GOINFRA | C22: 060314 | D22: ACO CA - 60 - 5,0 MM - (OBRAS CIVIS) | V22: KG | W22: =+J16 -> 1.3552
B23: GOINFRA | C23: 060517 | D23: PREPARO COM BETONEIRA E TRANSPORTE MANUAL DE CONCRETO FCK=25 MPA | V23: M3 | W23: =+W16 -> 1.28
B24: GOINFRA | C24: 060802 | D24: LANÇAMENTO/APLICAÇÃO/ADENSAMENTO DE CONCRETO EM ESTRUTURA - (O.C.) | V24: M3 | W24: =+W23 -> 1.28

Sheet RESER-EST-VIGA
B1: MEMORIAL DE CÁLCULO
B4: OBJETO: | C4: ='DADOS DA OBRA'!$B$13 -> DEMOLIÇÃO DO RESERVATÓRIO EXISTENTE, EXECUÇÃO DE RESERVATÓRIO METÁLICO ELEVADO E REESTRUTURAÇÃO (COM AMPLIAÇÃO) DA REDE DE DISTRIBUIÇÃO DE ÁGUA TRATADA EXISTENTE NO MUNICÍPIO DE MATRINCHÃ | Y4: DATA: | Z4: =+'DADOS DA OBRA'!$N$22 -> 04/11/2024
B5: LOCAL: | C5: =+""&'DADOS DA OBRA'!$B$16&", "&'DADOS DA OBRA'!$B$19&", "&'DADOS DA OBRA'!$J$19&", "&'DADOS DA OBRA'!$P$19 -> RUAS DIVERSAS, DIVERSOS, MATRINCHÃ, GO | Y5: REVISÃO: | Z5: ='DADOS DA OBRA'!$N$25 -> 00
B7: SERVIÇOS: | C7: ESTRUTURA - VIGAS | Y7: LOCAL: | Z7: RESERVATÓRIO
B9: Elemento | D9: Quant. | E9: Dimensões Vigas | H9: Forma de madeira | I9: Escora | J9: Aço | Z9: Concreto (m³)
E10: Comp. (m) | F10: Larg. (m) | G10: Altura (m) | J10: Ø 5.0 | L10: Ø 6.3 | N10: Ø 8.0 | P10: Ø 10.0 | R10: Ø 12.5 | T10: Ø 16.0 | V10: Ø 20.0 | X10: Ø 25.0
H11: (m²) | I11: (m³) | J11: Comp. (m) | K11: Peso (kg) | L11: Comp. | M11: Peso | N11: Comp. | O11: Peso | P11: Comp. | Q11: Peso | R11: Comp. | S11: Peso | T11: Comp. | U11: Peso | V11: Comp. | W11: Peso | X11: Comp. | Y11: Peso | Z11: C25
B12: V1 / V2 / V3 / V4 | D12: 4 | E12: 5.6 | F12: 0.4 | G12: 2 | H12: =(E12*G12*2)*D12 -> 89.6 | K12: =+J12*0.154*D12 -> 0 | M12: =+L12*0.245*$D12 -> 0 | N12: =2*28*4.38+2*16*6.08 -> 439.84 | O12: =+N12*0.395*$D12 -> 694.9472 | P12: =4*3*1.45+5*3*1.45 -> 39.15 | Q12: =+P12*0.617*$D12 -> 96.6222 | S12: =+R12*0.963*$D12 -> 0 | U12: =+T12*1.578*$D12 -> 0 | V12: =5*8.15 -> 40.75 | W12: =+V12*2.466*$D12 -> 401.958 | X12: =4*6.25+4*7.05 -> 53.2 | Y12: =+X12*3.853*$D12 -> 819.9184 | Z12: =+E12*F12*G12*$D12 -> 17.92
H13: =(E13*G13*2+E13*F13)*D13 -> 0 | I13: =+E13*F13*3.75*D13 -> 0 | K13: =+J13*0.154*D13 -> 0 | M13: =+L13*0.245*$D13 -> 0 | O13: =+N13*0.395*$D13 -> 0 | Q13: =+P13*0.617*$D13 -> 0 | S13: =+R13*0.963*$D13 -> 0 | U13: =+T13*1.578*$D13 -> 0 | W13: =+V13*2.466*$D13 -> 0 | Y13: =+X13*3.853*$D13 -> 0 | Z13: =+E13*F13*G13*$D13*1.05 -> 0
H14: =(E14*G14*2+E14*F14)*D14 -> 0 | I14: =+E14*F14*3.75*D14 -> 0 | K14: =+J14*0.154*D14 -> 0 | M14: =+L14*0.245*$D14 -> 0 | O14: =+N14*0.395*$D14 -> 0 | Q14: =+P14*0.617*$D14 -> 0 | S14: =+R14*0.963*$D14 -> 0 | U14: =+T14*1.578*$D14 -> 0 | W14: =+V14*2.466*$D14 -> 0 | Y14: =+X14*3.853*$D14 -> 0 | Z14: =+E14*F14*G14*$D14*1.05 -> 0
H15: =(E15*G15*2+E15*F15)*D15 -> 0 | I15: =+E15*F15*3.75*D15 -> 0 | K15: =+J15*0.154*D15 -> 0 | M15: =+L15*0.245*$D15 -> 0 | O15: =+N15*0.395*$D15 -> 0 | Q15: =+P15*0.617*$D15 -> 0 | S15: =+R15*0.963*$D15 -> 0 | U15: =+T15*1.578*$D15 -> 0 | W15: =+V15*2.466*$D15 -> 0 | Y15: =+X15*3.853*$D15 -> 0 | Z15: =+E15*F15*G15*$D15*1.05 -> 0
B16: TOTAIS | H16: =SUM(H12:H15) -> 89.6 | I16: =SUM(I12:I15) -> 0 | J16: =SUM(J12:J15) -> 0 | K16: =SUM(K12:K15) -> 0 | L16: =SUM(L12:L15) -> 0 | M16: =SUM(M12:M15) -> 0 | N16: =SUM(N12:N15) -> 439.84 | O16: =SUM(O12:O15) -> 694.9472 | ... Z16: =SUM(Z12:Z15) -> 17.92
B18: RESUMO DE SERVIÇOS
B19: GOINFRA | D19: 060214 | E19: FORMA CHAPA DE COMPENSADO PLASTIFICADO 12 MM-VIGA/PILAR U=1V- (OBRAS CIVIS) | V19: M2 | W19: =+H16 -> 89.6
B20: GOINFRA | D20: 060304 | E20: ACO CA-50 A - 8,0 MM (5/16") - (OBRAS CIVIS) | V20: KG | W20: =+O16 -> 694.9472
B21: GOINFRA | D21: 060305 | E21: ACO CA-50A - 10,0 MM (3/8") - (OBRAS CIVIS) | V21: KG | W21: =+Q16 -> 96.6222
B22: GOINFRA | D22: 060308 | E22: ACO CA 50-A - 20,0 MM (3/4") - (OBRAS CIVIS) | V22: KG | W22: =+W16 -> 401.958
B23: GOINFRA | D23: 060310 | E23: ACO CA 50-A - 25,0 MM (1") - (OBRAS CIVIS)' | V23: KG | W23: =+Y16 -> 819.9184
B24: GOINFRA | D24: 060517 | E24: PREPARO COM BETONEIRA E TRANSPORTE MANUAL DE CONCRETO FCK=25 MPA | V24: M3 | W24: =+Z16 -> 17.92
B25: GOINFRA | D25: 060802 | E25: LANÇAMENTO/APLICAÇÃO/ADENSAMENTO DE CONCRETO EM ESTRUTURA - (O.C.) | V25: M3 | W25: =+W24 -> 17.92

Sheet RESER-EST-LAJE
B1: MEMORIAL DE CÁLCULO
B4: OBJETO: | C4: ='DADOS DA OBRA'!$B$13 -> DEMOLIÇÃO DO RESERVATÓRIO EXISTENTE, EXECUÇÃO DE RESERVATÓRIO METÁLICO ELEVADO E REESTRUTURAÇÃO (COM AMPLIAÇÃO) DA REDE DE DISTRIBUIÇÃO DE ÁGUA TRATADA EXISTENTE NO MUNICÍPIO DE MATRINCHÃ | X4: DATA: | AB4: =+'DADOS DA OBRA'!$N$22 -> 04/11/2024
B5: LOCAL: | C5: =+""&'DADOS DA OBRA'!$B$16&", "&'DADOS DA OBRA'!$B$19&", "&'DADOS DA OBRA'!$J$19&", "&'DADOS DA OBRA'!$P$19 -> RUAS DIVERSAS, DIVERSOS, MATRINCHÃ, GO | X5: REVISÃO: | AB5: ='DADOS DA OBRA'!$N$25 -> 00
B7: SERVIÇOS: | C7: ESTRUTURA - LAJES | X7: LOCAL: | AB7: RESERVATÓRIO
B9: Elemento | D9: Quant. | E9: Dimensões Lajes | H9: Forma de madeira | I9: Treliça | J9: Escoramento | K9: Aço | AA9: Tela | AB9: Concreto (m³)
E10: Comp. (m) | F10: Larg. (m) | G10: Espessura Consumo (m) | K10: Ø 5.0 | M10: Ø 6.3 | O10: Ø 8.0 | Q10: Ø 10.0 | S10: Ø 12.5 | U10: Ø 16.0 | W10: Ø 20.0 | Y10: Ø 25.0
H11: (m²) | I11: 12 cm | J11: m³ | K11: Comp. (m) | L11: Peso (kg) | M11: Comp. | N11: Peso | O11: Comp. | P11: Peso | Q11: Comp. | R11: Peso | S11: Comp. | T11: Peso | U11: Comp. | V11: Peso | W11: Comp. | X11: Peso | Y11: Comp. | Z11: Peso | AA11: m² | AB11: C25
B12: L1 | D12: 1 | E12: 5.6 | F12: 5.6 | G12: 2 | J12: =+I12*3.75 -> 0 | L12: =+K12*0.154*E12 -> 0 | N12: =+M12*0.245*$D12 -> 0 | P12: =+O12*0.395*$D12 -> 0 | R12: =+Q12*0.617*$D12 -> 0 | T12: =+S12*0.963*$D12 -> 0 | V12: =+U12*1.578*$D12 -> 0 | W12: =56*10.08+56*10.1+56*10.1+55*10.09 -> 2250.63 | X12: =+W12*2.466*$D12 -> 5550.0536 | Z12: =+Y12*3.853*$D12 -> 0 | AA12: =+I12 -> 0 | AB12: =+E12*F12*G12 -> 62.72
I13: =+E13 -> 0 | J13: =+I13*3.75 -> 0 | AA13: =+I13 -> 0 | AB13: =+G13*I13*D13 -> 0
I14: =+E14 -> 0 | J14: =+I14*3.75 -> 0 | AA14: =+I14 -> 0 | AB14: =+G14*I14*D14 -> 0
I15: =+E15 -> 0 | J15: =+I15*3.75 -> 0 | AA15: =+I15 -> 0 | AB15: =+G15*I15*D15 -> 0
B16: TOTAIS | H16: =SUM(H12:H15) -> 0 | I16: =SUM(I12:I15) -> 0 | J16: =SUM(J12:J15) -> 0 | K16: =SUM(K12:K15) -> 0 | L16: =SUM(L12:L15) -> 0 | M16: =SUM(M12:M15) -> 0 | N16: =SUM(N12:N15) -> 0 | O16: =SUM(O12:O15) -> 0 | ... X16: =SUM(X12:X15) -> 5550.0536 | AA16: =SUM(AA12:AA15) -> 0 | AB16: =SUM(AB12:AB15) -> 62.72
B18: RESUMO DE SERVIÇOS
B19: GOINFRA | C19: 060308 | D19: ACO CA 50-A - 20,0 MM (3/4") - (OBRAS CIVIS) | X19: KG | AB19: =+X16 -> 5550.0536
B20: GOINFRA | C20: 060517 | D20: PREPARO COM BETONEIRA E TRANSPORTE MANUAL DE CONCRETO FCK=25 MPA | X20: M3 | AB20: =+AB16 -> 62.72
B21: GOINFRA | C21: 060802 | D21: LANÇAMENTO/APLICAÇÃO/ADENSAMENTO DE CONCRETO EM ESTRUTURA - (O.C.) | X21: M3 | AB21: =+AB20 -> 62.72

Sheet RESER-EST-LAJE CUBÍCULO
B1: MEMORIAL DE CÁLCULO
B4: OBJETO: | C4: ='DADOS DA OBRA'!$B$13 -> DEMOLIÇÃO DO RESERVATÓRIO EXISTENTE, EXECUÇÃO DE RESERVATÓRIO METÁLICO ELEVADO E REESTRUTURAÇÃO (COM AMPLIAÇÃO) DA REDE DE DISTRIBUIÇÃO DE ÁGUA TRATADA EXISTENTE NO MUNICÍPIO DE MATRINCHÃ | X4: DATA: | AB4: =+'DADOS DA OBRA'!$N$22 -> 04/11/2024
B5: LOCAL: | C5: =+""&'DADOS DA OBRA'!$B$16&", "&'DADOS DA OBRA'!$B$19&", "&'DADOS DA OBRA'!$J$19&", "&'DADOS DA OBRA'!$P$19 -> RUAS DIVERSAS, DIVERSOS, MATRINCHÃ, GO | X5: REVISÃO: | AB5: ='DADOS DA OBRA'!$N$25 -> 00
B7: SERVIÇOS: | C7: ESTRUTURA - LAJES | X7: LOCAL: | AB7: CUBÍCULO
B9: Elemento | D9: Quant. | E9: Dimensões Lajes | H9: Forma de madeira | I9: Treliça | J9: Escoramento | K9: Aço | AA9: Tela | AB9: Concreto (m³)
E10: Comp. (m) | F10: Larg. (m) | G10: Espessura Consumo (m) | K10: Ø 5.0 | M10: Ø 6.3 | O10: Ø 8.0 | Q10: Ø 10.0 | S10: Ø 12.5 | U10: Ø 16.0 | W10: Ø 20.0 | Y10: Ø 25.0
H11: (m²) | I11: (m²) | J11: m³ | K11: Comp. (m) | L11: Peso (kg) | M11: Comp. | N11: Peso | O11: Comp. | P11: Peso | Q11: Comp. | R11: Peso | S11: Comp. | T11: Peso | U11: Comp. | V11: Peso | W11: Comp. | X11: Peso | Y11: Comp. | Z11: Peso | AA11: m² | AB11: C25
B12: L1 | D12: 1 | E12: 1.8 | F12: 1.05 | I12: =+D12*E12*F12 -> 1.89 | X12: =+W12*2.466*$D12 -> 0 | Z12: =+Y12*3.853*$D12 -> 0 | AA12: =+I12 -> 1.89 | AB12: =+E12*F12*G12 -> 0
I13: =+E13 -> 0 | J13: =+I13*3.75 -> 0 | AA13: =+I13 -> 0 | AB13: =+G13*I13*D13 -> 0
I14: =+E14 -> 0 | J14: =+I14*3.75 -> 0 | AA14: =+I14 -> 0 | AB14: =+G14*I14*D14 -> 0
I15: =+E15 -> 0 | J15: =+I15*3.75 -> 0 | AA15: =+I15 -> 0 | AB15: =+G15*I15*D15 -> 0
B16: TOTAIS | H16: =SUM(H12:H15) -> 0 | I16: =SUM(I12:I15) -> 1.89 | J16: =SUM(J12:J15) -> 0 | K16: =SUM(K12:K15) -> 0 | L16: =SUM(L12:L15) -> 0 | M16: =SUM(M12:M15) -> 0 | N16: =SUM(N12:N15) -> 0 | O16: =SUM(O12:O15) -> 0 | ... X16: =SUM(X12:X15) -> 0 | AA16: =SUM(AA12:AA15) -> 1.89 | AB16: =SUM(AB12:AB15) -> 0
B18: RESUMO DE SERVIÇOS
B19: GOINFRA | C19: 061101 | D19: FORRO EM LAJE PRE-MOLDADA INCLUSO CAPEAMENTO/ARMADURA DE DISTRIBUIÇÃO/ESCORAMENTO E FORMA/DESFORMA | X19: M2 | AB19: =I16 -> 1.89

Sheet RESER-PAREDES
B1: MEMORIAL DE CÁLCULO
B4: OBJETO: | D4: ='DADOS DA OBRA'!$B$13 -> DEMOLIÇÃO DO RESERVATÓRIO EXISTENTE, EXECUÇÃO DE RESERVATÓRIO METÁLICO ELEVADO E REESTRUTURAÇÃO (COM AMPLIAÇÃO) DA REDE DE DISTRIBUIÇÃO DE ÁGUA TRATADA EXISTENTE NO MUNICÍPIO DE MATRINCHÃ | N4: DATA: | O4: =+'DADOS DA OBRA'!$N$22 -> 04/11/2024
B5: LOCAL: | D5: =+""&'DADOS DA OBRA'!$B$16&", "&'DADOS DA OBRA'!$B$19&", "&'DADOS DA OBRA'!$J$19&", "&'DADOS DA OBRA'!$P$19 -> RUAS DIVERSAS, DIVERSOS, MATRINCHÃ, GO | N5: REVISÃO: | O5: ='DADOS DA OBRA'!$N$25 -> 00
B7: SERVIÇOS: | D7: PAREDES | N7: PAVIMENTO: | O7: RESERVATÓRIO
B9: Parede | G9: Perímetro (m) | H9: Pé Direito (m) | I9: Área Bruta (m²) | J9: Desconto (m²) | K9: Área Líquida (m²) | L9: Repetições | M9: Área Total (m²) | N9: Marcação (m) | O9: Acunhamento (m)
B10: Tipo de Alvenaria: | F10: MURO EM ALVENARIA | K10: Dimensões: | L10: 11,5x19x19 CM
B11: 1 | G11: 21.3 | H11: 2.2 | I11: =+G11*H11 -> 46.86 | K11: =+I11-J11 -> 46.86 | L11: 1 | M11: =+K11*L11 -> 46.86 | O11: 0
B12: 2 | G12: 36.4 | H12: 2.2 | I12: =+G12*H12 -> 80.08 | K12: =+I12-J12 -> 80.08 | L12: 1 | M12: =+K12*L12 -> 80.08
I13: =+G13*H13 -> 0 | K13: =+I13-J13 -> 0 | M13: =+K13*L13 -> 0 | N13: =+G13*L13 -> 0 | O13: 0
I14: =+G14*H14 -> 0 | K14: =+I14-J14 -> 0 | M14: =+K14*L14 -> 0 | N14: =+G14*L14 -> 0 | O14: =+G14*L14 -> 0
B16: TOTAL | M16: =SUM(M11:M15) -> 126.94 | N16: =SUM(N11:N15) -> 0 | O16: =SUM(O11:O15) -> 0
B18: Tipo de Alvenaria: | F18: ALVENARIA TIJOLO CERÂMICO | K18: Dimensões: | L18: 11,5X19X19 CM
B19: 1 | G19: 1.5 | H19: 1.8 | I19: =+G19*H19 -> 2.7 | K19: =+I19-J19 -> 2.7 | L19: 1 | M19: =+K19*L19 -> 2.7 | O19: 0
B20: 2 | G20: 0.75 | H20: 1.8 | I20: =+G20*H20 -> 1.35 | K20: =+I20-J20 -> 1.35 | L20: 1 | M20: =+K20*L20 -> 1.35
B21: 3 | G21: 0.75 | H21: 1.8 | I21: =+G21*H21 -> 1.35 | K21: =+I21-J21 -> 1.35 | L21: 1 | M21: =+K21*L21 -> 1.35
B22: 4 | G22: 1.5 | H22: 1.8 | I22: =+G22*H22 -> 2.7 | J22: =1*1.8 -> 1.8 | K22: =+I22-J22 -> 0.9 | L22: 1 | M22: =+K22*L22 -> 0.9
B24: TOTAL | M24: =SUM(M19:M23) -> 6.3 | N24: =SUM(N19:N23) -> 0 | O24: =SUM(O19:O23) -> 0
B26: RESUMO DE SERVIÇOS COMPLEMENTARES
B27: PRÓPRIO | D27: SEINFRA-0107 | G27: MURO DIVISÓRIO EM BLOCO DE CONCRETO COM ACABAMENTO APARENTE, ESP. 15 CM, ALTURA DE 220 CM, COM ESTACA BROCA, PROF.: 250 CM, FORMA EM CONTRA BARRANCO, INCLUSIVE ESCAVAÇÃO COM TRANSPORTE E RETIRADA DO MATERIAL ESCAVADO (EM CAÇAMBA) | N27: M2 | O27: =M16 -> 126.94
B28: GOINFRA | D28: 100155 | G28: ALVENARIA DE TIJOLO FURADO 1/2 VEZ 11,5 X 19 X 19 - ARG. ( 1 CALH | N28: M2 | O28: =+M24 -> 6.3

Sheet RESER-ESQUADRIAS
B1: MEMORIAL DE CÁLCULO
B4: OBJETO: | C4: ='DADOS DA OBRA'!$B$13 -> DEMOLIÇÃO DO RESERVATÓRIO EXISTENTE, EXECUÇÃO DE RESERVATÓRIO METÁLICO ELEVADO E REESTRUTURAÇÃO (COM AMPLIAÇÃO) DA REDE DE DISTRIBUIÇÃO DE ÁGUA TRATADA EXISTENTE NO MUNICÍPIO DE MATRINCHÃ | W4: DATA: | X4: =+'DADOS DA OBRA'!$N$22 -> 04/11/2024
B5: LOCAL: | C5: =+""&'DADOS DA OBRA'!$B$16&", "&'DADOS DA OBRA'!$B$19&", "&'DADOS DA OBRA'!$J$19&", "&'DADOS DA OBRA'!$P$19 -> RUAS DIVERSAS, DIVERSOS, MATRINCHÃ, GO | W5: REVISÃO: | X5: ='DADOS DA OBRA'!$N$25 -> 00
B7: SERVIÇOS: | C7: ESQUADRIAS | W7: LOCAL: | X7: RESERVATÓRIO
B9: Descrição | P9: Dimensões | R9: Quantidade | S9: Área | T9: Vidros | W9: Pintura | X9: Requadração | Y9: Vergas
P10: A | Q10: B | T10: Tipo | U10: Espessura | V10: Área
B11: FERRO
B12: GOINFRA | C12: 180280 | D12: PORTÃO DE ABRIR 02 FOLHAS DE TELA/TUBO FoGo 1.1/2" PT1/PT2 C/ FERRAGENS | P12: 4 | Q12: 1.85 | R12: 1 | S12: =+P12*Q12*R12 -> 7.4 | W12: =+S12*3 -> 22.2 | X12: 0 | Y12: 0
B13: GOINFRA | C13: 180281 | D13: PORTÃO DE ABRIR 01 FOLHA TELA/TUBO FoGo 1.1/2" PT3 C/ FERRAGENS | P13: 1.2 | Q13: 1.85 | R13: 1 | S13: =+P13*Q13*R13 -> 2.22 | W13: =+S13*3 -> 6.66 | X13: 0 | Y13: 0
B14: GOINFRA | C14: 180505 | D14: PORTA DE ABRIR DE 02 FOLHAS EM VENEZIANA PF-5 C/FERRAGENS | P14: 1 | Q14: 1.8 | R14: 1 | S14: =+P14*Q14*R14 -> 1.8 | W14: =+S14*3 -> 5.4 | X14: 0 | Y14: 0
W16: =SUM(W11:W15) -> 34.26 | X16: =SUM(X11:X15) -> 0 | Y16: =SUM(Y11:Y15) -> 0
B18: RESUMO DE SERVIÇOS COMPLEMENTARES
B19: GOINFRA | C19: 261602 | D19: PINTURA TINTA ESMALTE PARA ESQUADRIAS DE FERRO C FUNDO ANTICORROSIVO | X19: M2 | Y19: =+W16 -> 34.26

Sheet RESERV-IMPERMEABILIZAÇÃO
B1: MEMORIAL DE CÁLCULO
B4: OBJETO: | C4: ='DADOS DA OBRA'!$B$13 -> DEMOLIÇÃO DO RESERVATÓRIO EXISTENTE, EXECUÇÃO DE RESERVATÓRIO METÁLICO ELEVADO E REESTRUTURAÇÃO (COM AMPLIAÇÃO) DA REDE DE DISTRIBUIÇÃO DE ÁGUA TRATADA EXISTENTE NO MUNICÍPIO DE MATRINCHÃ | V4: DATA: | W4: =+'DADOS DA OBRA'!$N$22 -> 04/11/2024
B5: LOCAL: | C5: =+""&'DADOS DA OBRA'!$B$16&", "&'DADOS DA OBRA'!$B$19&", "&'DADOS DA OBRA'!$J$19&", "&'DADOS DA OBRA'!$P$19 -> RUAS DIVERSAS, DIVERSOS, MATRINCHÃ, GO | V5: REVISÃO: | W5: ='DADOS DA OBRA'!$N$25 -> 00
B7: SERVIÇOS: | C7: IMPERMEABILIZAÇÃO | V7: LOCAL: | W7: RESERVATÓRIO
N9: Laje Cubículo | W9: SOMA
B10: Comprimento | N10: 1.8 | X10: m
B11: Largura | N11: 1.05 | X11: m
B12: Área Bruta | N12: =+N10*N11 -> 1.89 | X12: m²
B13: Acréscimos | X13: m²
B14: Descontos | X14: m²
B15: Área Líquida | N15: =+N12+N13-N14 -> 1.89 | O15: =+O12+O13-O14 -> 0 | X15: m²
B16: PREPARO E PROTEÇÕES
B17: GOINFRA | C17: 120101 | D17: REGULARIZAÇÃO (1:3) E=2 CM | N17: =+N15 -> 1.89 | W17: =SUM(N17:V17) -> 1.89 | X17: M2
B18: GOINFRA | C18: 120207 | D18: PROTECAO MECANICA (1:3) E=2 CM | N18: =+N20 -> 1.89 | W18: =SUM(N18:V18) -> 1.89 | X18: M2
B19: IMPERMEABILIZANTES
B20: GOINFRA | C20: 120107 | D20: MANTA ASFÁLTICA TIPO III - B ( 3 MM) | N20: =+N17 -> 1.89 | W20: =SUM(N20:V20) -> 1.89 | X20: M2

Sheet RESERV-REVESTIMENTOS
B1: MEMORIAL DE CÁLCULO
B4: OBJETO: | C4: ='DADOS DA OBRA'!$B$13 -> DEMOLIÇÃO DO RESERVATÓRIO EXISTENTE, EXECUÇÃO DE RESERVATÓRIO METÁLICO ELEVADO E REESTRUTURAÇÃO (COM AMPLIAÇÃO) DA REDE DE DISTRIBUIÇÃO DE ÁGUA TRATADA EXISTENTE NO MUNICÍPIO DE MATRINCHÃ | V4: DATA: | W4: =+'DADOS DA OBRA'!$N$22 -> 04/11/2024
B5: LOCAL: | C5: =+""&'DADOS DA OBRA'!$B$16&", "&'DADOS DA OBRA'!$B$19&", "&'DADOS DA OBRA'!$J$19&", "&'DADOS DA OBRA'!$P$19 -> RUAS DIVERSAS, DIVERSOS, MATRINCHÃ, GO | V5: REVISÃO: | W5: ='DADOS DA OBRA'!$N$25 -> 00
B7: SERVIÇOS: | C7: REVESTIMENTOS | V7: LOCAL: | W7: RESERVATÓRIO
N9: Cubículo Interno | O9: Cubículo Externo | W9: SOMA
B10: Comprimento | N10: 4.1 | O10: 5 | X10: m
B11: Altura | N11: 1.8 | O11: 2.2 | X11: m
B12: Área Bruta | N12: =+N10*N11 -> 7.38 | O12: =+O10*O11 -> 11 | X12: m²
B13: Acréscimos | N13: 2.1 | X13: m²
B14: Descontos | N14: =1*1.8 -> 1.8 | O14: =1*1.8 -> 1.8 | X14: m²
B15: Área Líquida | N15: =+N12+N13-N14 -> 7.68 | O15: =+O12+O13-O14 -> 9.2 | X15: m²
B16: ='RESUMO LEVTO'!G129 -> REVESTIMENTOS ARGAMASSADOS
B17: GOINFRA | C17: 200101 | D17: CHAPISCO COMUM | N17: =+N15 -> 7.68 | O17: =+O15 -> 9.2 | W17: =SUM(N17:V17) -> 16.88 | X17: M2
B18: GOINFRA | C18: 200201 | D18: EMBOÇO (1CI:4 ARML) | O18: =+O17 -> 9.2 | W18: =SUM(N18:V18) -> 9.2 | X18: M2
B19: GOINFRA | C19: 200500 | D19: REBOCO PAULISTA A-7 (1 CALH,4 ARMLC) | N19: =+N17 -> 7.68 | W19: =SUM(N19:V19) -> 7.68 | X19: M2
B20: ='RESUMO LEVTO'!G133 -> REVESTIMENTOS CERÂMICOS / PORCELANATOS
B21: GOINFRA | C21: 201003 | D21: PASTILHA PORCELANA C/ARGAMASSA FLEXIVEL | O21: =+O18 -> 9.2 | W21: =SUM(N21:V21) -> 9.2 | X21: M2
B22: PINTURAS
B23: GOINFRA | C23: 261300 | D23: EMASSAMENTO COM MASSA PVA DUAS DEMAOS | N23: =+N19 -> 7.68 | W23: =SUM(N23:V23) -> 7.68 | X23: M2
B24: GOINFRA | C24: 261000 | D24: PINTURA LATEX ACRILICA 2 DEMAOS C/SELADOR | N24: =+N23 -> 7.68 | W24: =SUM(N24:V24) -> 7.68 | X24: M2

Sheet RESERV-PAVIMENTAÇÃO
B1: MEMORIAL DE CÁLCULO
B4: OBJETO: | C4: ='DADOS DA OBRA'!$B$13 -> DEMOLIÇÃO DO RESERVATÓRIO EXISTENTE, EXECUÇÃO DE RESERVATÓRIO METÁLICO ELEVADO E REESTRUTURAÇÃO (COM AMPLIAÇÃO) DA REDE DE DISTRIBUIÇÃO DE ÁGUA TRATADA EXISTENTE NO MUNICÍPIO DE MATRINCHÃ | V4: DATA: | W4: =+'DADOS DA OBRA'!$N$22 -> 04/11/2024
B5: LOCAL: | C5: =+""&'DADOS DA OBRA'!$B$16&", "&'DADOS DA OBRA'!$B$19&", "&'DADOS DA OBRA'!$J$19&", "&'DADOS DA OBRA'!$P$19 -> RUAS DIVERSAS, DIVERSOS, MATRINCHÃ, GO | V5: REVISÃO: | W5: ='DADOS DA OBRA'!$N$25 -> 00
B7: SERVIÇOS: | C7: PAVIMENTAÇÃO | V7: LOCAL: | W7: RESERVATÓRIO
N9: Passeio | O9: Veículos | W9: SOMA
B10: Comprimento | N10: 6.6 | O10: 17.11 | X10: m
B11: Largura | N11: 1.05 | O11: 4 | X11: m
B12: Área Bruta | N12: =+N10*N11 -> 6.93 | O12: =+O10*O11 -> 68.44 | X12: m²
B13: Acréscimos | N13: 30.21 | X13: m²
B14: Descontos | X14: m²
B15: Área Líquida | N15: =+N12+N13-N14 -> 37.14 | O15: =+O12+O13-O14 -> 68.44 | X15: m²
B16: CIMENTADOS / CONCRETOS
B17: GOINFRA | C17: 220100 | D17: PASSEIO PROTECAO EM CONC.DESEMPEN.5 CM 1:2,5:3,5 (INCLUSO ESPELHO DE 30CM/ESCAVAÇÃO/REATERRO/APILOAMENTO/ATERRO INTERNO) | N17: =+N15 -> 37.14 | W17: =SUM(N17:V17) -> 37.14 | X17: M2
B18: GOINFRA | C18: 220108 | D18: PISO CONCRETO SEMI POLIDO COM LASTRO (BASE) E=7,0 CM | O18: =+O15 -> 68.44 | W18: =SUM(N18:V18) -> 68.44 | X18: M2

Sheet RESER-ELE-ELETRODUTO E CABOS
B1: MEMORIAL DE CÁLCULO
B4: OBJETO: | E4: ='DADOS DA OBRA'!$B$13 -> DEMOLIÇÃO DO RESERVATÓRIO EXISTENTE, EXECUÇÃO DE RESERVATÓRIO METÁLICO ELEVADO E REESTRUTURAÇÃO (COM AMPLIAÇÃO) DA REDE DE DISTRIBUIÇÃO DE ÁGUA TRATADA EXISTENTE NO MUNICÍPIO DE MATRINCHÃ | N4: DATA: | O4: =+'DADOS DA OBRA'!$N$22 -> 04/11/2024
B5: LOCAL: | E5: =+""&'DADOS DA OBRA'!$B$16&", "&'DADOS DA OBRA'!$B$19&", "&'DADOS DA OBRA'!$J$19&", "&'DADOS DA OBRA'!$P$19 -> RUAS DIVERSAS, DIVERSOS, MATRINCHÃ, GO | N5: REVISÃO: | O5: ='DADOS DA OBRA'!$N$25 -> 00
B7: SERVIÇOS: | E7: INSTALAÇÕES ELÉTRICAS - ELETRODUTOS E CABOS | N7: LOCAL: | O7: RESERVATÓRIO
B9: Ambiente | F9: Pavimento | G9: Trecho | H9: Eletrodutos | M9: Cabos | O9: Acréscimo | P9: 0.1
H10: Descrição | I10: Seção | J10: Repetição | K10: Comp. | L10: Total | M10: Descrição | N10: Seção | O10: Quant. | P10: Total | T10: luvas
G11: 1 | H11: Galvanizado | I11: 1" | J11: 1 | K11: 5.8 | L11: =+J11*K11 -> 5.8 | M11: Cabo flexível 0,6/1 kV | N11: 2,5 mm² | O11: 3 | P11: =+O11*K11*J11*(1+$P$9) -> 19.14 | S11: =+(K11/3)*J11 -> 1.9333333 | T11: =+ROUNDDOWN(S11,0) -> 1
